Workbook

Sheet Início
I3: Caro Colega:
I4: A presente ferramenta de trabalho visa agilizar o trabalho do TTOC, enquanto as suas aplicações informáticas não se encontram preparadas para a obtenção de algumas das demonstrações financeiras.
I5: Disponibilizamos-lhe por isso uma aplicação que lhe permitirá obter o Balanço, a Demonstração dos Resultados e a Demonstração dos Fluxos de Caixa.
I6: Devemos conferir sempre o trabalho que fazemos, razão pela qual os resultados obtidos devem ser objecto de conferência.
I7: No entanto a máxima de que "QUEM NÃO SABE O QUE PROCURA DIFICILMENTE ENCONTRA", aplica-se perfeitamente à nossa actividade.
I8: Se não conhecermos os mecanismos técnicos de elaboração do Balanço, da Demonstração dos Resultados por Naturezas e da Demonstração dos Fluxos de Caixa, dificilmente corrigiremos os erros que a folha de cálculo vier a evidenciar.
I9: Por isso, TOC(a) a estudar e a trabalhar.
I10: Um abraço para todos e bom trabalho.
I12: Jorge Manuel Teixeira da Silva
I13: TOC 21069 / ROC 637
I14: jorgesilva.roc@mail.telepac.pt
I15: Tel. 234 622 250
... I21: 3754-909 Águeda
H24: Jorge Silva & António Neto, SROC, Lda.

Sheet Instrucoes
I3: Instruções de utilização da folha de cálculo
I4: Com a presente folha de cálculo, pretende-se auxiliar o TOC na elaboração das peças funtamentais da prestação de contas das empresas, nomeadamente o Balanço, a Demonstração dos Resultados e a Demonstração dos Fluxos de Caixa.
I6: Para o efeito deverá seguir os seguintes passos: (só é possível preencher campos com fundo amarelo)
H8: 1 - | I8: Identificar a entidade ( designação, contribuinte, etc.).
H9: 2 - | I9: Introduzir os saldos dos balancetes do ano N e N-1 (antes dos apuramentos dos resultados, do Custo das Mercadorias Vendidas e das Matérias Consumidas e da variação da produção), e verificar se os mesmos se encontram balanceados.
H10: 3 - | I10: No fim do balancete, introduzir o valor dos inventários à data de balanço ( a folha de cálculo pressupõe que estamos em sistema de inventário intermitente).
H11: 4 - | I11: Introduzir informação adicional para elaboração da demonstração de Fluxos de Caixa.
H12: 5 - | I12: Verificar se existem erros (ver mapa de controle de erros).
H13: 6 - | I13: Caso existam erros, fazer os respectivos ajustamentos na coluna (ajustes) dos menus "Demonstração dos Fluxos Operacionais", "Demonstração dos Fluxos de Investimento" e "Demonstração dos Fluxos de Financiamento".
H14: 7 - | I14: Caso não existam erros, pode agora imprimir: o Balanço, a Demonstração dos Resultados e a Demonstração dos Fluxos de Caixa.
I17: Possíveis anomalias:
I18: No Balanço
I19: Os balancetes não estão saldados
I20: Existem saldos anómalos ( Ex. Saldo credor de Caixa, saldo devedor em financiamentos obtidos, etc.)
I22: Demonstração dos fluxos de Caixa
I23: Alienação ou abate de activos fixos tangíveis, ou outros activos não correntes não considerados.
I24: Pagamento de dividendos
I26: Jorge Manuel Teixeira da Silva
I27: TOC 21069 / ROC 637
I28: jorgesilva.roc@mail.telepac.pt
I29: Tel. 234 622 250
I30: Fax 234 624 267
... I35: 3754-909 Águeda
H38: =+Início!H24 -> Jorge Silva & António Neto, SROC, Lda.

Sheet Índice
C3: Empresa | D3: Empresa ABC, Lda.
C5: Ano | D5: 2014 | E5: Mês | F5: Dezembro
C7: NIF / NIPC | D7: 999999999 | H7: Órgão de Gestão | I7: A Gerência
C11: Balancete do ano | G11: Instruções de preenchimento
C13: Balancete do ano anterior | G13: Balanço
C15: Mapa de introdução para fluxos de caixa | G15: Demonstração dos resultados por naturezas
C17: Demonstração dos fluxos operacionais | G17: Demonstração dos fluxos de caixa
C19: Demonstração dos fluxos de investimento | G19: Mapa de controlo de erros
C21: Demonstração dos fluxos de financiamento
H22: Jorge Manuel Teixeira da Silva
H23: TOC 21069 / ROC 637
H24: jorgesilva.roc@mail.telepac.pt
L29: Versão 08

Sheet Balancete Ano
A1: Empresa | C1: =Índice!D3 -> Empresa ABC, Lda.
A2: Ano | C2: =Índice!D5 -> 2014
A3: Mês | C3: =Índice!F5 -> Dezembro
A4: Conta | C4: Descrição | D4: Débito | E4: Crédito | F4: Saldo
A5: 11 | B5: M | C5: Caixa | F5: =D5-E5 -> 0
A6: 12 | B6: M | C6: Depósitos à ordem | F6: =D6-E6 -> 0
A7: 13 | B7: M | C7: Outros depósitos bancários | F7: =D7-E7 -> 0
A8: 14 | C8: Outros Instrumentos financeiros | D8: =D9+D12+D15 -> 0 | E8: =E9+E12+E15 -> 0 | F8: =D8-E8 -> 0
A9: 141 | C9: Derivados | D9: =SUM(D10:D11) -> 0 | E9: =SUM(E10:E11) -> 0 | F9: =D9-E9 -> 0
A10: 1411 | B10: M | C10: Potencialmente favoráveis | F10: =D10-E10 -> 0
A11: 1412 | B11: M | C11: Potencialmente desfavoráveis | F11: =D11-E11 -> 0
A12: 142 | C12: Instrumentos financeiros detidos para negociação | D12: =SUM(D13:D14) -> 0 | E12: =SUM(E13:E14) -> 0 | F12: =D12-E12 -> 0
A13: 1421 | B13: M | C13: Activos financeiros | F13: =D13-E13 -> 0
A14: 1422 | B14: M | C14: Passivos financeiros | F14: =D14-E14 -> 0
A15: 143 | C15: Outros activos e passivos financeiros (justo valor através dos resultados) | D15: =SUM(D16:D17) -> 0 | E15: =SUM(E16:E17) -> 0 | F15: =D15-E15 -> 0
A16: 1431 | B16: M | C16: Outros activos financeiros | F16: =D16-E16 -> 0
A17: 1432 | B17: M | C17: Outros passivos financeiros | F17: =D17-E17 -> 0
A18: 21 | C18: Clientes | D18: =D19+D26+D33+D34+D35+D36 -> 0 | E18: =E19+E26+E33+E34+E35+E36 -> 0 | F18: =D18-E18 -> 0
A19: 211 | C19: Clientes c/c | D19: =SUM(D20:D25) -> 0 | E19: =SUM(E20:E25) -> 0 | F19: =D19-E19 -> 0
A20: 2111 | B20: M | C20: Clientes gerais | F20: =D20-E20 -> 0
A21: 2112 | B21: M | C21: Clientes – empresa-mãe | F21: =D21-E21 -> 0
A22: 2113 | B22: M | C22: Clientes - empresas subsidiárias | F22: =D22-E22 -> 0
A23: 2114 | B23: M | C23: Clientes - empresas associadas | F23: =D23-E23 -> 0
A24: 2115 | B24: M | C24: Clientes - empreendimentos conjuntos | F24: =D24-E24 -> 0
A25: 2116 | B25: M | C25: Clientes - outras partes relacionadas | F25: =D25-E25 -> 0
A26: 212 | C26: Clientes - títulos a receber | D26: =SUM(D27:D32) -> 0 | E26: =SUM(E27:E32) -> 0 | F26: =D26-E26 -> 0
A27: 2121 | B27: M | C27: Clientes gerais | F27: =D27-E27 -> 0
A28: 2122 | B28: M | C28: Clientes – empresa-mãe | F28: =D28-E28 -> 0
A29: 2123 | B29: M | C29: Clientes - empresas subsidiárias | F29: =D29-E29 -> 0
A30: 2124 | B30: M | C30: Clientes - empresas associadas | F30: =D30-E30 -> 0
A31: 2125 | B31: M | C31: Clientes - empreendimentos conjuntos | F31: =D31-E31 -> 0
A32: 2126 | B32: M | C32: Clientes - outras partes relacionadas | F32: =D32-E32 -> 0
A33: 215 | B33: M | C33: Clientes - não correntes | F33: =D33-E33 -> 0
A34: 217 | B34: M | C34: Clientes de cobrança duvidosa | F34: =D34-E34 -> 0
A35: 218 | B35: M | C35: Adiantamentos de clientes | F35: =D35-E35 -> 0
A36: 219 | C36: Perdas por imparidade acumuladas | D36: =SUM(D37:D38) -> 0 | E36: =SUM(E37:E38) -> 0 | F36: =D36-E36 -> 0
A37: 2191 | B37: M | C37: Perdas por imparidade acumuladas – correntes | F37: =D37-E37 -> 0
A38: 2192 | B38: M | C38: Perdas por imparidade acumuladas – não correntes | F38: =D38-E38 -> 0
A39: 22 | C39: Fornecedores | D39: =D40+D47+D54+D55+D56 -> 0 | E39: =E40+E47+E54+E55+E56 -> 0 | F39: =D39-E39 -> 0
A40: 221 | C40: Fornecedores c/c | D40: =SUM(D41:D46) -> 0 | E40: =SUM(E41:E46) -> 0 | F40: =D40-E40 -> 0
A41: 2211 | B41: M | C41: Fornecedores gerais | F41: =D41-E41 -> 0
A42: 2212 | B42: M | C42: Fornecedores – empresa-mãe | F42: =D42-E42 -> 0
A43: 2213 | B43: M | C43: Fornecedores - empresas subsidiárias | F43: =D43-E43 -> 0
A44: 2214 | B44: M | C44: Fornecedores - empresas associadas | F44: =D44-E44 -> 0
A45: 2215 | B45: M | C45: Fornecedores - empreendimentos conjuntos | F45: =D45-E45 -> 0
A46: 2216 | B46: M | C46: Fornecedores - outras partes relacionadas | F46: =D46-E46 -> 0
A47: 222 | C47: Fornecedores - títulos a pagar | D47: =SUM(D48:D53) -> 0 | E47: =SUM(E48:E53) -> 0 | F47: =D47-E47 -> 0
A48: 2221 | B48: M | C48: Fornecedores gerais | F48: =D48-E48 -> 0
A49: 2222 | B49: M | C49: Fornecedores – empresa-mãe | F49: =D49-E49 -> 0
A50: 2223 | B50: M | C50: Fornecedores - empresas subsidiárias | F50: =D50-E50 -> 0
A51: 2224 | B51: M | C51: Fornecedores - empresas associadas | F51: =D51-E51 -> 0
A52: 2225 | B52: M | C52: Fornecedores - empreendimentos conjuntos | F52: =D52-E52 -> 0
A53: 2226 | B53: M | C53: Fornecedores - outras partes relacionadas | F53: =D53-E53 -> 0
A54: 225 | B54: M | C54: Facturas em recepção e conferência | F54: =D54-E54 -> 0
A55: 228 | B55: M | C55: Adiantamentos a fornecedores | F55: =D55-E55 -> 0
A56: 229 | B56: M | C56: Perdas por imparidade acumuladas | F56: =D56-E56 -> 0
A57: 23 | C57: Pessoal | D57: =D58+D61+D64+D67+D70 -> 0 | E57: =E58+E61+E64+E67+E70 -> 0 | F57: =D57-E57 -> 0
A58: 231 | C58: Remunerações a pagar | D58: =SUM(D59:D60) -> 0 | E58: =SUM(E59:E60) -> 0 | F58: =D58-E58 -> 0
A59: 2311 | B59: M | C59: Aos órgãos sociais | F59: =D59-E59 -> 0
A60: 2312 | B60: M | C60: Ao pessoal | F60: =D60-E60 -> 0
A61: 232 | C61: Adiantamentos | D61: =SUM(D62:D63) -> 0 | E61: =SUM(E62:E63) -> 0 | F61: =D61-E61 -> 0
A62: 2321 | B62: M | C62: Aos órgãos sociais | F62: =D62-E62 -> 0
A63: 2322 | B63: M | C63: Ao pessoal | F63: =D63-E63 -> 0
A64: 237 | C64: Cauções | D64: =SUM(D65:D66) -> 0 | E64: =SUM(E65:E66) -> 0 | F64: =D64-E64 -> 0
A65: 2371 | B65: M | C65: Dos órgãos sociais | F65: =D65-E65 -> 0
A66: 2372 | B66: M | C66: Do pessoal | F66: =D66-E66 -> 0
A67: 238 | C67: Outras operações | D67: =SUM(D68:D69) -> 0 | E67: =SUM(E68:E69) -> 0 | F67: =D67-E67 -> 0
A68: 2381 | B68: M | C68: Com os órgãos sociais | F68: =D68-E68 -> 0
A69: 2382 | B69: M | C69: Com o pessoal | F69: =D69-E69 -> 0
A70: 239 | B70: M | C70: Perdas por imparidade acumuladas | F70: =D70-E70 -> 0
A71: 24 | C71: Estado e outros entes públicos | D71: =SUM(D72:D74)+SUM(D79:D83) -> 0 | E71: =SUM(E72:E74)+SUM(E79:E83) -> 0 | F71: =D71-E71 -> 0
A72: 241 | B72: M | C72: Imposto sobre o rendimento | F72: =D72-E72 -> 0
A73: 242 | B73: M | C73: Retenção de impostos sobre rendimentos | F73: =D73-E73 -> 0
A74: 243 | C74: Imposto sobre o valor acrescentado (IVA) | D74: =SUM(D75:D78) -> 0 | E74: =SUM(E75:E78) -> 0 | F74: =D74-E74 -> 0
A75: 2436 | B75: M | C75: IVA - A pagar | F75: =D75-E75 -> 0
A76: 2437 | B76: M | C76: IVA - A recuperar | F76: =D76-E76 -> 0
A77: 2438 | B77: M | C77: IVA - Reembolsos pedidos | F77: =D77-E77 -> 0
A78: 2439 | B78: M | C78: IVA - Liquidações oficiosas | F78: =D78-E78 -> 0
A79: 244 | B79: M | C79: Outros impostos | F79: =D79-E79 -> 0
A80: 245 | B80: M | C80: Contribuições para a Segurança Social | F80: =D80-E80 -> 0
A81: 246 | B81: M | C81: Tributos das autarquias locais | F81: =D81-E81 -> 0
A82: 248 | B82: M | C82: Outras tributações | F82: =D82-E82 -> 0
A83: 249 | B83: M | C83: Estado e outros entes públicos (acordos) - não correntes | F83: =D83-E83 -> 0
A84: 25 | C84: Financiamentos obtidos | D84: =D85+D93+D97+D104+D107 -> 0 | E84: =E85+E93+E97+E104+E107 -> 0 | F84: =D84-E84 -> 0
A85: 251 | C85: Instituições de crédito e sociedades financeiras | D85: =D86+D89+D90 -> 0 | E85: =E86+E89+E90 -> 0 | F85: =D85-E85 -> 0
A86: 2511 | C86: Empréstimos bancários | D86: =SUM(D87:D88) -> 0 | E86: =SUM(E87:E88) -> 0 | F86: =D86-E86 -> 0
A87: 25111 | B87: M | C87: Empréstimos bancários - correntes | F87: =D87-E87 -> 0
A88: 25112 | B88: M | C88: Empréstimos bancários - não correntes | F88: =D88-E88 -> 0
A89: 2512 | B89: M | C89: Descobertos bancários | F89: =D89-E89 -> 0
A90: 2513 | C90: Locações financeiras | D90: =SUM(D91:D92) -> 0 | E90: =SUM(E91:E92) -> 0 | F90: =D90-E90 -> 0
A91: 25131 | B91: M | C91: Locações financeiras - correntes | F91: =D91-E91 -> 0
A92: 25132 | B92: M | C92: Locações financeiras - não correntes | F92: =D92-E92 -> 0
A93: 252 | C93: Mercado de valores mobiliários | D93: =D94 -> 0 | E93: =E94 -> 0 | F93: =D93-E93 -> 0
A94: 2521 | C94: Empréstimos por obrigações | D94: =SUM(D95:D96) -> 0 | E94: =SUM(E95:E96) -> 0 | F94: =D94-E94 -> 0
A95: 25211 | B95: M | C95: Empréstimos por obrigações - correntes | F95: =D95-E95 -> 0
A96: 25212 | B96: M | C96: Empréstimos por obrigações - não correntes | F96: =D96-E96 -> 0
A97: 253 | C97: Participantes de capital | D97: =D98+D101 -> 0 | E97: =E98+E101 -> 0 | F97: =D97-E97 -> 0
A98: 2531 | C98: Empresa-mãe - Suprimentos e outros mútuos | D98: =SUM(D99:D100) -> 0 | E98: =SUM(E99:E100) -> 0 | F98: =D98-E98 -> 0
A99: 25311 | B99: M | C99: Empresa-mãe - Suprimentos e outros mútuos - correntes | F99: =D99-E99 -> 0
A100: 25312 | B100: M | C100: Empresa-mãe - Suprimentos e outros mútuos - não correntes | F100: =D100-E100 -> 0
...

Sheet Balancete ano anterior
A1: Empresa | C1: =Índice!D3 -> Empresa ABC, Lda.
A2: Ano | C2: =Índice!D5-1 -> 2013
A3: Mês | C3: =Índice!F5 -> Dezembro
A4: Conta | C4: Descrição | D4: Débito | E4: Crédito | F4: Saldo
A5: 11 | B5: M | C5: Caixa | F5: =D5-E5 -> 0
A6: 12 | B6: M | C6: Depósitos à ordem | F6: =D6-E6 -> 0
A7: 13 | B7: M | C7: Outros depósitos bancários | F7: =D7-E7 -> 0
A8: 14 | C8: Outros Instrumentos financeiros | D8: =D9+D12+D15 -> 0 | E8: =E9+E12+E15 -> 0 | F8: =D8-E8 -> 0
A9: 141 | C9: Derivados | D9: =SUM(D10:D11) -> 0 | E9: =SUM(E10:E11) -> 0 | F9: =D9-E9 -> 0
A10: 1411 | B10: M | C10: Potencialmente favoráveis | F10: =D10-E10 -> 0
A11: 1412 | B11: M | C11: Potencialmente desfavoráveis | F11: =D11-E11 -> 0
A12: 142 | C12: Instrumentos financeiros detidos para negociação | D12: =SUM(D13:D14) -> 0 | E12: =SUM(E13:E14) -> 0 | F12: =D12-E12 -> 0
A13: 1421 | B13: M | C13: Activos financeiros | F13: =D13-E13 -> 0
A14: 1422 | B14: M | C14: Passivos financeiros | F14: =D14-E14 -> 0
A15: 143 | C15: Outros activos e passivos financeiros (justo valor através dos resultados) | D15: =SUM(D16:D17) -> 0 | E15: =SUM(E16:E17) -> 0 | F15: =D15-E15 -> 0
A16: 1431 | B16: M | C16: Outros activos financeiros | F16: =D16-E16 -> 0
A17: 1432 | B17: M | C17: Outros passivos financeiros | F17: =D17-E17 -> 0
A18: 21 | C18: Clientes | D18: =D19+D26+D33+D34+D35+D36 -> 0 | E18: =E19+E26+E33+E34+E35+E36 -> 0 | F18: =D18-E18 -> 0
A19: 211 | C19: Clientes c/c | D19: =SUM(D20:D25) -> 0 | E19: =SUM(E20:E25) -> 0 | F19: =D19-E19 -> 0
A20: 2111 | B20: M | C20: Clientes gerais | F20: =D20-E20 -> 0
A21: 2112 | B21: M | C21: Clientes – empresa-mãe | F21: =D21-E21 -> 0
A22: 2113 | B22: M | C22: Clientes - empresas subsidiárias | F22: =D22-E22 -> 0
A23: 2114 | B23: M | C23: Clientes - empresas associadas | F23: =D23-E23 -> 0
A24: 2115 | B24: M | C24: Clientes - empreendimentos conjuntos | F24: =D24-E24 -> 0
A25: 2116 | B25: M | C25: Clientes - outras partes relacionadas | F25: =D25-E25 -> 0
A26: 212 | C26: Clientes - títulos a receber | D26: =SUM(D27:D32) -> 0 | E26: =SUM(E27:E32) -> 0 | F26: =D26-E26 -> 0
A27: 2121 | B27: M | C27: Clientes gerais | F27: =D27-E27 -> 0
A28: 2122 | B28: M | C28: Clientes – empresa-mãe | F28: =D28-E28 -> 0
A29: 2123 | B29: M | C29: Clientes - empresas subsidiárias | F29: =D29-E29 -> 0
A30: 2124 | B30: M | C30: Clientes - empresas associadas | F30: =D30-E30 -> 0
A31: 2125 | B31: M | C31: Clientes - empreendimentos conjuntos | F31: =D31-E31 -> 0
A32: 2126 | B32: M | C32: Clientes - outras partes relacionadas | F32: =D32-E32 -> 0
A33: 215 | B33: M | C33: Clientes - não correntes | F33: =D33-E33 -> 0
A34: 217 | B34: M | C34: Clientes de cobrança duvidosa | F34: =D34-E34 -> 0
A35: 218 | B35: M | C35: Adiantamentos de clientes | F35: =D35-E35 -> 0
A36: 219 | C36: Perdas por imparidade acumuladas | D36: =SUM(D37:D38) -> 0 | E36: =SUM(E37:E38) -> 0 | F36: =D36-E36 -> 0
A37: 2191 | B37: M | C37: Perdas por imparidade acumuladas – correntes | F37: =D37-E37 -> 0
A38: 2192 | B38: M | C38: Perdas por imparidade acumuladas – não correntes | F38: =D38-E38 -> 0
A39: 22 | C39: Fornecedores | D39: =D40+D47+D54+D55+D56 -> 0 | E39: =E40+E47+E54+E55+E56 -> 0 | F39: =D39-E39 -> 0
A40: 221 | C40: Fornecedores c/c | D40: =SUM(D41:D46) -> 0 | E40: =SUM(E41:E46) -> 0 | F40: =D40-E40 -> 0
A41: 2211 | B41: M | C41: Fornecedores gerais | F41: =D41-E41 -> 0
A42: 2212 | B42: M | C42: Fornecedores – empresa-mãe | F42: =D42-E42 -> 0
A43: 2213 | B43: M | C43: Fornecedores - empresas subsidiárias | F43: =D43-E43 -> 0
A44: 2214 | B44: M | C44: Fornecedores - empresas associadas | F44: =D44-E44 -> 0
A45: 2215 | B45: M | C45: Fornecedores - empreendimentos conjuntos | F45: =D45-E45 -> 0
A46: 2216 | B46: M | C46: Fornecedores - outras partes relacionadas | F46: =D46-E46 -> 0
A47: 222 | C47: Fornecedores - títulos a pagar | D47: =SUM(D48:D53) -> 0 | E47: =SUM(E48:E53) -> 0 | F47: =D47-E47 -> 0
A48: 2221 | B48: M | C48: Fornecedores gerais | F48: =D48-E48 -> 0
A49: 2222 | B49: M | C49: Fornecedores – empresa-mãe | F49: =D49-E49 -> 0
A50: 2223 | B50: M | C50: Fornecedores - empresas subsidiárias | F50: =D50-E50 -> 0
A51: 2224 | B51: M | C51: Fornecedores - empresas associadas | F51: =D51-E51 -> 0
A52: 2225 | B52: M | C52: Fornecedores - empreendimentos conjuntos | F52: =D52-E52 -> 0
A53: 2226 | B53: M | C53: Fornecedores - outras partes relacionadas | F53: =D53-E53 -> 0
A54: 225 | B54: M | C54: Facturas em recepção e conferência | F54: =D54-E54 -> 0
A55: 228 | B55: M | C55: Adiantamentos a fornecedores | F55: =D55-E55 -> 0
A56: 229 | B56: M | C56: Perdas por imparidade acumuladas | F56: =D56-E56 -> 0
A57: 23 | C57: Pessoal | D57: =D58+D61+D64+D67+D70 -> 0 | E57: =E58+E61+E64+E67+E70 -> 0 | F57: =D57-E57 -> 0
A58: 231 | C58: Remunerações a pagar | D58: =SUM(D59:D60) -> 0 | E58: =SUM(E59:E60) -> 0 | F58: =D58-E58 -> 0
A59: 2311 | B59: M | C59: Aos órgãos sociais | F59: =D59-E59 -> 0
A60: 2312 | B60: M | C60: Ao pessoal | F60: =D60-E60 -> 0
A61: 232 | C61: Adiantamentos | D61: =SUM(D62:D63) -> 0 | E61: =SUM(E62:E63) -> 0 | F61: =D61-E61 -> 0
A62: 2321 | B62: M | C62: Aos órgãos sociais | F62: =D62-E62 -> 0
A63: 2322 | B63: M | C63: Ao pessoal | F63: =D63-E63 -> 0
A64: 237 | C64: Cauções | D64: =SUM(D65:D66) -> 0 | E64: =SUM(E65:E66) -> 0 | F64: =D64-E64 -> 0
A65: 2371 | B65: M | C65: Dos órgãos sociais | F65: =D65-E65 -> 0
A66: 2372 | B66: M | C66: Do pessoal | F66: =D66-E66 -> 0
A67: 238 | C67: Outras operações | D67: =SUM(D68:D69) -> 0 | E67: =SUM(E68:E69) -> 0 | F67: =D67-E67 -> 0
A68: 2381 | B68: M | C68: Com os órgãos sociais | F68: =D68-E68 -> 0
A69: 2382 | B69: M | C69: Com o pessoal | F69: =D69-E69 -> 0
A70: 239 | B70: M | C70: Perdas por imparidade acumuladas | F70: =D70-E70 -> 0
A71: 24 | C71: Estado e outros entes públicos | D71: =SUM(D72:D74)+SUM(D79:D83) -> 0 | E71: =SUM(E72:E74)+SUM(E79:E83) -> 0 | F71: =D71-E71 -> 0
A72: 241 | B72: M | C72: Imposto sobre o rendimento | F72: =D72-E72 -> 0
A73: 242 | B73: M | C73: Retenção de impostos sobre rendimentos | F73: =D73-E73 -> 0
A74: 243 | C74: Imposto sobre o valor acrescentado (IVA) | D74: =SUM(D75:D78) -> 0 | E74: =SUM(E75:E78) -> 0 | F74: =D74-E74 -> 0
A75: 2436 | B75: M | C75: IVA - A pagar | F75: =D75-E75 -> 0
A76: 2437 | B76: M | C76: IVA - A recuperar | F76: =D76-E76 -> 0
A77: 2438 | B77: M | C77: IVA - Reembolsos pedidos | F77: =D77-E77 -> 0
A78: 2439 | B78: M | C78: IVA - Liquidações oficiosas | F78: =D78-E78 -> 0
A79: 244 | B79: M | C79: Outros impostos | F79: =D79-E79 -> 0
A80: 245 | B80: M | C80: Contribuições para a Segurança Social | F80: =D80-E80 -> 0
A81: 246 | B81: M | C81: Tributos das autarquias locais | F81: =D81-E81 -> 0
A82: 248 | B82: M | C82: Outras tributações | F82: =D82-E82 -> 0
A83: 249 | B83: M | C83: Estado e outros entes públicos (acordos) - não correntes | F83: =D83-E83 -> 0
A84: 25 | C84: Financiamentos obtidos | D84: =D85+D93+D97+D104+D107 -> 0 | E84: =E85+E93+E97+E104+E107 -> 0 | F84: =D84-E84 -> 0
A85: 251 | C85: Instituições de crédito e sociedades financeiras | D85: =D86+D89+D90 -> 0 | E85: =E86+E89+E90 -> 0 | F85: =D85-E85 -> 0
A86: 2511 | C86: Empréstimos bancários | D86: =SUM(D87:D88) -> 0 | E86: =SUM(E87:E88) -> 0 | F86: =D86-E86 -> 0
A87: 25111 | B87: M | C87: Empréstimos bancários - correntes | F87: =D87-E87 -> 0
A88: 25112 | B88: M | C88: Empréstimos bancários - não correntes | F88: =D88-E88 -> 0
A89: 2512 | B89: M | C89: Descobertos bancários | F89: =D89-E89 -> 0
A90: 2513 | C90: Locações financeiras | D90: =SUM(D91:D92) -> 0 | E90: =SUM(E91:E92) -> 0 | F90: =D90-E90 -> 0
A91: 25131 | B91: M | C91: Locações financeiras - correntes | F91: =D91-E91 -> 0
A92: 25132 | B92: M | C92: Locações financeiras - não correntes | F92: =D92-E92 -> 0
A93: 252 | C93: Mercado de valores mobiliários | D93: =D94 -> 0 | E93: =E94 -> 0 | F93: =D93-E93 -> 0
A94: 2521 | C94: Empréstimos por obrigações | D94: =SUM(D95:D96) -> 0 | E94: =SUM(E95:E96) -> 0 | F94: =D94-E94 -> 0
A95: 25211 | B95: M | C95: Empréstimos por obrigações - correntes | F95: =D95-E95 -> 0
A96: 25212 | B96: M | C96: Empréstimos por obrigações - não correntes | F96: =D96-E96 -> 0
A97: 253 | C97: Participantes de capital | D97: =D98+D101 -> 0 | E97: =E98+E101 -> 0 | F97: =D97-E97 -> 0
A98: 2531 | C98: Empresa-mãe - Suprimentos e outros mútuos | D98: =SUM(D99:D100) -> 0 | E98: =SUM(E99:E100) -> 0 | F98: =D98-E98 -> 0
A99: 25311 | B99: M | C99: Empresa-mãe - Suprimentos e outros mútuos - correntes | F99: =D99-E99 -> 0
A100: 25312 | B100: M | C100: Empresa-mãe - Suprimentos e outros mútuos - não correntes | F100: =D100-E100 -> 0
...

Sheet Balanço
C1: ="Entidade: " &Índice!D3 -> Entidade: Empresa ABC, Lda.
C2: ="BALANÇO INDIVIDUAL em "&Índice!F5 &" de "&Índice!D5 -> BALANÇO INDIVIDUAL em Dezembro de 2014
C4: RUBRICAS | D4: NOTAS | E4: DATAS
E5: ='Balancete Ano'!C3 &" "&'Balancete Ano'!C2 -> Dezembro 2014 | F5: ='Balancete ano anterior'!C3 &" "&'Balancete ano anterior'!C2 -> Dezembro 2013
C6: ACTIVO
C7: Activo não corrente
C8: Activos fixos tangíveis | E8: ='Balancete Ano'!F265+'Balancete Ano'!F309+'Balancete Ano'!F313+'Balancete Ano'!F319 -> 0 | F8: ='Balancete ano anterior'!F265+'Balancete ano anterior'!F309+'Balancete ano anterior'!F313+'Balancete ano anterior'!F319 -> 0
C9: Propriedades de investimento | E9: ='Balancete Ano'!F253+'Balancete Ano'!F308+'Balancete Ano'!F315+'Balancete Ano'!F318 -> 0 | F9: ='Balancete ano anterior'!F253+'Balancete ano anterior'!F308+'Balancete ano anterior'!F315+'Balancete ano anterior'!F318 -> 0
C10: Goodwill | E10: ='Balancete Ano'!F290+'Balancete Ano'!F301 -> 0 | F10: ='Balancete ano anterior'!F290+'Balancete ano anterior'!F301 -> 0
C11: Activos intangíveis | E11: ='Balancete Ano'!F289-('Balancete Ano'!F290+'Balancete Ano'!F301)+'Balancete Ano'!F310+'Balancete Ano'!F314+'Balancete Ano'!F320 -> 0 | F11: ='Balancete ano anterior'!F289-('Balancete ano anterior'!F290+'Balancete ano anterior'!F301)+'Balancete ano anterior'!F310+'Balancete ano anterior'!F314+'Balancete ano anterior'!F320 -> 0
C12: Activos biológicos | E12: ='Balancete Ano'!D687+'Balancete Ano'!D690-'Balancete Ano'!E218-'Balancete Ano'!E219 -> 0 | F12: ='Balancete ano anterior'!D687+'Balancete ano anterior'!D690-'Balancete ano anterior'!E218-'Balancete ano anterior'!E219 -> 0
C13: Participações financeiras - método da equivalência patrimonial | E13: ='Balancete Ano'!F232+'Balancete Ano'!F236+'Balancete Ano'!F240+'Balancete Ano'!F250 -> 0 | F13: ='Balancete ano anterior'!F232+'Balancete ano anterior'!F236+'Balancete ano anterior'!F240+'Balancete ano anterior'!F250 -> 0
C14: Participações financeiras - outros métodos | E14: ='Balancete Ano'!F233+'Balancete Ano'!F237+'Balancete Ano'!F241+'Balancete Ano'!F244+'Balancete Ano'!F251 -> 0 | F14: ='Balancete ano anterior'!F233+'Balancete ano anterior'!F237+'Balancete ano anterior'!F241+'Balancete ano anterior'!F244+'Balancete ano anterior'!F251 -> 0
C15: Accionistas/sócios | E15: ='Balancete Ano'!D118+'Balancete Ano'!D121-'Balancete Ano'!E124 -> 0 | F15: ='Balancete ano anterior'!D118+'Balancete ano anterior'!D121-'Balancete ano anterior'!E124 -> 0
C16: Outras contas a receber | E16: ='Balancete Ano'!D33+'Balancete Ano'!D149-'Balancete Ano'!E38-'Balancete Ano'!E152 -> 0 | F16: ='Balancete ano anterior'!D33+'Balancete ano anterior'!D149-'Balancete ano anterior'!E38-'Balancete ano anterior'!E152 -> 0
C17: Outros activos financeiros | E17: ='Balancete Ano'!F234+'Balancete Ano'!F238+'Balancete Ano'!F242+'Balancete Ano'!F245+'Balancete Ano'!F246+'Balancete Ano'!F252+'Balancete Ano'!F307+'Balancete Ano'!F312+'Balancete Ano'!F317 -> 0 | F17: ='Balancete ano anterior'!F234+'Balancete ano anterior'!F238+'Balancete ano anterior'!F242+'Balancete ano anterior'!F245+'Balancete ano anterior'!F246+'Balancete ano anterior'!F252+'Balancete ano anterior'!F307+'Balancete ano anterior'!F312+'Balancete ano anterior'!F317 -> 0
C18: Activos por impostos diferidos | E18: ='Balancete Ano'!D143 -> 0 | F18: ='Balancete ano anterior'!D143 -> 0
E19: =SUM(E8:E18) -> 0 | F19: =SUM(F8:F18) -> 0
C20: Activo corrente
C21: Inventários | E21: ='Balancete Ano'!D666+'Balancete Ano'!D670+'Balancete Ano'!D676+'Balancete Ano'!D679+'Balancete Ano'!D682+'Balancete Ano'!F229-'Balancete Ano'!E202-'Balancete Ano'!E206-'Balancete Ano'!E191-'Balancete Ano'!E198 -> 0 | F21: ='Balancete ano anterior'!D666+'Balancete ano anterior'!D670+'Balancete ano anterior'!D676+'Balancete ano anterior'!D679+'Balancete ano anterior'!D682+'Balancete ano anterior'!F229-'Balancete ano anterior'!E202-'Balancete ano anterior'!E206-'Balancete ano anterior'!E191-'Balancete ano anterior'!E198 -> 0
C22: Activos biológicos | E22: ='Balancete Ano'!D684 -> 0 | F22: ='Balancete ano anterior'!D684 -> 0
C23: Clientes | E23: ='Balancete Ano'!D19+'Balancete Ano'!D26+'Balancete Ano'!D34-'Balancete Ano'!E37 -> 0 | F23: ='Balancete ano anterior'!D19+'Balancete ano anterior'!D26+'Balancete ano anterior'!D34-'Balancete ano anterior'!E37 -> 0
C24: Adiantamentos a fornecedores | E24: ='Balancete Ano'!D55-'Balancete Ano'!E56 -> 0 | F24: ='Balancete ano anterior'!D55-'Balancete ano anterior'!E56 -> 0
C25: Estado e outros entes públicos | E25: ='Balancete Ano'!D71 -> 0 | F25: ='Balancete ano anterior'!D71 -> 0
C26: Accionistas/sócios | E26: ='Balancete Ano'!D113+'Balancete Ano'!D117+'Balancete Ano'!D120-+'Balancete Ano'!E123 -> 0 | F26: ='Balancete ano anterior'!D113+'Balancete ano anterior'!D117+'Balancete ano anterior'!D120-+'Balancete ano anterior'!E123 -> 0
C27: Outras contas a receber | E27: =+'Balancete Ano'!D40+'Balancete Ano'!D61+'Balancete Ano'!D67+'Balancete Ano'!D148+'Balancete Ano'!D133-'Balancete Ano'!E151+'Balancete Ano'!D131+'Balancete Ano'!E70 -> 0 | F27: =+'Balancete ano anterior'!D40+'Balancete ano anterior'!D61+'Balancete ano anterior'!D67+'Balancete ano anterior'!D148+'Balancete ano anterior'!D133-'Balancete ano anterior'!E151+'Balancete ano anterior'!D131+'Balancete ano anterior'!E70 -> 0
C28: Diferimentos | E28: ='Balancete Ano'!D154 -> 0 | F28: ='Balancete ano anterior'!D154 -> 0
C29: Activos financeiros detidos para negociação | E29: ='Balancete Ano'!D10+'Balancete Ano'!D13 -> 0 | F29: ='Balancete ano anterior'!D10+'Balancete ano anterior'!D13 -> 0
C30: Outros activos financeiros | E30: ='Balancete Ano'!D16 -> 0 | F30: ='Balancete ano anterior'!D16 -> 0
C31: Activos não correntes detidos para venda | E31: ='Balancete Ano'!F321 -> 0 | F31: ='Balancete ano anterior'!F321 -> 0
C32: Caixa e depósitos bancários | E32: ='Balancete Ano'!D5+'Balancete Ano'!D6+'Balancete Ano'!D7 -> 0 | F32: ='Balancete ano anterior'!D5+'Balancete ano anterior'!D6+'Balancete ano anterior'!D7 -> 0
E33: =SUM(E21:E32) -> 0 | F33: =SUM(F21:F32) -> 0
C34: Total do activo | E34: =E19+E33 -> 0 | F34: =F19+F33 -> 0
C35: CAPITAL PRÓPRIO E PASSIVO
C36: Capital próprio
C37: Capital realizado | E37: ='Balancete Ano'!E324-'Balancete Ano'!D111-'Balancete Ano'!D112 -> 0 | F37: ='Balancete ano anterior'!E324-'Balancete ano anterior'!D111-'Balancete ano anterior'!D112 -> 0
C38: Acções (quotas) próprias | E38: =-'Balancete Ano'!F325 -> 0 | F38: =-'Balancete ano anterior'!F325 -> 0
C39: Outros instrumentos de capital próprio | E39: ='Balancete Ano'!E328 -> 0 | F39: ='Balancete ano anterior'!E328 -> 0
C40: Prémios de emissão | E40: ='Balancete Ano'!E329 -> 0 | F40: ='Balancete ano anterior'!E329 -> 0
C41: Reservas legais | E41: ='Balancete Ano'!E331 -> 0 | F41: ='Balancete ano anterior'!E331 -> 0
C42: Outras reservas | E42: ='Balancete Ano'!E332 -> 0 | F42: ='Balancete ano anterior'!E332 -> 0
C43: Resultados transitados | E43: =-'Balancete Ano'!F333 -> 0 | F43: =-'Balancete ano anterior'!F333 -> 0
C44: Ajustamentos em activos financeiros | E44: =-'Balancete Ano'!F334 -> 0 | F44: =-'Balancete ano anterior'!F334 -> 0
C45: Excedentes de revalorização | E45: =-'Balancete Ano'!F340 -> 0 | F45: =-'Balancete ano anterior'!F340 -> 0
C46: Outras variações no capital próprio | E46: =-'Balancete Ano'!F347 -> 0 | F46: =-'Balancete ano anterior'!F347 -> 0
E47: =SUM(E37:E46) -> 0 | F47: =SUM(F37:F46) -> 0
C48: Resultado líquido do período | E48: ='Demonstração Resultados'!C36 -> 0 | F48: ='Demonstração Resultados'!D36 -> 0
C49: Interesses minoritários | E49: 0 | F49: 0
C50: Total do capital próprio | E50: =E47+E48+E49 -> 0 | F50: =F47+F48+F49 -> 0
C51: Passivo
C52: Passivo não corrente
C53: Provisões | E53: ='Balancete Ano'!E156 -> 0 | F53: ='Balancete ano anterior'!E156 -> 0
C54: Financiamentos obtidos | E54: ='Balancete Ano'!E88+'Balancete Ano'!E92+'Balancete Ano'!E96+'Balancete Ano'!E100+'Balancete Ano'!E103+'Balancete Ano'!E106+'Balancete Ano'!E109 -> 0 | F54: ='Balancete ano anterior'!E88+'Balancete ano anterior'!E92+'Balancete ano anterior'!E96+'Balancete ano anterior'!E100+'Balancete ano anterior'!E103+'Balancete ano anterior'!E106+'Balancete ano anterior'!E109 -> 0
C55: Responsabilidades por benefícios pós-emprego | E55: ='Balancete Ano'!E141 -> 0 | F55: ='Balancete ano anterior'!E141 -> 0
C56: Estado e outros entes públicos | E56: ='Balancete Ano'!E83 -> 0 | F56: ='Balancete ano anterior'!E83 -> 0
C57: Accionistas/sócios | E57: ='Balancete Ano'!E118+'Balancete Ano'!E121 -> 0 | F57: ='Balancete ano anterior'!E118+'Balancete ano anterior'!E121 -> 0
C58: Passivos por impostos diferidos | E58: ='Balancete Ano'!E144 -> 0 | F58: ='Balancete ano anterior'!E144 -> 0
C59: Outras contas a pagar | E59: ='Balancete Ano'!E64+'Balancete Ano'!E129+'Balancete Ano'!E149+'Balancete Ano'!E145 -> 0 | F59: ='Balancete ano anterior'!E64+'Balancete ano anterior'!E129+'Balancete ano anterior'!E149+'Balancete ano anterior'!E145 -> 0
E60: =SUM(E53:E59) -> 0 | F60: =SUM(F53:F59) -> 0
C61: Passivo corrente
C62: Fornecedores | E62: ='Balancete Ano'!E40+'Balancete Ano'!E47+'Balancete Ano'!E54 -> 0 | F62: ='Balancete ano anterior'!E40+'Balancete ano anterior'!E47+'Balancete ano anterior'!E54 -> 0
C63: Adiantamentos de clientes | E63: ='Balancete Ano'!E35+'Balancete Ano'!E146 -> 0 | F63: ='Balancete ano anterior'!E35+'Balancete ano anterior'!E146 -> 0
C64: Estado e outros entes públicos | E64: ='Balancete Ano'!E71-'Balancete Ano'!E83 -> 0 | F64: ='Balancete ano anterior'!E71-'Balancete ano anterior'!E83 -> 0
C65: Accionistas/sócios | E65: ='Balancete Ano'!E114+'Balancete Ano'!E115+'Balancete Ano'!E117+'Balancete Ano'!E120 -> 0 | F65: ='Balancete ano anterior'!E114+'Balancete ano anterior'!E115+'Balancete ano anterior'!E117+'Balancete ano anterior'!E120 -> 0
C66: Financiamentos obtidos | E66: ='Balancete Ano'!E6+'Balancete Ano'!E87+'Balancete Ano'!E89+'Balancete Ano'!E91+'Balancete Ano'!E95+'Balancete Ano'!E99+'Balancete Ano'!E102+'Balancete Ano'!E105+'Balancete Ano'!E108 -> 0 | F66: ='Balancete ano anterior'!E6+'Balancete ano anterior'!E87+'Balancete ano anterior'!E89+'Balancete ano anterior'!E91+'Balancete ano anterior'!E95+'Balancete ano anterior'!E99+'Balancete ano anterior'!E102+'Balancete ano anterior'!E105+'Balancete ano anterior'!E108 -> 0
C67: Outras contas a pagar | E67: ='Balancete Ano'!E19+'Balancete Ano'!E58+'Balancete Ano'!E67+'Balancete Ano'!E128+'Balancete Ano'!E136+'Balancete Ano'!E148+'Balancete Ano'!E130 -> 0 | F67: ='Balancete ano anterior'!E19+'Balancete ano anterior'!E58+'Balancete ano anterior'!E67+'Balancete ano anterior'!E128+'Balancete ano anterior'!E136+'Balancete ano anterior'!E148+'Balancete ano anterior'!E130 -> 0
C68: Diferimentos | E68: ='Balancete Ano'!E155 -> 0 | F68: ='Balancete ano anterior'!E155 -> 0
C69: Passivos financeiros detidos para negociação | E69: ='Balancete Ano'!E11+'Balancete Ano'!E14 -> 0 | F69: ='Balancete ano anterior'!E11+'Balancete ano anterior'!E14 -> 0
C70: Outros passivos financeiros | E70: ='Balancete Ano'!E17 -> 0 | F70: ='Balancete ano anterior'!E17 -> 0
C71: Passivos não correntes detidos para venda
E72: =SUM(E62:E71) -> 0 | F72: =SUM(F62:F71) -> 0
C73: Total do passivo | E73: =E60+E72 -> 0 | F73: =F60+F72 -> 0
C74: Total do capital próprio e do passivo | E74: =E50+E73 -> 0 | F74: =F50+F73 -> 0
C77: O Técnico Oficial de Contas | D77: ="NIF/ Matricula " -> NIF/ Matricula | F77: =Índice!I7 -> A Gerência
D78: =Índice!D7 -> 999999999
E79: =E34-E74 -> 0 | F79: =F34-F74 -> 0

Sheet Demonstração Resultados
A1: ="Entidade: " &Índice!D3 -> Entidade: Empresa ABC, Lda.
A2: DEMONSTRAÇÃO INDIVIDUAL DOS RESULTADOS POR NATUREZAS
A3: ="PERÍODO FINDO em "&Índice!F5 &" de "&Índice!D5 -> PERÍODO FINDO em Dezembro de 2014
A4: RENDIMENTOS E GASTOS | C4: PERIODOS
C5: ='Balancete Ano'!C3&" "&'Balancete Ano'!C2 -> Dezembro 2014 | D5: ='Balancete ano anterior'!C3 &" "&'Balancete ano anterior'!C2 -> Dezembro 2013
A6: Vendas e serviços prestados | C6: =-('Balancete Ano'!F497+'Balancete Ano'!F548) -> 0 | D6: =-('Balancete ano anterior'!F497+'Balancete ano anterior'!F548) -> 0
A7: Subsídios à exploração | C7: =-'Balancete Ano'!F560 -> 0 | D7: =-'Balancete ano anterior'!F560 -> 0
A8: Ganhos/perdas imputados de subsidiárias, associadas e empreendimentos conjuntos | C8: =-'Balancete Ano'!F611-'Balancete Ano'!F457-'Balancete Ano'!F645 -> 0 | D8: =-'Balancete ano anterior'!F611-'Balancete ano anterior'!F457-'Balancete ano anterior'!F645 -> 0
A9: Variação nos inventários da produção | C9: =C78+C101 -> 0 | D9: =D78+D101 -> 0
A10: Trabalhos para a própria entidade | C10: =-'Balancete Ano'!F555 -> 0 | D10: =-'Balancete ano anterior'!F555 -> 0
A11: Custo das mercadorias vendidas e das matérias consumidas | C11: =-(C65+C91) -> 0 | D11: =-(D65+D91) -> 0
A12: Fornecimentos e serviços externos | C12: =-'Balancete Ano'!F353 -> 0 | D12: =-'Balancete ano anterior'!F353 -> 0
A13: Gastos com o pessoal | C13: =-'Balancete Ano'!F388 -> 0 | D13: =-'Balancete ano anterior'!F388 -> 0
A14: Imparidade de inventários (perdas/reversões) | C14: =-('Balancete Ano'!F422+'Balancete Ano'!F429+'Balancete Ano'!F573+'Balancete Ano'!F580) -> 0 | D14: =-('Balancete ano anterior'!F422+'Balancete ano anterior'!F429+'Balancete ano anterior'!F573+'Balancete ano anterior'!F580) -> 0
A15: Imparidade de dívidas a receber (perdas/reversões) | C15: =-('Balancete Ano'!F419+'Balancete Ano'!F570) -> 0 | D15: =-('Balancete ano anterior'!F419+'Balancete ano anterior'!F570) -> 0
A16: Provisões (aumentos/reduções) | C16: =-('Balancete Ano'!F437+'Balancete Ano'!F581) -> 0 | D16: =-('Balancete ano anterior'!F437+'Balancete ano anterior'!F581) -> 0
A17: Imparidade de activos não depreciáveis/amortizáveis (perdas/reversões) | C17: =-('Balancete Ano'!F574+'Balancete Ano'!F578+'Balancete Ano'!F579)-('Balancete Ano'!F423+'Balancete Ano'!F427+'Balancete Ano'!F428) -> 0 | D17: =-('Balancete ano anterior'!F574+'Balancete ano anterior'!F578+'Balancete ano anterior'!F579)-('Balancete ano anterior'!F423+'Balancete ano anterior'!F427+'Balancete ano anterior'!F428) -> 0
A18: Aumentos/reduções de justo valor | C18: =-'Balancete Ano'!F590-'Balancete Ano'!F430 -> 0 | D18: =-'Balancete ano anterior'!F590-'Balancete ano anterior'!F430 -> 0
A19: Outros rendimentos e ganhos | C19: =-'Balancete Ano'!F597+'Balancete Ano'!F611-'Balancete Ano'!F638+'Balancete Ano'!F643-'Balancete Ano'!F651 -> 0 | D19: =-'Balancete ano anterior'!F597+'Balancete ano anterior'!F611-'Balancete ano anterior'!F638+'Balancete ano anterior'!F643-'Balancete ano anterior'!F651 -> 0
A20: Outros gastos e perdas | C20: =-('Balancete Ano'!F446-'Balancete Ano'!F457+'Balancete Ano'!F490+'Balancete Ano'!F493+'Balancete Ano'!F496) -> 0 | D20: =-('Balancete ano anterior'!F446-'Balancete ano anterior'!F457+'Balancete ano anterior'!F490+'Balancete ano anterior'!F493+'Balancete ano anterior'!F496) -> 0
A22: Resultado antes de depreciações, gastos de financiamento e impostos | C22: =SUM(C6:C10)+SUM(C11:C17)+C18+C19+C20 -> 0 | D22: =SUM(D6:D10)+SUM(D11:D17)+D18+D19+D20 -> 0
A24: Gastos/reversões de depreciação e de amortização | C24: =-('Balancete Ano'!F564+'Balancete Ano'!F399) -> 0 | D24: =-('Balancete ano anterior'!F564+'Balancete ano anterior'!F399) -> 0
A25: Imparidade de activos depreciáveis/amortizáveis (perdas/reversões) | C25: =-('Balancete Ano'!F424+'Balancete Ano'!F425+'Balancete Ano'!F426)-('Balancete Ano'!F575+'Balancete Ano'!F576+'Balancete Ano'!F577) -> 0 | D25: =-('Balancete ano anterior'!F424+'Balancete ano anterior'!F425+'Balancete ano anterior'!F426)-('Balancete ano anterior'!F575+'Balancete ano anterior'!F576+'Balancete ano anterior'!F577) -> 0
A27: Resultado operacional (antes de gastos de financiamento e impostos) | C27: =C22+C24+C25 -> 0 | D27: =D22+D24+D25 -> 0
A29: Juros e rendimentos similares obtidos | C29: =-'Balancete Ano'!F643-'Balancete Ano'!F650 -> 0 | D29: =-'Balancete ano anterior'!F643-'Balancete ano anterior'!F650 -> 0
A30: Juros e gastos similares suportados | C30: =-('Balancete Ano'!F489+'Balancete Ano'!F492+'Balancete Ano'!F495) -> 0 | D30: =-('Balancete ano anterior'!F489+'Balancete ano anterior'!F492+'Balancete ano anterior'!F495) -> 0
A32: Resultado antes de impostos | C32: =C27+C29+C30 -> 0 | D32: =D27+D29+D30 -> 0
A34: Imposto sobre o rendimento do período | C34: =-'Balancete Ano'!F653 -> 0 | D34: =-'Balancete ano anterior'!F653 -> 0
A36: Resultado líquido do período | C36: =C32+C34 -> 0 | D36: =D32+D34 -> 0
A39: Resultado das actividades descontinuadas (líquido de impostos) incluído no resultado
A40: líquido do período
A42: O Técnico Oficial de Contas | B42: ="NIF/ Matricula " -> NIF/ Matricula | D42: =Índice!I7 -> A Gerência
B43: =Índice!D7 -> 999999999
A54: Demonstração do custo das mercadorias vendidas e das matérias consumidas | C54: ='Balancete Ano'!C3&" "&'Balancete Ano'!C2 -> Dezembro 2014 | D54: ='Balancete ano anterior'!C3 &" "&'Balancete ano anterior'!C2 -> Dezembro 2013
A55: Existências Iniciais | C55: =SUM(C56:C57) -> 0 | D55: =SUM(D56:D57) -> 0
A56: Mercadorias | C56: ='Balancete Ano'!D187 -> 0 | D56: ='Balancete ano anterior'!D187 -> 0
A57: Matérias-primas, subsidiárias e de consumo | C57: ='Balancete Ano'!D192 -> 0 | D57: ='Balancete ano anterior'!D192 -> 0
A58: Compras | C58: =SUM(C59:C60) -> 0 | D58: =SUM(D59:D60) -> 0
A59: Mercadorias | C59: ='Balancete Ano'!F166+'Balancete Ano'!F176+'Balancete Ano'!F182 -> 0 | D59: ='Balancete ano anterior'!F166+'Balancete ano anterior'!F176+'Balancete ano anterior'!F182 -> 0
A60: Matérias-primas, subsidiárias e de consumo | C60: ='Balancete Ano'!F167+'Balancete Ano'!F177+'Balancete Ano'!F183 -> 0 | D60: ='Balancete ano anterior'!F167+'Balancete ano anterior'!F177+'Balancete ano anterior'!F183 -> 0
A61: Existências Finais | C61: =SUM(C62:C63) -> 0 | D61: =SUM(D62:D63) -> 0
A62: Mercadorias | C62: ='Balancete Ano'!D666 -> 0 | D62: ='Balancete ano anterior'!D666 -> 0
A63: Matérias-primas, subsidiárias e de consumo | C63: ='Balancete Ano'!D670 -> 0 | D63: ='Balancete ano anterior'!D670 -> 0
A64: Reclassificação e regularização de inventários e activos biológicos | C64: ='Balancete Ano'!F221+'Balancete Ano'!F222 -> 0 | D64: ='Balancete ano anterior'!F221+'Balancete ano anterior'!F222 -> 0
A65: Custo do período | C65: =C55+C58-C61+C64 -> 0 | D65: =D55+D58-D61+D64 -> 0
A68: Demonstração da variação nos inventários da produção | C68: ='Balancete Ano'!C3&" "&'Balancete Ano'!C2 -> Dezembro 2014 | D68: ='Balancete ano anterior'!C3 &" "&'Balancete ano anterior'!C2 -> Dezembro 2013
A69: Existências Finais | C69: =SUM(C70:C72) -> 0 | D69: =SUM(D70:D72) -> 0
A70: Produtos acabados e intermédios | C70: ='Balancete Ano'!D676 -> 0 | D70: ='Balancete ano anterior'!D676 -> 0
A71: Subprodutos, desperdícios, resíduos e refugos | C71: ='Balancete Ano'!D679 -> 0 | D71: ='Balancete ano anterior'!D679 -> 0
A72: Produtos e trabalhos em curso | C72: ='Balancete Ano'!D682 -> 0 | D72: ='Balancete ano anterior'!D682 -> 0
A73: Existências Iniciais | C73: =SUM(C74:C76) -> 0 | D73: =SUM(D74:D76) -> 0
A74: Produtos acabados e intermédios | C74: ='Balancete Ano'!D199 -> 0 | D74: ='Balancete ano anterior'!D199 -> 0
A75: Subprodutos, desperdícios, resíduos e refugos | C75: ='Balancete Ano'!D203 -> 0 | D75: ='Balancete ano anterior'!D203 -> 0
A76: Produtos e trabalhos em curso | C76: ='Balancete Ano'!D207 -> 0 | D76: ='Balancete ano anterior'!D207 -> 0
A77: Reclassificação e regularização de inventários e activos biológicos | C77: =-('Balancete Ano'!F223+'Balancete Ano'!F224+'Balancete Ano'!F225) -> 0 | D77: =-('Balancete ano anterior'!F223+'Balancete ano anterior'!F224+'Balancete ano anterior'!F225) -> 0
A78: Aumento / Redução no exercício | C78: =C69-C73+C77 -> 0 | D78: =D69-D73+D77 -> 0
A84: Custo dos activos biológicos vendidos e consumidos | C84: ='Balancete Ano'!C3&" "&'Balancete Ano'!C2 -> Dezembro 2014 | D84: ='Balancete ano anterior'!C3&" "&'Balancete ano anterior'!C2 -> Dezembro 2013
A85: Activos biológicos – consumíveis – Iniciais | C85: =D90 -> 0 | D85: 0
A86: Compra Activos biológicos – Consumíveis | C86: ='Balancete Ano'!F173+'Balancete Ano'!F179+'Balancete Ano'!F185 -> 0 | D86: ='Balancete ano anterior'!F173+'Balancete ano anterior'!F179+'Balancete ano anterior'!F185 -> 0
A87: Reclassificação e regularização de activos biológicos | C87: ='Balancete Ano'!F227 -> 0 | D87: ='Balancete ano anterior'!F227 -> 0
A88: Perdas por redução de justo valor em activos biológicos – Consumo | C88: ='Balancete Ano'!F435 -> 0 | D88: ='Balancete ano anterior'!F435 -> 0
A89: Ganhos por aumento de justo valor em activos biológicos – Consumo | C89: =-'Balancete Ano'!F595 -> 0 | D89: =-'Balancete ano anterior'!F595 -> 0
A90: Activos biológicos – Finais | C90: ='Balancete Ano'!D684 -> 0 | D90: ='Balancete ano anterior'!D684 -> 0
A91: Custo do período | C91: =C85+C86+C87-C88+C89-C90 -> 0 | D91: =D85+D86+D87-D88+D89-D90 -> 0
A94: Apuramento da variação em activos biológicos | C94: ='Balancete Ano'!C3&" "&'Balancete Ano'!C2 -> Dezembro 2014 | D94: ='Balancete ano anterior'!C3 &" "&'Balancete ano anterior'!C2 -> Dezembro 2013
A95: Activos biológicos – produção – Finais | C95: ='Balancete Ano'!D687+'Balancete Ano'!D691+'Balancete Ano'!D692 -> 0 | D95: ='Balancete ano anterior'!D687+'Balancete ano anterior'!D691+'Balancete ano anterior'!D692 -> 0
A96: Compra Activos biológicos – Produção | C96: ='Balancete Ano'!F174+'Balancete Ano'!F180+'Balancete Ano'!F186 -> 0 | D96: ='Balancete ano anterior'!F174+'Balancete ano anterior'!F180+'Balancete ano anterior'!F186 -> 0
A97: Reclassificação e regularização de activos biológicos | C97: =-'Balancete Ano'!F228 -> 0 | D97: =-'Balancete ano anterior'!F228 -> 0
A98: Perdas por redução de justo valor em activos biológicos – Produção | C98: ='Balancete Ano'!F436 -> 0 | D98: ='Balancete ano anterior'!F436 -> 0
A99: Ganhos por aumento de justo valor em activos biológicos – Produção | C99: =-'Balancete Ano'!F596 -> 0 | D99: =-'Balancete ano anterior'!F596 -> 0
A100: Activos biológicos – produção – iniciais | C100: =D95 -> 0 | D100: 0
A101: Aumento / Redução no exercício | C101: =C95-C96+C97+C98-C99-C100 -> 0 | D101: =D95-D96+D97+D98-D99-D100 -> 0

Sheet Fluxos de Caixa
A1: ="Entidade: " &Índice!D3 -> Entidade: Empresa ABC, Lda.
A2: DEMONSTRAÇÃO INDIVIDUAL DE FLUXOS DE CAIXA
A3: ="PERÍODO FINDO em "&'Balancete Ano'!C3&" DE "&'Balancete Ano'!C2 -> PERÍODO FINDO em Dezembro DE 2014
A5: RUBRICAS | B5: NOTAS | C5: PERIODOS
C6: ='Balancete Ano'!C3&" "&'Balancete Ano'!C2 -> Dezembro 2014 | D6: ='Balancete ano anterior'!C3 &" "&'Balancete ano anterior'!C2 -> Dezembro 2013
A7: Fluxos de caixa das actividades operacionais - método directo
A8: Recebimentos de clientes | C8: =ACTOPR!I25 -> 0 | D8: 0
A9: Pagamentos a fornecedores | C9: =ACTOPR!I47 -> 0 | D9: 0
A10: Pagamentos ao pessoal | C10: =ACTOPR!I60 -> 0 | D10: 0
A11: Caixa gerada pelas operações | C11: =C8-C9-C10 -> 0 | D11: =D8-D9-D10 -> 0
A12: Pagamento/recebimento do imposto sobre o rendimento | C12: =ACTOPR!I75 -> 0 | D12: 0
A13: Outros recebimentos/pagamentos | C13: =ACTOPR!I121 -> 0 | D13: 0
A14: Fluxos de caixa das actividades operacionais (1) | C14: =C11-C12+C13 -> 0 | D14: =D11-D12+D13 -> 0
A15: Fluxos de caixa das actividades de investimento
A16: Pagamentos respeitantes a:
A17: Activos fixos tangíveis | C17: =ACTINV!I177 -> 0 | D17: 0
A18: Activos intangíveis | C18: =ACTINV!I193 -> 0 | D18: 0
A19: Investimentos financeiros | C19: =ACTINV!I152 -> 0 | D19: 0
A20: Outros activos | C20: =ACTINV!I226 -> 0 | D20: 0
A21: Recebimentos provenientes de:
A22: Activos fixos tangíveis | C22: =ACTINV!I40 -> 0 | D22: 0
A23: Activos intangíveis | C23: =ACTINV!I53 -> 0 | D23: 0
A24: Investimentos financeiros | C24: =ACTINV!I25 -> 0 | D24: 0
A25: Outros activos | C25: =ACTINV!I87 -> 0 | D25: 0
A26: Subsídios ao investimento | C26: =ACTINV!I96 -> 0 | D26: 0
A27: Juros e rendimentos similares | C27: =ACTINV!I111 -> 0 | D27: 0
A28: Dividendos | C28: =ACTINV!I119 -> 0 | D28: 0
A29: Fluxos de caixa das actividades de investimento (2) | C29: =-SUM(C17:C20)+SUM(C22:C28) -> 0 | D29: =-SUM(D17:D20)+SUM(D22:D28) -> 0
A30: Fluxos de caixa das actividades de financiamento
A31: Recebimentos provenientes de:
A32: Financiamentos obtidos | C32: =ACTFIN!I20 -> 0 | D32: 0
A33: Realizações de capital e de outros instrumentos de capital próprio | C33: =ACTFIN!I35 -> 0 | D33: 0
A34: Cobertura de prejuízos | C34: =ACTFIN!I47 -> 0 | D34: 0
A35: Doações | C35: =ACTFIN!I61 -> 0 | D35: 0
A36: Outras operações de financiamento | C36: =ACTFIN!I73 -> 0 | D36: 0
A37: Pagamentos respeitantes a: | D37: 0
A38: Financiamentos obtidos | C38: =ACTFIN!I91 -> 0 | D38: 0
A39: Juros e gastos similares | C39: =ACTFIN!I105 -> 0 | D39: 0
A40: Dividendos | C40: =ACTFIN!I114 -> 0 | D40: 0
A41: Reduções de capital e de outros instrumentos de capital próprio | C41: =ACTFIN!I126 -> 0 | D41: 0
A42: Outras operações de financiamento | C42: =ACTFIN!I141 -> 0 | D42: 0
A43: Fluxos de caixa das actividades de financiamento (3) | C43: =SUM(C32:C36)-SUM(C38:C42) -> 0 | D43: =SUM(D32:D36)-SUM(D38:D42) -> 0
A45: Variação de caixa e seus equivalentes (1+2+3) | C45: =C14+C29+C43 -> 0 | D45: =D14+D29+D43 -> 0
A46: Efeito das diferenças de câmbio | C46: =EXTRA!D44 -> 0 | D46: 0
A47: Caixa e seus equivalentes no início do período | C47: ='Balancete ano anterior'!D5+'Balancete ano anterior'!D6+'Balancete ano anterior'!D7 -> 0 | D47: 0
A48: Caixa e seus equivalentes no fim do período | C48: ='Balancete Ano'!D5+'Balancete Ano'!D6+'Balancete Ano'!D7 -> 0 | D48: ='Balancete ano anterior'!D5+'Balancete ano anterior'!D6+'Balancete ano anterior'!D7 -> 0
A51: O Técnico Oficial de Contas | B51: ="NIF/ Matricula " -> NIF/ Matricula | D51: =Índice!I7 -> A Gerência
B52: =Índice!D7 -> 999999999
A53: DIFERENCA | C53: =C47+C45+C46-C48 -> 0 | D53: =D47+D45+D46-D48 -> 0

Sheet EXTRA
B2: INFORMAÇÃO EXTRA
B3: ='Balancete Ano'!C1 -> Empresa ABC, Lda.
B4: Ano | C4: ='Balancete Ano'!C2 -> 2014
B5: Mês | C5: ='Balancete Ano'!C3 -> Dezembro
B7: CONTAS
B11: PagDiv | C11: Pagamento de Dividendos | D11: 0
B12: CobPre | C12: Entrada de dinheiro para cobertura de prejuízos | D12: 0
B15: 41 | C15: Alienação de Investimentos financeiros – Valor de Aquisição | D15: 0
B16: 419 | C16: Alienação de investimentos financeiros – Imparidades acumuladas | D16: 0
B17: 42 | C17: Alienação em propriedade de investimento – Valor de Aquisição | D17: 0
B18: 428 | C18: Alienação em propriedade de investimento – Depreciações | D18: 0
B19: 429 | C19: Alienação em propriedade de investimento – Imparidades acumuladas | D19: 0
B20: 43 | C20: Alienação e abates de Activos fixos tangíveis – Valor de Aquisição | D20: 0
B21: 438 | C21: Alienação e abates de Activos fixos tangíveis – Depreciações | D21: 0
B22: 439 | C22: Alienação e abates de Activos fixos tangíveis – Imparidades acumuladas | D22: 0
B23: 44 | C23: Alienação de activos intangíveis – Valor de Aquisição | D23: 0
B24: 448 | C24: Alienação de activos intangíveis – Amortizações | D24: 0
B25: 449 | C25: Alienação de activos intangíveis – Imparidades acum. | D25: 0
B26: 451 | C26: Alienação de Investimentos financeiros em curso – Valor de Aquisição | D26: 0
... B42: 24322 | C42: Iva dedutivel – Investimentos | D42: 0
B44: camb | C44: Efeito das diferenças de câmbio | D44: 0

Sheet ACTOPR
B4: ACTIVIDADES OPERACIONAIS - M. DIRECTO
B5: ='Balancete Ano'!C1 -> Empresa ABC, Lda.
B6: Ano | C6: ='Balancete Ano'!C2 -> 2014
B7: Mês | C7: ='Balancete Ano'!C3 -> Dezembro
B9: Cálculo dos recebimentos de clientes
M10: Inicial | P10: Final | S10: Var F-I
B11: Conta | C11: Descrição | D11: Mov/Sld | E11: Sinal | F11: I/F/V | G11: Valor | H11: Ajuste | I11: Valor ajustado | M11: SD | N11: SC | O11: SL | P11: SD | Q11: SC | R11: SL | S11: V | T11: I | U11: F | V11: V | W11: Valor | X11: Sinal
B13: 21 | C13: =VLOOKUP(B13,'Balancete Ano'!A$5:E$656,3,0) -> Clientes | D13: SL | E13: + | F13: V | G13: =W13 -> 0 | I13: =G13+H13 -> 0 | M13: =VLOOKUP(B13,'Balancete ano anterior'!A$5:E$656,4,0) -> 0 | N13: =VLOOKUP(B13,'Balancete ano anterior'!A$5:E$656,5,0) -> 0 | O13: =-(M13-N13) -> 0 | P13: =VLOOKUP(B13,'Balancete Ano'!A$5:E$656,4,0) -> 0 | Q13: =VLOOKUP(B13,'Balancete Ano'!A$5:E$656,5,0) -> 0 | R13: =-(P13-Q13) -> 0 | S13: =R13-O13 -> 0 | T13: =IF(AND(F13="I",D13="SD"),M13,IF(AND(F13="I",D13="SC"),N13,IF(AND(F13="I",D13="SL"),O13,0))) -> 0 | U13: =IF(AND(F13="F",D13="SD"),P13,IF(AND(F13="F",D13="SC"),Q13,IF(AND(F13="F",D13="SL"),R13,0))) -> 0 | V13: =IF(AND(F13="V",D13="SL"),S13,0) -> 0 | W13: =SUM(T13:V13)*X13 -> 0 | X13: =IF(E13="-",-1,1) -> 1
B14: 219 | C14: =VLOOKUP(B14,'Balancete Ano'!A$5:E$656,3,0) -> Perdas por imparidade acumuladas | D14: SL | E14: - | F14: V | G14: =W14 -> 0 | I14: =G14+H14 -> 0 | M14: =VLOOKUP(B14,'Balancete ano anterior'!A$5:E$656,4,0) -> 0 | N14: =VLOOKUP(B14,'Balancete ano anterior'!A$5:E$656,5,0) -> 0 | O14: =-(M14-N14) -> 0 | P14: =VLOOKUP(B14,'Balancete Ano'!A$5:E$656,4,0) -> 0 | Q14: =VLOOKUP(B14,'Balancete Ano'!A$5:E$656,5,0) -> 0 | R14: =-(P14-Q14) -> 0 | S14: =R14-O14 -> 0 | T14: =IF(AND(F14="I",D14="SD"),M14,IF(AND(F14="I",D14="SC"),N14,IF(AND(F14="I",D14="SL"),O14,0))) -> 0 | U14: =IF(AND(F14="F",D14="SD"),P14,IF(AND(F14="F",D14="SC"),Q14,IF(AND(F14="F",D14="SL"),R14,0))) -> 0 | V14: =IF(AND(F14="V",D14="SL"),S14,0) -> 0 | W14: =SUM(T14:V14)*X14 -> 0 | X14: =IF(E14="-",-1,1) -> -1
B15: 71 | C15: =VLOOKUP(B15,'Balancete Ano'!A$5:E$656,3,0) -> Vendas | D15: SL | E15: + | F15: F | G15: =W15 -> 0 | I15: =G15+H15 -> 0 | M15: =VLOOKUP(B15,'Balancete ano anterior'!A$5:E$656,4,0) -> 0 | N15: =VLOOKUP(B15,'Balancete ano anterior'!A$5:E$656,5,0) -> 0 | O15: =-(M15-N15) -> 0 | P15: =VLOOKUP(B15,'Balancete Ano'!A$5:E$656,4,0) -> 0 | Q15: =VLOOKUP(B15,'Balancete Ano'!A$5:E$656,5,0) -> 0 | R15: =-(P15-Q15) -> 0 | S15: =R15-O15 -> 0 | T15: =IF(AND(F15="I",D15="SD"),M15,IF(AND(F15="I",D15="SC"),N15,IF(AND(F15="I",D15="SL"),O15,0))) -> 0 | U15: =IF(AND(F15="F",D15="SD"),P15,IF(AND(F15="F",D15="SC"),Q15,IF(AND(F15="F",D15="SL"),R15,0))) -> 0 | V15: =IF(AND(F15="V",D15="SL"),S15,0) -> 0 | W15: =SUM(T15:V15)*X15 -> 0 | X15: =IF(E15="-",-1,1) -> 1
B16: 72 | C16: =VLOOKUP(B16,'Balancete Ano'!A$5:E$656,3,0) -> Prestações de serviços | D16: SL | E16: + | F16: F | G16: =W16 -> 0 | I16: =G16+H16 -> 0 | M16: =VLOOKUP(B16,'Balancete ano anterior'!A$5:E$656,4,0) -> 0 | N16: =VLOOKUP(B16,'Balancete ano anterior'!A$5:E$656,5,0) -> 0 | O16: =-(M16-N16) -> 0 | P16: =VLOOKUP(B16,'Balancete Ano'!A$5:E$656,4,0) -> 0 | Q16: =VLOOKUP(B16,'Balancete Ano'!A$5:E$656,5,0) -> 0 | R16: =-(P16-Q16) -> 0 | S16: =R16-O16 -> 0 | T16: =IF(AND(F16="I",D16="SD"),M16,IF(AND(F16="I",D16="SC"),N16,IF(AND(F16="I",D16="SL"),O16,0))) -> 0 | U16: =IF(AND(F16="F",D16="SD"),P16,IF(AND(F16="F",D16="SC"),Q16,IF(AND(F16="F",D16="SL"),R16,0))) -> 0 | V16: =IF(AND(F16="V",D16="SL"),S16,0) -> 0 | W16: =SUM(T16:V16)*X16 -> 0 | X16: =IF(E16="-",-1,1) -> 1
B17: 781 | C17: =VLOOKUP(B17,'Balancete Ano'!A$5:E$656,3,0) -> Rendimentos suplementares | D17: SL | E17: + | F17: F | G17: =W17 -> 0 | I17: =G17+H17 -> 0 | M17: =VLOOKUP(B17,'Balancete ano anterior'!A$5:E$656,4,0) -> 0 | N17: =VLOOKUP(B17,'Balancete ano anterior'!A$5:E$656,5,0) -> 0 | O17: =-(M17-N17) -> 0 | P17: =VLOOKUP(B17,'Balancete Ano'!A$5:E$656,4,0) -> 0 | Q17: =VLOOKUP(B17,'Balancete Ano'!A$5:E$656,5,0) -> 0 | R17: =-(P17-Q17) -> 0 | S17: =R17-O17 -> 0 | T17: =IF(AND(F17="I",D17="SD"),M17,IF(AND(F17="I",D17="SC"),N17,IF(AND(F17="I",D17="SL"),O17,0))) -> 0 | U17: =IF(AND(F17="F",D17="SD"),P17,IF(AND(F17="F",D17="SC"),Q17,IF(AND(F17="F",D17="SL"),R17,0))) -> 0 | V17: =IF(AND(F17="V",D17="SL"),S17,0) -> 0 | W17: =SUM(T17:V17)*X17 -> 0 | X17: =IF(E17="-",-1,1) -> 1
B18: 682 | C18: =VLOOKUP(B18,'Balancete Ano'!A$5:E$656,3,0) -> Descontos de pronto pagamento concedidos | D18: SL | E18: + | F18: F | G18: =W18 -> 0 | I18: =G18+H18 -> 0 | M18: =VLOOKUP(B18,'Balancete ano anterior'!A$5:E$656,4,0) -> 0 | N18: =VLOOKUP(B18,'Balancete ano anterior'!A$5:E$656,5,0) -> 0 | O18: =-(M18-N18) -> 0 | P18: =VLOOKUP(B18,'Balancete Ano'!A$5:E$656,4,0) -> 0 | Q18: =VLOOKUP(B18,'Balancete Ano'!A$5:E$656,5,0) -> 0 | R18: =-(P18-Q18) -> 0 | S18: =R18-O18 -> 0 | T18: =IF(AND(F18="I",D18="SD"),M18,IF(AND(F18="I",D18="SC"),N18,IF(AND(F18="I",D18="SL"),O18,0))) -> 0 | U18: =IF(AND(F18="F",D18="SD"),P18,IF(AND(F18="F",D18="SC"),Q18,IF(AND(F18="F",D18="SL"),R18,0))) -> 0 | V18: =IF(AND(F18="V",D18="SL"),S18,0) -> 0 | W18: =SUM(T18:V18)*X18 -> 0 | X18: =IF(E18="-",-1,1) -> 1
B19: 783 | C19: =VLOOKUP(B19,'Balancete Ano'!A$5:E$656,3,0) -> Recuperação de dívidas a receber | D19: SL | E19: + | F19: F | G19: =W19 -> 0 | I19: =G19+H19 -> 0 | M19: =VLOOKUP(B19,'Balancete ano anterior'!A$5:E$656,4,0) -> 0 | N19: =VLOOKUP(B19,'Balancete ano anterior'!A$5:E$656,5,0) -> 0 | O19: =-(M19-N19) -> 0 | P19: =VLOOKUP(B19,'Balancete Ano'!A$5:E$656,4,0) -> 0 | Q19: =VLOOKUP(B19,'Balancete Ano'!A$5:E$656,5,0) -> 0 | R19: =-(P19-Q19) -> 0 | S19: =R19-O19 -> 0 | T19: =IF(AND(F19="I",D19="SD"),M19,IF(AND(F19="I",D19="SC"),N19,IF(AND(F19="I",D19="SL"),O19,0))) -> 0 | U19: =IF(AND(F19="F",D19="SD"),P19,IF(AND(F19="F",D19="SC"),Q19,IF(AND(F19="F",D19="SL"),R19,0))) -> 0 | V19: =IF(AND(F19="V",D19="SL"),S19,0) -> 0 | W19: =SUM(T19:V19)*X19 -> 0 | X19: =IF(E19="-",-1,1) -> 1
B20: 276 | C20: =VLOOKUP(B20,'Balancete Ano'!A$5:E$656,3,0) -> Adiantamentos por conta de vendas | D20: SL | E20: + | F20: V | G20: =W20 -> 0 | I20: =G20+H20 -> 0 | M20: =VLOOKUP(B20,'Balancete ano anterior'!A$5:E$656,4,0) -> 0 | N20: =VLOOKUP(B20,'Balancete ano anterior'!A$5:E$656,5,0) -> 0 | O20: =-(M20-N20) -> 0 | P20: =VLOOKUP(B20,'Balancete Ano'!A$5:E$656,4,0) -> 0 | Q20: =VLOOKUP(B20,'Balancete Ano'!A$5:E$656,5,0) -> 0 | R20: =-(P20-Q20) -> 0 | S20: =R20-O20 -> 0 | T20: =IF(AND(F20="I",D20="SD"),M20,IF(AND(F20="I",D20="SC"),N20,IF(AND(F20="I",D20="SL"),O20,0))) -> 0 | U20: =IF(AND(F20="F",D20="SD"),P20,IF(AND(F20="F",D20="SC"),Q20,IF(AND(F20="F",D20="SL"),R20,0))) -> 0 | V20: =IF(AND(F20="V",D20="SL"),S20,0) -> 0 | W20: =SUM(T20:V20)*X20 -> 0 | X20: =IF(E20="-",-1,1) -> 1
B21: 683 | C21: =VLOOKUP(B21,'Balancete Ano'!A$5:E$656,3,0) -> Dívidas incobráveis | D21: SL | E21: + | F21: F | G21: =W21 -> 0 | I21: =G21+H21 -> 0 | M21: =VLOOKUP(B21,'Balancete ano anterior'!A$5:E$656,4,0) -> 0 | N21: =VLOOKUP(B21,'Balancete ano anterior'!A$5:E$656,5,0) -> 0 | O21: =-(M21-N21) -> 0 | P21: =VLOOKUP(B21,'Balancete Ano'!A$5:E$656,4,0) -> 0 | Q21: =VLOOKUP(B21,'Balancete Ano'!A$5:E$656,5,0) -> 0 | R21: =-(P21-Q21) -> 0 | S21: =R21-O21 -> 0 | T21: =IF(AND(F21="I",D21="SD"),M21,IF(AND(F21="I",D21="SC"),N21,IF(AND(F21="I",D21="SL"),O21,0))) -> 0 | U21: =IF(AND(F21="F",D21="SD"),P21,IF(AND(F21="F",D21="SC"),Q21,IF(AND(F21="F",D21="SL"),R21,0))) -> 0 | V21: =IF(AND(F21="V",D21="SL"),S21,0) -> 0 | W21: =SUM(T21:V21)*X21 -> 0 | X21: =IF(E21="-",-1,1) -> 1
B22: 2433 | C22: =VLOOKUP(B22,EXTRA!$B$10:$D$49,2,0) -> I.V.A. - Liquidado | E22: + | G22: =VLOOKUP(B22,EXTRA!$B$10:$D$49,3,0)*X22 -> 0 | I22: =G22+H22 -> 0 | M22: =VLOOKUP(B22,'Balancete ano anterior'!A$5:E$656,4,0) -> #N/A | N22: =VLOOKUP(B22,'Balancete ano anterior'!A$5:E$656,5,0) -> #N/A | O22: =-(M22-N22) -> #N/A | P22: =VLOOKUP(B22,'Balancete Ano'!A$5:E$656,4,0) -> #N/A | Q22: =VLOOKUP(B22,'Balancete Ano'!A$5:E$656,5,0) -> #N/A | R22: =-(P22-Q22) -> #N/A | S22: =R22-O22 -> #N/A | T22: =IF(AND(F22="I",D22="SD"),M22,IF(AND(F22="I",D22="SC"),N22,IF(AND(F22="I",D22="SL"),O22,0))) -> 0 | U22: =IF(AND(F22="F",D22="SD"),P22,IF(AND(F22="F",D22="SC"),Q22,IF(AND(F22="F",D22="SL"),R22,0))) -> 0 | V22: =IF(AND(F22="V",D22="SL"),S22,0) -> 0 | W22: =SUM(T22:V22)*X22 -> 0 | X22: =IF(E22="-",-1,1) -> 1
I23: =G23+H23 -> 0 | M23: =VLOOKUP(B23,'Balancete ano anterior'!A$5:E$656,4,0) -> #N/A | N23: =VLOOKUP(B23,'Balancete ano anterior'!A$5:E$656,5,0) -> #N/A | O23: =-(M23-N23) -> #N/A | P23: =VLOOKUP(B23,'Balancete Ano'!A$5:E$656,4,0) -> #N/A | Q23: =VLOOKUP(B23,'Balancete Ano'!A$5:E$656,5,0) -> #N/A | R23: =-(P23-Q23) -> #N/A | S23: =R23-O23 -> #N/A | T23: =IF(AND(F23="I",D23="SD"),M23,IF(AND(F23="I",D23="SC"),N23,IF(AND(F23="I",D23="SL"),O23,0))) -> 0 | U23: =IF(AND(F23="F",D23="SD"),P23,IF(AND(F23="F",D23="SC"),Q23,IF(AND(F23="F",D23="SL"),R23,0))) -> 0 | V23: =IF(AND(F23="V",D23="SL"),S23,0) -> 0 | W23: =SUM(T23:V23)*X23 -> 0 | X23: =IF(E23="-",-1,1) -> 1
I24: =G24+H24 -> 0 | M24: =VLOOKUP(B24,'Balancete ano anterior'!A$5:E$656,4,0) -> #N/A | N24: =VLOOKUP(B24,'Balancete ano anterior'!A$5:E$656,5,0) -> #N/A | O24: =-(M24-N24) -> #N/A | P24: =VLOOKUP(B24,'Balancete Ano'!A$5:E$656,4,0) -> #N/A | Q24: =VLOOKUP(B24,'Balancete Ano'!A$5:E$656,5,0) -> #N/A | R24: =-(P24-Q24) -> #N/A | S24: =R24-O24 -> #N/A | T24: =IF(AND(F24="I",D24="SD"),M24,IF(AND(F24="I",D24="SC"),N24,IF(AND(F24="I",D24="SL"),O24,0))) -> 0 | U24: =IF(AND(F24="F",D24="SD"),P24,IF(AND(F24="F",D24="SC"),Q24,IF(AND(F24="F",D24="SL"),R24,0))) -> 0 | V24: =IF(AND(F24="V",D24="SL"),S24,0) -> 0 | W24: =SUM(T24:V24)*X24 -> 0 | X24: =IF(E24="-",-1,1) -> 1
H25: Soma | I25: =SUM(I13:I24) -> 0 | M25: =VLOOKUP(B25,'Balancete ano anterior'!A$5:E$656,4,0) -> #N/A | N25: =VLOOKUP(B25,'Balancete ano anterior'!A$5:E$656,5,0) -> #N/A | O25: =-(M25-N25) -> #N/A | P25: =VLOOKUP(B25,'Balancete Ano'!A$5:E$656,4,0) -> #N/A | Q25: =VLOOKUP(B25,'Balancete Ano'!A$5:E$656,5,0) -> #N/A | R25: =-(P25-Q25) -> #N/A | S25: =R25-O25 -> #N/A | T25: =IF(AND(F25="I",D25="SD"),M25,IF(AND(F25="I",D25="SC"),N25,IF(AND(F25="I",D25="SL"),O25,0))) -> 0 | U25: =IF(AND(F25="F",D25="SD"),P25,IF(AND(F25="F",D25="SC"),Q25,IF(AND(F25="F",D25="SL"),R25,0))) -> 0 | V25: =IF(AND(F25="V",D25="SL"),S25,0) -> 0 | W25: =SUM(T25:V25)*X25 -> 0 | X25: =IF(E25="-",-1,1) -> 1
M26: =VLOOKUP(B26,'Balancete ano anterior'!A$5:E$656,4,0) -> #N/A | N26: =VLOOKUP(B26,'Balancete ano anterior'!A$5:E$656,5,0) -> #N/A | O26: =-(M26-N26) -> #N/A | P26: =VLOOKUP(B26,'Balancete Ano'!A$5:E$656,4,0) -> #N/A | Q26: =VLOOKUP(B26,'Balancete Ano'!A$5:E$656,5,0) -> #N/A | R26: =-(P26-Q26) -> #N/A | S26: =R26-O26 -> #N/A | T26: =IF(AND(F26="I",D26="SD"),M26,IF(AND(F26="I",D26="SC"),N26,IF(AND(F26="I",D26="SL"),O26,0))) -> 0 | U26: =IF(AND(F26="F",D26="SD"),P26,IF(AND(F26="F",D26="SC"),Q26,IF(AND(F26="F",D26="SL"),R26,0))) -> 0 | V26: =IF(AND(F26="V",D26="SL"),S26,0) -> 0 | W26: =SUM(T26:V26)*X26 -> 0 | X26: =IF(E26="-",-1,1) -> 1
B27: Cálculo dos pagamentos a fornecedores | M27: =VLOOKUP(B27,'Balancete ano anterior'!A$5:E$656,4,0) -> #N/A | N27: =VLOOKUP(B27,'Balancete ano anterior'!A$5:E$656,5,0) -> #N/A | O27: =-(M27-N27) -> #N/A | P27: =VLOOKUP(B27,'Balancete Ano'!A$5:E$656,4,0) -> #N/A | Q27: =VLOOKUP(B27,'Balancete Ano'!A$5:E$656,5,0) -> #N/A | R27: =-(P27-Q27) -> #N/A | S27: =R27-O27 -> #N/A | T27: =IF(AND(F27="I",D27="SD"),M27,IF(AND(F27="I",D27="SC"),N27,IF(AND(F27="I",D27="SL"),O27,0))) -> 0 | U27: =IF(AND(F27="F",D27="SD"),P27,IF(AND(F27="F",D27="SC"),Q27,IF(AND(F27="F",D27="SL"),R27,0))) -> 0 | V27: =IF(AND(F27="V",D27="SL"),S27,0) -> 0 | W27: =SUM(T27:V27)*X27 -> 0 | X27: =IF(E27="-",-1,1) -> 1
M28: =VLOOKUP(B28,'Balancete ano anterior'!A$5:E$656,4,0) -> #N/A | N28: =VLOOKUP(B28,'Balancete ano anterior'!A$5:E$656,5,0) -> #N/A | O28: =-(M28-N28) -> #N/A | P28: =VLOOKUP(B28,'Balancete Ano'!A$5:E$656,4,0) -> #N/A | Q28: =VLOOKUP(B28,'Balancete Ano'!A$5:E$656,5,0) -> #N/A | R28: =-(P28-Q28) -> #N/A | S28: =R28-O28 -> #N/A | T28: =IF(AND(F28="I",D28="SD"),M28,IF(AND(F28="I",D28="SC"),N28,IF(AND(F28="I",D28="SL"),O28,0))) -> 0 | U28: =IF(AND(F28="F",D28="SD"),P28,IF(AND(F28="F",D28="SC"),Q28,IF(AND(F28="F",D28="SL"),R28,0))) -> 0 | V28: =IF(AND(F28="V",D28="SL"),S28,0) -> 0 | W28: =SUM(T28:V28)*X28 -> 0 | X28: =IF(E28="-",-1,1) -> 1
B29: Conta | C29: Descrição | D29: Mov/Sld | E29: Sinal | F29: I/F/V | G29: Valor | H29: Ajuste | I29: Valor ajustado | M29: =VLOOKUP(B29,'Balancete ano anterior'!A$5:E$656,4,0) -> #N/A | N29: =VLOOKUP(B29,'Balancete ano anterior'!A$5:E$656,5,0) -> #N/A | O29: =-(M29-N29) -> #N/A | P29: =VLOOKUP(B29,'Balancete Ano'!A$5:E$656,4,0) -> #N/A | Q29: =VLOOKUP(B29,'Balancete Ano'!A$5:E$656,5,0) -> #N/A | R29: =-(P29-Q29) -> #N/A | S29: =R29-O29 -> #N/A | T29: =IF(AND(F29="I",D29="SD"),M29,IF(AND(F29="I",D29="SC"),N29,IF(AND(F29="I",D29="SL"),O29,0))) -> 0 | U29: =IF(AND(F29="F",D29="SD"),P29,IF(AND(F29="F",D29="SC"),Q29,IF(AND(F29="F",D29="SL"),R29,0))) -> 0 | V29: =IF(AND(F29="V",D29="SL"),S29,0) -> 0 | W29: =SUM(T29:V29)*X29 -> 0 | X29: =IF(E29="-",-1,1) -> 1
M30: =VLOOKUP(B30,'Balancete ano anterior'!A$5:E$656,4,0) -> #N/A | N30: =VLOOKUP(B30,'Balancete ano anterior'!A$5:E$656,5,0) -> #N/A | O30: =-(M30-N30) -> #N/A | P30: =VLOOKUP(B30,'Balancete Ano'!A$5:E$656,4,0) -> #N/A | Q30: =VLOOKUP(B30,'Balancete Ano'!A$5:E$656,5,0) -> #N/A | R30: =-(P30-Q30) -> #N/A | S30: =R30-O30 -> #N/A | T30: =IF(AND(F30="I",D30="SD"),M30,IF(AND(F30="I",D30="SC"),N30,IF(AND(F30="I",D30="SL"),O30,0))) -> 0 | U30: =IF(AND(F30="F",D30="SD"),P30,IF(AND(F30="F",D30="SC"),Q30,IF(AND(F30="F",D30="SL"),R30,0))) -> 0 | V30: =IF(AND(F30="V",D30="SL"),S30,0) -> 0 | W30: =SUM(T30:V30)*X30 -> 0 | X30: =IF(E30="-",-1,1) -> 1
B31: 22 | C31: =VLOOKUP(B31,'Balancete Ano'!A$5:E$656,3,0) -> Fornecedores | D31: SL | E31: - | F31: V | G31: =W31 -> 0 | I31: =G31+H31 -> 0 | M31: =VLOOKUP(B31,'Balancete ano anterior'!A$5:E$656,4,0) -> 0 | N31: =VLOOKUP(B31,'Balancete ano anterior'!A$5:E$656,5,0) -> 0 | O31: =-(M31-N31) -> 0 | P31: =VLOOKUP(B31,'Balancete Ano'!A$5:E$656,4,0) -> 0 | Q31: =VLOOKUP(B31,'Balancete Ano'!A$5:E$656,5,0) -> 0 | R31: =-(P31-Q31) -> 0 | S31: =R31-O31 -> 0 | T31: =IF(AND(F31="I",D31="SD"),M31,IF(AND(F31="I",D31="SC"),N31,IF(AND(F31="I",D31="SL"),O31,0))) -> 0 | U31: =IF(AND(F31="F",D31="SD"),P31,IF(AND(F31="F",D31="SC"),Q31,IF(AND(F31="F",D31="SL"),R31,0))) -> 0 | V31: =IF(AND(F31="V",D31="SL"),S31,0) -> 0 | W31: =SUM(T31:V31)*X31 -> 0 | X31: =IF(E31="-",-1,1) -> -1
B32: 229 | C32: =VLOOKUP(B32,'Balancete Ano'!A$5:E$656,3,0) -> Perdas por imparidade acumuladas | D32: SL | E32: - | F32: V | G32: =W32 -> 0 | I32: =G32+H32 -> 0 | M32: =VLOOKUP(B32,'Balancete ano anterior'!A$5:E$656,4,0) -> 0 | N32: =VLOOKUP(B32,'Balancete ano anterior'!A$5:E$656,5,0) -> 0 | O32: =-(M32-N32) -> 0 | P32: =VLOOKUP(B32,'Balancete Ano'!A$5:E$656,4,0) -> 0 | Q32: =VLOOKUP(B32,'Balancete Ano'!A$5:E$656,5,0) -> 0 | R32: =-(P32-Q32) -> 0 | S32: =R32-O32 -> 0 | T32: =IF(AND(F32="I",D32="SD"),M32,IF(AND(F32="I",D32="SC"),N32,IF(AND(F32="I",D32="SL"),O32,0))) -> 0 | U32: =IF(AND(F32="F",D32="SD"),P32,IF(AND(F32="F",D32="SC"),Q32,IF(AND(F32="F",D32="SL"),R32,0))) -> 0 | V32: =IF(AND(F32="V",D32="SL"),S32,0) -> 0 | W32: =SUM(T32:V32)*X32 -> 0 | X32: =IF(E32="-",-1,1) -> -1
B33: 31 | C33: =VLOOKUP(B33,'Balancete Ano'!A$5:E$656,3,0) -> Compras | D33: SL | E33: - | F33: F | G33: =W33 -> 0 | I33: =G33+H33 -> 0 | M33: =VLOOKUP(B33,'Balancete ano anterior'!A$5:E$656,4,0) -> 0 | N33: =VLOOKUP(B33,'Balancete ano anterior'!A$5:E$656,5,0) -> 0 | O33: =-(M33-N33) -> 0 | P33: =VLOOKUP(B33,'Balancete Ano'!A$5:E$656,4,0) -> 0 | Q33: =VLOOKUP(B33,'Balancete Ano'!A$5:E$656,5,0) -> 0 | R33: =-(P33-Q33) -> 0 | S33: =R33-O33 -> 0 | T33: =IF(AND(F33="I",D33="SD"),M33,IF(AND(F33="I",D33="SC"),N33,IF(AND(F33="I",D33="SL"),O33,0))) -> 0 | U33: =IF(AND(F33="F",D33="SD"),P33,IF(AND(F33="F",D33="SC"),Q33,IF(AND(F33="F",D33="SL"),R33,0))) -> 0 | V33: =IF(AND(F33="V",D33="SL"),S33,0) -> 0 | W33: =SUM(T33:V33)*X33 -> 0 | X33: =IF(E33="-",-1,1) -> -1
B34: 62 | C34: =VLOOKUP(B34,'Balancete Ano'!A$5:E$656,3,0) -> Fornecimentos e serviços externos | D34: SL | E34: - | F34: F | G34: =W34 -> 0 | I34: =G34+H34 -> 0 | M34: =VLOOKUP(B34,'Balancete ano anterior'!A$5:E$656,4,0) -> 0 | N34: =VLOOKUP(B34,'Balancete ano anterior'!A$5:E$656,5,0) -> 0 | O34: =-(M34-N34) -> 0 | P34: =VLOOKUP(B34,'Balancete Ano'!A$5:E$656,4,0) -> 0 | Q34: =VLOOKUP(B34,'Balancete Ano'!A$5:E$656,5,0) -> 0 | R34: =-(P34-Q34) -> 0 | S34: =R34-O34 -> 0 | T34: =IF(AND(F34="I",D34="SD"),M34,IF(AND(F34="I",D34="SC"),N34,IF(AND(F34="I",D34="SL"),O34,0))) -> 0 | U34: =IF(AND(F34="F",D34="SD"),P34,IF(AND(F34="F",D34="SC"),Q34,IF(AND(F34="F",D34="SL"),R34,0))) -> 0 | V34: =IF(AND(F34="V",D34="SL"),S34,0) -> 0 | W34: =SUM(T34:V34)*X34 -> 0 | X34: =IF(E34="-",-1,1) -> -1
B35: 39 | C35: =VLOOKUP(B35,'Balancete Ano'!A$5:E$656,3,0) -> Adiantamentos por conta de compras | D35: SL | E35: - | F35: V | G35: =W35 -> 0 | I35: =G35+H35 -> 0 | M35: =VLOOKUP(B35,'Balancete ano anterior'!A$5:E$656,4,0) -> 0 | N35: =VLOOKUP(B35,'Balancete ano anterior'!A$5:E$656,5,0) -> 0 | O35: =-(M35-N35) -> 0 | P35: =VLOOKUP(B35,'Balancete Ano'!A$5:E$656,4,0) -> 0 | Q35: =VLOOKUP(B35,'Balancete Ano'!A$5:E$656,5,0) -> 0 | R35: =-(P35-Q35) -> 0 | S35: =R35-O35 -> 0 | T35: =IF(AND(F35="I",D35="SD"),M35,IF(AND(F35="I",D35="SC"),N35,IF(AND(F35="I",D35="SL"),O35,0))) -> 0 | U35: =IF(AND(F35="F",D35="SD"),P35,IF(AND(F35="F",D35="SC"),Q35,IF(AND(F35="F",D35="SL"),R35,0))) -> 0 | V35: =IF(AND(F35="V",D35="SL"),S35,0) -> 0 | W35: =SUM(T35:V35)*X35 -> 0 | X35: =IF(E35="-",-1,1) -> -1
B36: 27221 | C36: =VLOOKUP(B36,'Balancete Ano'!A$5:E$656,3,0) -> Seguros a Liquidar | D36: SL | E36: - | F36: V | G36: =W36 -> 0 | I36: =G36+H36 -> 0 | M36: =VLOOKUP(B36,'Balancete ano anterior'!A$5:E$656,4,0) -> 0 | N36: =VLOOKUP(B36,'Balancete ano anterior'!A$5:E$656,5,0) -> 0 | O36: =-(M36-N36) -> 0 | P36: =VLOOKUP(B36,'Balancete Ano'!A$5:E$656,4,0) -> 0 | Q36: =VLOOKUP(B36,'Balancete Ano'!A$5:E$656,5,0) -> 0 | R36: =-(P36-Q36) -> 0 | S36: =R36-O36 -> 0 | T36: =IF(AND(F36="I",D36="SD"),M36,IF(AND(F36="I",D36="SC"),N36,IF(AND(F36="I",D36="SL"),O36,0))) -> 0 | U36: =IF(AND(F36="F",D36="SD"),P36,IF(AND(F36="F",D36="SC"),Q36,IF(AND(F36="F",D36="SL"),R36,0))) -> 0 | V36: =IF(AND(F36="V",D36="SL"),S36,0) -> 0 | W36: =SUM(T36:V36)*X36 -> 0 | X36: =IF(E36="-",-1,1) -> -1
B37: 782 | C37: =VLOOKUP(B37,'Balancete Ano'!A$5:E$656,3,0) -> Descontos de pronto pagamento obtidos | D37: SL | E37: - | F37: F | G37: =W37 -> 0 | I37: =G37+H37 -> 0 | M37: =VLOOKUP(B37,'Balancete ano anterior'!A$5:E$656,4,0) -> 0 | N37: =VLOOKUP(B37,'Balancete ano anterior'!A$5:E$656,5,0) -> 0 | O37: =-(M37-N37) -> 0 | P37: =VLOOKUP(B37,'Balancete Ano'!A$5:E$656,4,0) -> 0 | Q37: =VLOOKUP(B37,'Balancete Ano'!A$5:E$656,5,0) -> 0 | R37: =-(P37-Q37) -> 0 | S37: =R37-O37 -> 0 | T37: =IF(AND(F37="I",D37="SD"),M37,IF(AND(F37="I",D37="SC"),N37,IF(AND(F37="I",D37="SL"),O37,0))) -> 0 | U37: =IF(AND(F37="F",D37="SD"),P37,IF(AND(F37="F",D37="SC"),Q37,IF(AND(F37="F",D37="SL"),R37,0))) -> 0 | V37: =IF(AND(F37="V",D37="SL"),S37,0) -> 0 | W37: =SUM(T37:V37)*X37 -> 0 | X37: =IF(E37="-",-1,1) -> -1
B38: 24321 | C38: =VLOOKUP(B38,EXTRA!$B$10:$D$49,2,0) -> Iva dedutivel - Existências | E38: + | G38: =VLOOKUP(B38,EXTRA!$B$10:$D$49,3,0)*X38 -> 0 | I38: =G38+H38 -> 0 | M38: =VLOOKUP(B38,'Balancete ano anterior'!A$5:E$656,4,0) -> #N/A | N38: =VLOOKUP(B38,'Balancete ano anterior'!A$5:E$656,5,0) -> #N/A | O38: =-(M38-N38) -> #N/A | P38: =VLOOKUP(B38,'Balancete Ano'!A$5:E$656,4,0) -> #N/A | Q38: =VLOOKUP(B38,'Balancete Ano'!A$5:E$656,5,0) -> #N/A | R38: =-(P38-Q38) -> #N/A | S38: =R38-O38 -> #N/A | T38: =IF(AND(F38="I",D38="SD"),M38,IF(AND(F38="I",D38="SC"),N38,IF(AND(F38="I",D38="SL"),O38,0))) -> 0 | U38: =IF(AND(F38="F",D38="SD"),P38,IF(AND(F38="F",D38="SC"),Q38,IF(AND(F38="F",D38="SL"),R38,0))) -> 0 | V38: =IF(AND(F38="V",D38="SL"),S38,0) -> 0 | W38: =SUM(T38:V38)*X38 -> 0 | X38: =IF(E38="-",-1,1) -> 1
B39: 24323 | C39: =VLOOKUP(B39,EXTRA!$B$10:$D$49,2,0) -> Iva dedutivel - Outros bens e serviços | E39: + | G39: =VLOOKUP(B39,EXTRA!$B$10:$D$49,3,0)*X39 -> 0 | I39: =G39+H39 -> 0 | M39: =VLOOKUP(B39,'Balancete ano anterior'!A$5:E$656,4,0) -> #N/A | N39: =VLOOKUP(B39,'Balancete ano anterior'!A$5:E$656,5,0) -> #N/A | O39: =-(M39-N39) -> #N/A | P39: =VLOOKUP(B39,'Balancete Ano'!A$5:E$656,4,0) -> #N/A | Q39: =VLOOKUP(B39,'Balancete Ano'!A$5:E$656,5,0) -> #N/A | R39: =-(P39-Q39) -> #N/A | S39: =R39-O39 -> #N/A | T39: =IF(AND(F39="I",D39="SD"),M39,IF(AND(F39="I",D39="SC"),N39,IF(AND(F39="I",D39="SL"),O39,0))) -> 0 | U39: =IF(AND(F39="F",D39="SD"),P39,IF(AND(F39="F",D39="SC"),Q39,IF(AND(F39="F",D39="SL"),R39,0))) -> 0 | V39: =IF(AND(F39="V",D39="SL"),S39,0) -> 0 | W39: =SUM(T39:V39)*X39 -> 0 | X39: =IF(E39="-",-1,1) -> 1
I40: =G40+H40 -> 0 | M40: =VLOOKUP(B40,'Balancete ano anterior'!A$5:E$656,4,0) -> #N/A | N40: =VLOOKUP(B40,'Balancete ano anterior'!A$5:E$656,5,0) -> #N/A | O40: =-(M40-N40) -> #N/A | P40: =VLOOKUP(B40,'Balancete Ano'!A$5:E$656,4,0) -> #N/A | Q40: =VLOOKUP(B40,'Balancete Ano'!A$5:E$656,5,0) -> #N/A | R40: =-(P40-Q40) -> #N/A | S40: =R40-O40 -> #N/A | T40: =IF(AND(F40="I",D40="SD"),M40,IF(AND(F40="I",D40="SC"),N40,IF(AND(F40="I",D40="SL"),O40,0))) -> 0 | U40: =IF(AND(F40="F",D40="SD"),P40,IF(AND(F40="F",D40="SC"),Q40,IF(AND(F40="F",D40="SL"),R40,0))) -> 0 | V40: =IF(AND(F40="V",D40="SL"),S40,0) -> 0 | W40: =SUM(T40:V40)*X40 -> 0 | X40: =IF(E40="-",-1,1) -> 1
I41: =G41+H41 -> 0 | M41: =VLOOKUP(B41,'Balancete ano anterior'!A$5:E$656,4,0) -> #N/A | N41: =VLOOKUP(B41,'Balancete ano anterior'!A$5:E$656,5,0) -> #N/A | O41: =-(M41-N41) -> #N/A | P41: =VLOOKUP(B41,'Balancete Ano'!A$5:E$656,4,0) -> #N/A | Q41: =VLOOKUP(B41,'Balancete Ano'!A$5:E$656,5,0) -> #N/A | R41: =-(P41-Q41) -> #N/A | S41: =R41-O41 -> #N/A | T41: =IF(AND(F41="I",D41="SD"),M41,IF(AND(F41="I",D41="SC"),N41,IF(AND(F41="I",D41="SL"),O41,0))) -> 0 | U41: =IF(AND(F41="F",D41="SD"),P41,IF(AND(F41="F",D41="SC"),Q41,IF(AND(F41="F",D41="SL"),R41,0))) -> 0 | V41: =IF(AND(F41="V",D41="SL"),S41,0) -> 0 | W41: =SUM(T41:V41)*X41 -> 0 | X41: =IF(E41="-",-1,1) -> 1
I42: =G42+H42 -> 0 | M42: =VLOOKUP(B42,'Balancete ano anterior'!A$5:E$656,4,0) -> #N/A | N42: =VLOOKUP(B42,'Balancete ano anterior'!A$5:E$656,5,0) -> #N/A | O42: =-(M42-N42) -> #N/A | P42: =VLOOKUP(B42,'Balancete Ano'!A$5:E$656,4,0) -> #N/A | Q42: =VLOOKUP(B42,'Balancete Ano'!A$5:E$656,5,0) -> #N/A | R42: =-(P42-Q42) -> #N/A | S42: =R42-O42 -> #N/A | T42: =IF(AND(F42="I",D42="SD"),M42,IF(AND(F42="I",D42="SC"),N42,IF(AND(F42="I",D42="SL"),O42,0))) -> 0 | U42: =IF(AND(F42="F",D42="SD"),P42,IF(AND(F42="F",D42="SC"),Q42,IF(AND(F42="F",D42="SL"),R42,0))) -> 0 | V42: =IF(AND(F42="V",D42="SL"),S42,0) -> 0 | W42: =SUM(T42:V42)*X42 -> 0 | X42: =IF(E42="-",-1,1) -> 1
I43: =G43+H43 -> 0 | M43: =VLOOKUP(B43,'Balancete ano anterior'!A$5:E$656,4,0) -> #N/A | N43: =VLOOKUP(B43,'Balancete ano anterior'!A$5:E$656,5,0) -> #N/A | O43: =-(M43-N43) -> #N/A | P43: =VLOOKUP(B43,'Balancete Ano'!A$5:E$656,4,0) -> #N/A | Q43: =VLOOKUP(B43,'Balancete Ano'!A$5:E$656,5,0) -> #N/A | R43: =-(P43-Q43) -> #N/A | S43: =R43-O43 -> #N/A | T43: =IF(AND(F43="I",D43="SD"),M43,IF(AND(F43="I",D43="SC"),N43,IF(AND(F43="I",D43="SL"),O43,0))) -> 0 | U43: =IF(AND(F43="F",D43="SD"),P43,IF(AND(F43="F",D43="SC"),Q43,IF(AND(F43="F",D43="SL"),R43,0))) -> 0 | V43: =IF(AND(F43="V",D43="SL"),S43,0) -> 0 | W43: =SUM(T43:V43)*X43 -> 0 | X43: =IF(E43="-",-1,1) -> 1
I44: =G44+H44 -> 0 | M44: =VLOOKUP(B44,'Balancete ano anterior'!A$5:E$656,4,0) -> #N/A | N44: =VLOOKUP(B44,'Balancete ano anterior'!A$5:E$656,5,0) -> #N/A | O44: =-(M44-N44) -> #N/A | P44: =VLOOKUP(B44,'Balancete Ano'!A$5:E$656,4,0) -> #N/A | Q44: =VLOOKUP(B44,'Balancete Ano'!A$5:E$656,5,0) -> #N/A | R44: =-(P44-Q44) -> #N/A | S44: =R44-O44 -> #N/A | T44: =IF(AND(F44="I",D44="SD"),M44,IF(AND(F44="I",D44="SC"),N44,IF(AND(F44="I",D44="SL"),O44,0))) -> 0 | U44: =IF(AND(F44="F",D44="SD"),P44,IF(AND(F44="F",D44="SC"),Q44,IF(AND(F44="F",D44="SL"),R44,0))) -> 0 | V44: =IF(AND(F44="V",D44="SL"),S44,0) -> 0 | W44: =SUM(T44:V44)*X44 -> 0 | X44: =IF(E44="-",-1,1) -> 1
I45: =G45+H45 -> 0 | M45: =VLOOKUP(B45,'Balancete ano anterior'!A$5:E$656,4,0) -> #N/A | N45: =VLOOKUP(B45,'Balancete ano anterior'!A$5:E$656,5,0) -> #N/A | O45: =-(M45-N45) -> #N/A | P45: =VLOOKUP(B45,'Balancete Ano'!A$5:E$656,4,0) -> #N/A | Q45: =VLOOKUP(B45,'Balancete Ano'!A$5:E$656,5,0) -> #N/A | R45: =-(P45-Q45) -> #N/A | S45: =R45-O45 -> #N/A | T45: =IF(AND(F45="I",D45="SD"),M45,IF(AND(F45="I",D45="SC"),N45,IF(AND(F45="I",D45="SL"),O45,0))) -> 0 | U45: =IF(AND(F45="F",D45="SD"),P45,IF(AND(F45="F",D45="SC"),Q45,IF(AND(F45="F",D45="SL"),R45,0))) -> 0 | V45: =IF(AND(F45="V",D45="SL"),S45,0) -> 0 | W45: =SUM(T45:V45)*X45 -> 0 | X45: =IF(E45="-",-1,1) -> 1
I46: =G46+H46 -> 0 | M46: =VLOOKUP(B46,'Balancete ano anterior'!A$5:E$656,4,0) -> #N/A | N46: =VLOOKUP(B46,'Balancete ano anterior'!A$5:E$656,5,0) -> #N/A | O46: =-(M46-N46) -> #N/A | P46: =VLOOKUP(B46,'Balancete Ano'!A$5:E$656,4,0) -> #N/A | Q46: =VLOOKUP(B46,'Balancete Ano'!A$5:E$656,5,0) -> #N/A | R46: =-(P46-Q46) -> #N/A | S46: =R46-O46 -> #N/A | T46: =IF(AND(F46="I",D46="SD"),M46,IF(AND(F46="I",D46="SC"),N46,IF(AND(F46="I",D46="SL"),O46,0))) -> 0 | U46: =IF(AND(F46="F",D46="SD"),P46,IF(AND(F46="F",D46="SC"),Q46,IF(AND(F46="F",D46="SL"),R46,0))) -> 0 | V46: =IF(AND(F46="V",D46="SL"),S46,0) -> 0 | W46: =SUM(T46:V46)*X46 -> 0 | X46: =IF(E46="-",-1,1) -> 1
H47: Soma | I47: =SUM(I31:I46) -> 0 | M47: =VLOOKUP(B47,'Balancete ano anterior'!A$5:E$656,4,0) -> #N/A | N47: =VLOOKUP(B47,'Balancete ano anterior'!A$5:E$656,5,0) -> #N/A | O47: =-(M47-N47) -> #N/A | P47: =VLOOKUP(B47,'Balancete Ano'!A$5:E$656,4,0) -> #N/A | Q47: =VLOOKUP(B47,'Balancete Ano'!A$5:E$656,5,0) -> #N/A | R47: =-(P47-Q47) -> #N/A | S47: =R47-O47 -> #N/A | T47: =IF(AND(F47="I",D47="SD"),M47,IF(AND(F47="I",D47="SC"),N47,IF(AND(F47="I",D47="SL"),O47,0))) -> 0 | U47: =IF(AND(F47="F",D47="SD"),P47,IF(AND(F47="F",D47="SC"),Q47,IF(AND(F47="F",D47="SL"),R47,0))) -> 0 | V47: =IF(AND(F47="V",D47="SL"),S47,0) -> 0 | W47: =SUM(T47:V47)*X47 -> 0 | X47: =IF(E47="-",-1,1) -> 1
M48: =VLOOKUP(B48,'Balancete ano anterior'!A$5:E$656,4,0) -> #N/A | N48: =VLOOKUP(B48,'Balancete ano anterior'!A$5:E$656,5,0) -> #N/A | O48: =-(M48-N48) -> #N/A | P48: =VLOOKUP(B48,'Balancete Ano'!A$5:E$656,4,0) -> #N/A | Q48: =VLOOKUP(B48,'Balancete Ano'!A$5:E$656,5,0) -> #N/A | R48: =-(P48-Q48) -> #N/A | S48: =R48-O48 -> #N/A | T48: =IF(AND(F48="I",D48="SD"),M48,IF(AND(F48="I",D48="SC"),N48,IF(AND(F48="I",D48="SL"),O48,0))) -> 0 | U48: =IF(AND(F48="F",D48="SD"),P48,IF(AND(F48="F",D48="SC"),Q48,IF(AND(F48="F",D48="SL"),R48,0))) -> 0 | V48: =IF(AND(F48="V",D48="SL"),S48,0) -> 0 | W48: =SUM(T48:V48)*X48 -> 0 | X48: =IF(E48="-",-1,1) -> 1
B49: Pagamentos ao pessoal | M49: =VLOOKUP(B49,'Balancete ano anterior'!A$5:E$656,4,0) -> #N/A | N49: =VLOOKUP(B49,'Balancete ano anterior'!A$5:E$656,5,0) -> #N/A | O49: =-(M49-N49) -> #N/A | P49: =VLOOKUP(B49,'Balancete Ano'!A$5:E$656,4,0) -> #N/A | Q49: =VLOOKUP(B49,'Balancete Ano'!A$5:E$656,5,0) -> #N/A | R49: =-(P49-Q49) -> #N/A | S49: =R49-O49 -> #N/A | T49: =IF(AND(F49="I",D49="SD"),M49,IF(AND(F49="I",D49="SC"),N49,IF(AND(F49="I",D49="SL"),O49,0))) -> 0 | U49: =IF(AND(F49="F",D49="SD"),P49,IF(AND(F49="F",D49="SC"),Q49,IF(AND(F49="F",D49="SL"),R49,0))) -> 0 | V49: =IF(AND(F49="V",D49="SL"),S49,0) -> 0 | W49: =SUM(T49:V49)*X49 -> 0 | X49: =IF(E49="-",-1,1) -> 1
M50: =VLOOKUP(B50,'Balancete ano anterior'!A$5:E$656,4,0) -> #N/A | N50: =VLOOKUP(B50,'Balancete ano anterior'!A$5:E$656,5,0) -> #N/A | O50: =-(M50-N50) -> #N/A | P50: =VLOOKUP(B50,'Balancete Ano'!A$5:E$656,4,0) -> #N/A | Q50: =VLOOKUP(B50,'Balancete Ano'!A$5:E$656,5,0) -> #N/A | R50: =-(P50-Q50) -> #N/A | S50: =R50-O50 -> #N/A | T50: =IF(AND(F50="I",D50="SD"),M50,IF(AND(F50="I",D50="SC"),N50,IF(AND(F50="I",D50="SL"),O50,0))) -> 0 | U50: =IF(AND(F50="F",D50="SD"),P50,IF(AND(F50="F",D50="SC"),Q50,IF(AND(F50="F",D50="SL"),R50,0))) -> 0 | V50: =IF(AND(F50="V",D50="SL"),S50,0) -> 0 | W50: =SUM(T50:V50)*X50 -> 0 | X50: =IF(E50="-",-1,1) -> 1
B51: Conta | C51: Descrição | D51: Mov/Sld | E51: Sinal | F51: I/F/V | G51: Valor | H51: Ajuste | I51: Valor ajustado | M51: =VLOOKUP(B51,'Balancete ano anterior'!A$5:E$656,4,0) -> #N/A | N51: =VLOOKUP(B51,'Balancete ano anterior'!A$5:E$656,5,0) -> #N/A | O51: =-(M51-N51) -> #N/A | P51: =VLOOKUP(B51,'Balancete Ano'!A$5:E$656,4,0) -> #N/A | Q51: =VLOOKUP(B51,'Balancete Ano'!A$5:E$656,5,0) -> #N/A | R51: =-(P51-Q51) -> #N/A | S51: =R51-O51 -> #N/A | T51: =IF(AND(F51="I",D51="SD"),M51,IF(AND(F51="I",D51="SC"),N51,IF(AND(F51="I",D51="SL"),O51,0))) -> 0 | U51: =IF(AND(F51="F",D51="SD"),P51,IF(AND(F51="F",D51="SC"),Q51,IF(AND(F51="F",D51="SL"),R51,0))) -> 0 | V51: =IF(AND(F51="V",D51="SL"),S51,0) -> 0 | W51: =SUM(T51:V51)*X51 -> 0 | X51: =IF(E51="-",-1,1) -> 1
M52: =VLOOKUP(B52,'Balancete ano anterior'!A$5:E$656,4,0) -> #N/A | N52: =VLOOKUP(B52,'Balancete ano anterior'!A$5:E$656,5,0) -> #N/A | O52: =-(M52-N52) -> #N/A | P52: =VLOOKUP(B52,'Balancete Ano'!A$5:E$656,4,0) -> #N/A | Q52: =VLOOKUP(B52,'Balancete Ano'!A$5:E$656,5,0) -> #N/A | R52: =-(P52-Q52) -> #N/A | S52: =R52-O52 -> #N/A | T52: =IF(AND(F52="I",D52="SD"),M52,IF(AND(F52="I",D52="SC"),N52,IF(AND(F52="I",D52="SL"),O52,0))) -> 0 | U52: =IF(AND(F52="F",D52="SD"),P52,IF(AND(F52="F",D52="SC"),Q52,IF(AND(F52="F",D52="SL"),R52,0))) -> 0 | V52: =IF(AND(F52="V",D52="SL"),S52,0) -> 0 | W52: =SUM(T52:V52)*X52 -> 0 | X52: =IF(E52="-",-1,1) -> 1
B53: 23 | C53: =VLOOKUP(B53,'Balancete Ano'!A$5:E$656,3,0) -> Pessoal | D53: SL | E53: - | F53: V | G53: =W53 -> 0 | I53: =G53+H53 -> 0 | M53: =VLOOKUP(B53,'Balancete ano anterior'!A$5:E$656,4,0) -> 0 | N53: =VLOOKUP(B53,'Balancete ano anterior'!A$5:E$656,5,0) -> 0 | O53: =-(M53-N53) -> 0 | P53: =VLOOKUP(B53,'Balancete Ano'!A$5:E$656,4,0) -> 0 | Q53: =VLOOKUP(B53,'Balancete Ano'!A$5:E$656,5,0) -> 0 | R53: =-(P53-Q53) -> 0 | S53: =R53-O53 -> 0 | T53: =IF(AND(F53="I",D53="SD"),M53,IF(AND(F53="I",D53="SC"),N53,IF(AND(F53="I",D53="SL"),O53,0))) -> 0 | U53: =IF(AND(F53="F",D53="SD"),P53,IF(AND(F53="F",D53="SC"),Q53,IF(AND(F53="F",D53="SL"),R53,0))) -> 0 | V53: =IF(AND(F53="V",D53="SL"),S53,0) -> 0 | W53: =SUM(T53:V53)*X53 -> 0 | X53: =IF(E53="-",-1,1) -> -1
B54: 239 | C54: =VLOOKUP(B54,'Balancete Ano'!A$5:E$656,3,0) -> Perdas por imparidade acumuladas | D54: SL | E54: + | F54: V | G54: =W54 -> 0 | I54: =G54+H54 -> 0 | M54: =VLOOKUP(B54,'Balancete ano anterior'!A$5:E$656,4,0) -> 0 | N54: =VLOOKUP(B54,'Balancete ano anterior'!A$5:E$656,5,0) -> 0 | O54: =-(M54-N54) -> 0 | P54: =VLOOKUP(B54,'Balancete Ano'!A$5:E$656,4,0) -> 0 | Q54: =VLOOKUP(B54,'Balancete Ano'!A$5:E$656,5,0) -> 0 | R54: =-(P54-Q54) -> 0 | S54: =R54-O54 -> 0 | T54: =IF(AND(F54="I",D54="SD"),M54,IF(AND(F54="I",D54="SC"),N54,IF(AND(F54="I",D54="SL"),O54,0))) -> 0 | U54: =IF(AND(F54="F",D54="SD"),P54,IF(AND(F54="F",D54="SC"),Q54,IF(AND(F54="F",D54="SL"),R54,0))) -> 0 | V54: =IF(AND(F54="V",D54="SL"),S54,0) -> 0 | W54: =SUM(T54:V54)*X54 -> 0 | X54: =IF(E54="-",-1,1) -> 1
B55: 63 | C55: =VLOOKUP(B55,'Balancete Ano'!A$5:E$656,3,0) -> Gastos com o pessoal | D55: SL | E55: - | F55: F | G55: =W55 -> 0 | I55: =G55+H55 -> 0 | M55: =VLOOKUP(B55,'Balancete ano anterior'!A$5:E$656,4,0) -> 0 | N55: =VLOOKUP(B55,'Balancete ano anterior'!A$5:E$656,5,0) -> 0 | O55: =-(M55-N55) -> 0 | P55: =VLOOKUP(B55,'Balancete Ano'!A$5:E$656,4,0) -> 0 | Q55: =VLOOKUP(B55,'Balancete Ano'!A$5:E$656,5,0) -> 0 | R55: =-(P55-Q55) -> 0 | S55: =R55-O55 -> 0 | T55: =IF(AND(F55="I",D55="SD"),M55,IF(AND(F55="I",D55="SC"),N55,IF(AND(F55="I",D55="SL"),O55,0))) -> 0 | U55: =IF(AND(F55="F",D55="SD"),P55,IF(AND(F55="F",D55="SC"),Q55,IF(AND(F55="F",D55="SL"),R55,0))) -> 0 | V55: =IF(AND(F55="V",D55="SL"),S55,0) -> 0 | W55: =SUM(T55:V55)*X55 -> 0 | X55: =IF(E55="-",-1,1) -> -1
B56: 27222 | C56: =VLOOKUP(B56,'Balancete Ano'!A$5:E$656,3,0) -> Remunerações a liquidar | D56: SL | E56: - | F56: V | G56: =W56 -> 0 | I56: =G56+H56 -> 0 | M56: =VLOOKUP(B56,'Balancete ano anterior'!A$5:E$656,4,0) -> 0 | N56: =VLOOKUP(B56,'Balancete ano anterior'!A$5:E$656,5,0) -> 0 | O56: =-(M56-N56) -> 0 | P56: =VLOOKUP(B56,'Balancete Ano'!A$5:E$656,4,0) -> 0 | Q56: =VLOOKUP(B56,'Balancete Ano'!A$5:E$656,5,0) -> 0 | R56: =-(P56-Q56) -> 0 | S56: =R56-O56 -> 0 | T56: =IF(AND(F56="I",D56="SD"),M56,IF(AND(F56="I",D56="SC"),N56,IF(AND(F56="I",D56="SL"),O56,0))) -> 0 | U56: =IF(AND(F56="F",D56="SD"),P56,IF(AND(F56="F",D56="SC"),Q56,IF(AND(F56="F",D56="SL"),R56,0))) -> 0 | V56: =IF(AND(F56="V",D56="SL"),S56,0) -> 0 | W56: =SUM(T56:V56)*X56 -> 0 | X56: =IF(E56="-",-1,1) -> -1
I57: =G57+H57 -> 0 | M57: =VLOOKUP(B57,'Balancete ano anterior'!A$5:E$656,4,0) -> #N/A | N57: =VLOOKUP(B57,'Balancete ano anterior'!A$5:E$656,5,0) -> #N/A | O57: =-(M57-N57) -> #N/A | P57: =VLOOKUP(B57,'Balancete Ano'!A$5:E$656,4,0) -> #N/A | Q57: =VLOOKUP(B57,'Balancete Ano'!A$5:E$656,5,0) -> #N/A | R57: =-(P57-Q57) -> #N/A | S57: =R57-O57 -> #N/A | T57: =IF(AND(F57="I",D57="SD"),M57,IF(AND(F57="I",D57="SC"),N57,IF(AND(F57="I",D57="SL"),O57,0))) -> 0 | U57: =IF(AND(F57="F",D57="SD"),P57,IF(AND(F57="F",D57="SC"),Q57,IF(AND(F57="F",D57="SL"),R57,0))) -> 0 | V57: =IF(AND(F57="V",D57="SL"),S57,0) -> 0 | W57: =SUM(T57:V57)*X57 -> 0 | X57: =IF(E57="-",-1,1) -> 1
I58: =G58+H58 -> 0 | M58: =VLOOKUP(B58,'Balancete ano anterior'!A$5:E$656,4,0) -> #N/A | N58: =VLOOKUP(B58,'Balancete ano anterior'!A$5:E$656,5,0) -> #N/A | O58: =-(M58-N58) -> #N/A | P58: =VLOOKUP(B58,'Balancete Ano'!A$5:E$656,4,0) -> #N/A | Q58: =VLOOKUP(B58,'Balancete Ano'!A$5:E$656,5,0) -> #N/A | R58: =-(P58-Q58) -> #N/A | S58: =R58-O58 -> #N/A | T58: =IF(AND(F58="I",D58="SD"),M58,IF(AND(F58="I",D58="SC"),N58,IF(AND(F58="I",D58="SL"),O58,0))) -> 0 | U58: =IF(AND(F58="F",D58="SD"),P58,IF(AND(F58="F",D58="SC"),Q58,IF(AND(F58="F",D58="SL"),R58,0))) -> 0 | V58: =IF(AND(F58="V",D58="SL"),S58,0) -> 0 | W58: =SUM(T58:V58)*X58 -> 0 | X58: =IF(E58="-",-1,1) -> 1
I59: =G59+H59 -> 0 | M59: =VLOOKUP(B59,'Balancete ano anterior'!A$5:E$656,4,0) -> #N/A | N59: =VLOOKUP(B59,'Balancete ano anterior'!A$5:E$656,5,0) -> #N/A | O59: =-(M59-N59) -> #N/A | P59: =VLOOKUP(B59,'Balancete Ano'!A$5:E$656,4,0) -> #N/A | Q59: =VLOOKUP(B59,'Balancete Ano'!A$5:E$656,5,0) -> #N/A | R59: =-(P59-Q59) -> #N/A | S59: =R59-O59 -> #N/A | T59: =IF(AND(F59="I",D59="SD"),M59,IF(AND(F59="I",D59="SC"),N59,IF(AND(F59="I",D59="SL"),O59,0))) -> 0 | U59: =IF(AND(F59="F",D59="SD"),P59,IF(AND(F59="F",D59="SC"),Q59,IF(AND(F59="F",D59="SL"),R59,0))) -> 0 | V59: =IF(AND(F59="V",D59="SL"),S59,0) -> 0 | W59: =SUM(T59:V59)*X59 -> 0 | X59: =IF(E59="-",-1,1) -> 1
H60: Soma | I60: =SUM(I53:I59) -> 0 | M60: =VLOOKUP(B60,'Balancete ano anterior'!A$5:E$656,4,0) -> #N/A | N60: =VLOOKUP(B60,'Balancete ano anterior'!A$5:E$656,5,0) -> #N/A | O60: =-(M60-N60) -> #N/A | P60: =VLOOKUP(B60,'Balancete Ano'!A$5:E$656,4,0) -> #N/A | Q60: =VLOOKUP(B60,'Balancete Ano'!A$5:E$656,5,0) -> #N/A | R60: =-(P60-Q60) -> #N/A | S60: =R60-O60 -> #N/A | T60: =IF(AND(F60="I",D60="SD"),M60,IF(AND(F60="I",D60="SC"),N60,IF(AND(F60="I",D60="SL"),O60,0))) -> 0 | U60: =IF(AND(F60="F",D60="SD"),P60,IF(AND(F60="F",D60="SC"),Q60,IF(AND(F60="F",D60="SL"),R60,0))) -> 0 | V60: =IF(AND(F60="V",D60="SL"),S60,0) -> 0 | W60: =SUM(T60:V60)*X60 -> 0 | X60: =IF(E60="-",-1,1) -> 1
M61: =VLOOKUP(B61,'Balancete ano anterior'!A$5:E$656,4,0) -> #N/A | N61: =VLOOKUP(B61,'Balancete ano anterior'!A$5:E$656,5,0) -> #N/A | O61: =-(M61-N61) -> #N/A | P61: =VLOOKUP(B61,'Balancete Ano'!A$5:E$656,4,0) -> #N/A | Q61: =VLOOKUP(B61,'Balancete Ano'!A$5:E$656,5,0) -> #N/A | R61: =-(P61-Q61) -> #N/A | S61: =R61-O61 -> #N/A | T61: =IF(AND(F61="I",D61="SD"),M61,IF(AND(F61="I",D61="SC"),N61,IF(AND(F61="I",D61="SL"),O61,0))) -> 0 | U61: =IF(AND(F61="F",D61="SD"),P61,IF(AND(F61="F",D61="SC"),Q61,IF(AND(F61="F",D61="SL"),R61,0))) -> 0 | V61: =IF(AND(F61="V",D61="SL"),S61,0) -> 0 | W61: =SUM(T61:V61)*X61 -> 0 | X61: =IF(E61="-",-1,1) -> 1
B62: Pagamento / recebimento IRC | M62: =VLOOKUP(B62,'Balancete ano anterior'!A$5:E$656,4,0) -> #N/A | N62: =VLOOKUP(B62,'Balancete ano anterior'!A$5:E$656,5,0) -> #N/A | O62: =-(M62-N62) -> #N/A | P62: =VLOOKUP(B62,'Balancete Ano'!A$5:E$656,4,0) -> #N/A | Q62: =VLOOKUP(B62,'Balancete Ano'!A$5:E$656,5,0) -> #N/A | R62: =-(P62-Q62) -> #N/A | S62: =R62-O62 -> #N/A | T62: =IF(AND(F62="I",D62="SD"),M62,IF(AND(F62="I",D62="SC"),N62,IF(AND(F62="I",D62="SL"),O62,0))) -> 0 | U62: =IF(AND(F62="F",D62="SD"),P62,IF(AND(F62="F",D62="SC"),Q62,IF(AND(F62="F",D62="SL"),R62,0))) -> 0 | V62: =IF(AND(F62="V",D62="SL"),S62,0) -> 0 | W62: =SUM(T62:V62)*X62 -> 0 | X62: =IF(E62="-",-1,1) -> 1
M63: =VLOOKUP(B63,'Balancete ano anterior'!A$5:E$656,4,0) -> #N/A | N63: =VLOOKUP(B63,'Balancete ano anterior'!A$5:E$656,5,0) -> #N/A | O63: =-(M63-N63) -> #N/A | P63: =VLOOKUP(B63,'Balancete Ano'!A$5:E$656,4,0) -> #N/A | Q63: =VLOOKUP(B63,'Balancete Ano'!A$5:E$656,5,0) -> #N/A | R63: =-(P63-Q63) -> #N/A | S63: =R63-O63 -> #N/A | T63: =IF(AND(F63="I",D63="SD"),M63,IF(AND(F63="I",D63="SC"),N63,IF(AND(F63="I",D63="SL"),O63,0))) -> 0 | U63: =IF(AND(F63="F",D63="SD"),P63,IF(AND(F63="F",D63="SC"),Q63,IF(AND(F63="F",D63="SL"),R63,0))) -> 0 | V63: =IF(AND(F63="V",D63="SL"),S63,0) -> 0 | W63: =SUM(T63:V63)*X63 -> 0 | X63: =IF(E63="-",-1,1) -> 1
B64: Conta | C64: Descrição | D64: Mov/Sld | E64: Sinal | F64: I/F/V | G64: Valor | H64: Ajuste | I64: Valor ajustado | M64: =VLOOKUP(B64,'Balancete ano anterior'!A$5:E$656,4,0) -> #N/A | N64: =VLOOKUP(B64,'Balancete ano anterior'!A$5:E$656,5,0) -> #N/A | O64: =-(M64-N64) -> #N/A | P64: =VLOOKUP(B64,'Balancete Ano'!A$5:E$656,4,0) -> #N/A | Q64: =VLOOKUP(B64,'Balancete Ano'!A$5:E$656,5,0) -> #N/A | R64: =-(P64-Q64) -> #N/A | S64: =R64-O64 -> #N/A | T64: =IF(AND(F64="I",D64="SD"),M64,IF(AND(F64="I",D64="SC"),N64,IF(AND(F64="I",D64="SL"),O64,0))) -> 0 | U64: =IF(AND(F64="F",D64="SD"),P64,IF(AND(F64="F",D64="SC"),Q64,IF(AND(F64="F",D64="SL"),R64,0))) -> 0 | V64: =IF(AND(F64="V",D64="SL"),S64,0) -> 0 | W64: =SUM(T64:V64)*X64 -> 0 | X64: =IF(E64="-",-1,1) -> 1
M65: =VLOOKUP(B65,'Balancete ano anterior'!A$5:E$656,4,0) -> #N/A | N65: =VLOOKUP(B65,'Balancete ano anterior'!A$5:E$656,5,0) -> #N/A | O65: =-(M65-N65) -> #N/A | P65: =VLOOKUP(B65,'Balancete Ano'!A$5:E$656,4,0) -> #N/A | Q65: =VLOOKUP(B65,'Balancete Ano'!A$5:E$656,5,0) -> #N/A | R65: =-(P65-Q65) -> #N/A | S65: =R65-O65 -> #N/A | T65: =IF(AND(F65="I",D65="SD"),M65,IF(AND(F65="I",D65="SC"),N65,IF(AND(F65="I",D65="SL"),O65,0))) -> 0 | U65: =IF(AND(F65="F",D65="SD"),P65,IF(AND(F65="F",D65="SC"),Q65,IF(AND(F65="F",D65="SL"),R65,0))) -> 0 | V65: =IF(AND(F65="V",D65="SL"),S65,0) -> 0 | W65: =SUM(T65:V65)*X65 -> 0 | X65: =IF(E65="-",-1,1) -> 1
B66: 241 | C66: =VLOOKUP(B66,'Balancete Ano'!A$5:E$656,3,0) -> Imposto sobre o rendimento | D66: SL | E66: - | F66: V | G66: =W66 -> 0 | I66: =G66+H66 -> 0 | M66: =VLOOKUP(B66,'Balancete ano anterior'!A$5:E$656,4,0) -> 0 | N66: =VLOOKUP(B66,'Balancete ano anterior'!A$5:E$656,5,0) -> 0 | O66: =-(M66-N66) -> 0 | P66: =VLOOKUP(B66,'Balancete Ano'!A$5:E$656,4,0) -> 0 | Q66: =VLOOKUP(B66,'Balancete Ano'!A$5:E$656,5,0) -> 0 | R66: =-(P66-Q66) -> 0 | S66: =R66-O66 -> 0 | T66: =IF(AND(F66="I",D66="SD"),M66,IF(AND(F66="I",D66="SC"),N66,IF(AND(F66="I",D66="SL"),O66,0))) -> 0 | U66: =IF(AND(F66="F",D66="SD"),P66,IF(AND(F66="F",D66="SC"),Q66,IF(AND(F66="F",D66="SL"),R66,0))) -> 0 | V66: =IF(AND(F66="V",D66="SL"),S66,0) -> 0 | W66: =SUM(T66:V66)*X66 -> 0 | X66: =IF(E66="-",-1,1) -> -1
B67: 812 | C67: =VLOOKUP(B67,'Balancete Ano'!A$5:E$656,3,0) -> Imposto sobre o rendimento do período | D67: SL | E67: - | F67: F | G67: =W67 -> 0 | I67: =G67+H67 -> 0 | M67: =VLOOKUP(B67,'Balancete ano anterior'!A$5:E$656,4,0) -> 0 | N67: =VLOOKUP(B67,'Balancete ano anterior'!A$5:E$656,5,0) -> 0 | O67: =-(M67-N67) -> 0 | P67: =VLOOKUP(B67,'Balancete Ano'!A$5:E$656,4,0) -> 0 | Q67: =VLOOKUP(B67,'Balancete Ano'!A$5:E$656,5,0) -> 0 | R67: =-(P67-Q67) -> 0 | S67: =R67-O67 -> 0 | T67: =IF(AND(F67="I",D67="SD"),M67,IF(AND(F67="I",D67="SC"),N67,IF(AND(F67="I",D67="SL"),O67,0))) -> 0 | U67: =IF(AND(F67="F",D67="SD"),P67,IF(AND(F67="F",D67="SC"),Q67,IF(AND(F67="F",D67="SL"),R67,0))) -> 0 | V67: =IF(AND(F67="V",D67="SL"),S67,0) -> 0 | W67: =SUM(T67:V67)*X67 -> 0 | X67: =IF(E67="-",-1,1) -> -1
B68: 7882 | C68: =VLOOKUP(B68,'Balancete Ano'!A$5:E$656,3,0) -> Excesso da estimativa para impostos | D68: SL | E68: - | F68: F | G68: =W68 -> 0 | I68: =G68+H68 -> 0 | M68: =VLOOKUP(B68,'Balancete ano anterior'!A$5:E$656,4,0) -> 0 | N68: =VLOOKUP(B68,'Balancete ano anterior'!A$5:E$656,5,0) -> 0 | O68: =-(M68-N68) -> 0 | P68: =VLOOKUP(B68,'Balancete Ano'!A$5:E$656,4,0) -> 0 | Q68: =VLOOKUP(B68,'Balancete Ano'!A$5:E$656,5,0) -> 0 | R68: =-(P68-Q68) -> 0 | S68: =R68-O68 -> 0 | T68: =IF(AND(F68="I",D68="SD"),M68,IF(AND(F68="I",D68="SC"),N68,IF(AND(F68="I",D68="SL"),O68,0))) -> 0 | U68: =IF(AND(F68="F",D68="SD"),P68,IF(AND(F68="F",D68="SC"),Q68,IF(AND(F68="F",D68="SL"),R68,0))) -> 0 | V68: =IF(AND(F68="V",D68="SL"),S68,0) -> 0 | W68: =SUM(T68:V68)*X68 -> 0 | X68: =IF(E68="-",-1,1) -> -1
B69: 7885 | C69: =VLOOKUP(B69,'Balancete Ano'!A$5:E$656,3,0) -> Restituição de impostos | D69: SL | E69: - | F69: F | G69: =W69 -> 0 | I69: =G69+H69 -> 0 | M69: =VLOOKUP(B69,'Balancete ano anterior'!A$5:E$656,4,0) -> 0 | N69: =VLOOKUP(B69,'Balancete ano anterior'!A$5:E$656,5,0) -> 0 | O69: =-(M69-N69) -> 0 | P69: =VLOOKUP(B69,'Balancete Ano'!A$5:E$656,4,0) -> 0 | Q69: =VLOOKUP(B69,'Balancete Ano'!A$5:E$656,5,0) -> 0 | R69: =-(P69-Q69) -> 0 | S69: =R69-O69 -> 0 | T69: =IF(AND(F69="I",D69="SD"),M69,IF(AND(F69="I",D69="SC"),N69,IF(AND(F69="I",D69="SL"),O69,0))) -> 0 | U69: =IF(AND(F69="F",D69="SD"),P69,IF(AND(F69="F",D69="SC"),Q69,IF(AND(F69="F",D69="SL"),R69,0))) -> 0 | V69: =IF(AND(F69="V",D69="SL"),S69,0) -> 0 | W69: =SUM(T69:V69)*X69 -> 0 | X69: =IF(E69="-",-1,1) -> -1
B70: 6885 | C70: =VLOOKUP(B70,'Balancete Ano'!A$5:E$656,3,0) -> Insuficiência da estimativa para impostos | D70: SL | E70: - | F70: F | G70: =W70 -> 0 | I70: =G70+H70 -> 0 | M70: =VLOOKUP(B70,'Balancete ano anterior'!A$5:E$656,4,0) -> 0 | N70: =VLOOKUP(B70,'Balancete ano anterior'!A$5:E$656,5,0) -> 0 | O70: =-(M70-N70) -> 0 | P70: =VLOOKUP(B70,'Balancete Ano'!A$5:E$656,4,0) -> 0 | Q70: =VLOOKUP(B70,'Balancete Ano'!A$5:E$656,5,0) -> 0 | R70: =-(P70-Q70) -> 0 | S70: =R70-O70 -> 0 | T70: =IF(AND(F70="I",D70="SD"),M70,IF(AND(F70="I",D70="SC"),N70,IF(AND(F70="I",D70="SL"),O70,0))) -> 0 | U70: =IF(AND(F70="F",D70="SD"),P70,IF(AND(F70="F",D70="SC"),Q70,IF(AND(F70="F",D70="SL"),R70,0))) -> 0 | V70: =IF(AND(F70="V",D70="SL"),S70,0) -> 0 | W70: =SUM(T70:V70)*X70 -> 0 | X70: =IF(E70="-",-1,1) -> -1
B71: 2741 | C71: =VLOOKUP(B71,'Balancete Ano'!A$5:E$656,3,0) -> Activos por impostos diferidos | D71: SL | E71: - | F71: V | G71: =W71 -> 0 | I71: =G71+H71 -> 0 | M71: =VLOOKUP(B71,'Balancete ano anterior'!A$5:E$656,4,0) -> 0 | N71: =VLOOKUP(B71,'Balancete ano anterior'!A$5:E$656,5,0) -> 0 | O71: =-(M71-N71) -> 0 | P71: =VLOOKUP(B71,'Balancete Ano'!A$5:E$656,4,0) -> 0 | Q71: =VLOOKUP(B71,'Balancete Ano'!A$5:E$656,5,0) -> 0 | R71: =-(P71-Q71) -> 0 | S71: =R71-O71 -> 0 | T71: =IF(AND(F71="I",D71="SD"),M71,IF(AND(F71="I",D71="SC"),N71,IF(AND(F71="I",D71="SL"),O71,0))) -> 0 | U71: =IF(AND(F71="F",D71="SD"),P71,IF(AND(F71="F",D71="SC"),Q71,IF(AND(F71="F",D71="SL"),R71,0))) -> 0 | V71: =IF(AND(F71="V",D71="SL"),S71,0) -> 0 | W71: =SUM(T71:V71)*X71 -> 0 | X71: =IF(E71="-",-1,1) -> -1
B72: 2742 | C72: =VLOOKUP(B72,'Balancete Ano'!A$5:E$656,3,0) -> Passivos por impostos diferidos | D72: SL | E72: - | F72: V | G72: =W72 -> 0 | I72: =G72+H72 -> 0 | M72: =VLOOKUP(B72,'Balancete ano anterior'!A$5:E$656,4,0) -> 0 | N72: =VLOOKUP(B72,'Balancete ano anterior'!A$5:E$656,5,0) -> 0 | O72: =-(M72-N72) -> 0 | P72: =VLOOKUP(B72,'Balancete Ano'!A$5:E$656,4,0) -> 0 | Q72: =VLOOKUP(B72,'Balancete Ano'!A$5:E$656,5,0) -> 0 | R72: =-(P72-Q72) -> 0 | S72: =R72-O72 -> 0 | T72: =IF(AND(F72="I",D72="SD"),M72,IF(AND(F72="I",D72="SC"),N72,IF(AND(F72="I",D72="SL"),O72,0))) -> 0 | U72: =IF(AND(F72="F",D72="SD"),P72,IF(AND(F72="F",D72="SC"),Q72,IF(AND(F72="F",D72="SL"),R72,0))) -> 0 | V72: =IF(AND(F72="V",D72="SL"),S72,0) -> 0 | W72: =SUM(T72:V72)*X72 -> 0 | X72: =IF(E72="-",-1,1) -> -1
I73: =G73+H73 -> 0 | M73: =VLOOKUP(B73,'Balancete ano anterior'!A$5:E$656,4,0) -> #N/A | N73: =VLOOKUP(B73,'Balancete ano anterior'!A$5:E$656,5,0) -> #N/A | O73: =-(M73-N73) -> #N/A | P73: =VLOOKUP(B73,'Balancete Ano'!A$5:E$656,4,0) -> #N/A | Q73: =VLOOKUP(B73,'Balancete Ano'!A$5:E$656,5,0) -> #N/A | R73: =-(P73-Q73) -> #N/A | S73: =R73-O73 -> #N/A | T73: =IF(AND(F73="I",D73="SD"),M73,IF(AND(F73="I",D73="SC"),N73,IF(AND(F73="I",D73="SL"),O73,0))) -> 0 | U73: =IF(AND(F73="F",D73="SD"),P73,IF(AND(F73="F",D73="SC"),Q73,IF(AND(F73="F",D73="SL"),R73,0))) -> 0 | V73: =IF(AND(F73="V",D73="SL"),S73,0) -> 0 | W73: =SUM(T73:V73)*X73 -> 0 | X73: =IF(E73="-",-1,1) -> 1
I74: =G74+H74 -> 0 | M74: =VLOOKUP(B74,'Balancete ano anterior'!A$5:E$656,4,0) -> #N/A | N74: =VLOOKUP(B74,'Balancete ano anterior'!A$5:E$656,5,0) -> #N/A | O74: =-(M74-N74) -> #N/A | P74: =VLOOKUP(B74,'Balancete Ano'!A$5:E$656,4,0) -> #N/A | Q74: =VLOOKUP(B74,'Balancete Ano'!A$5:E$656,5,0) -> #N/A | R74: =-(P74-Q74) -> #N/A | S74: =R74-O74 -> #N/A | T74: =IF(AND(F74="I",D74="SD"),M74,IF(AND(F74="I",D74="SC"),N74,IF(AND(F74="I",D74="SL"),O74,0))) -> 0 | U74: =IF(AND(F74="F",D74="SD"),P74,IF(AND(F74="F",D74="SC"),Q74,IF(AND(F74="F",D74="SL"),R74,0))) -> 0 | V74: =IF(AND(F74="V",D74="SL"),S74,0) -> 0 | W74: =SUM(T74:V74)*X74 -> 0 | X74: =IF(E74="-",-1,1) -> 1
H75: Soma | I75: =SUM(I66:I74) -> 0 | M75: =VLOOKUP(B75,'Balancete ano anterior'!A$5:E$656,4,0) -> #N/A | N75: =VLOOKUP(B75,'Balancete ano anterior'!A$5:E$656,5,0) -> #N/A | O75: =-(M75-N75) -> #N/A | P75: =VLOOKUP(B75,'Balancete Ano'!A$5:E$656,4,0) -> #N/A | Q75: =VLOOKUP(B75,'Balancete Ano'!A$5:E$656,5,0) -> #N/A | R75: =-(P75-Q75) -> #N/A | S75: =R75-O75 -> #N/A | T75: =IF(AND(F75="I",D75="SD"),M75,IF(AND(F75="I",D75="SC"),N75,IF(AND(F75="I",D75="SL"),O75,0))) -> 0 | U75: =IF(AND(F75="F",D75="SD"),P75,IF(AND(F75="F",D75="SC"),Q75,IF(AND(F75="F",D75="SL"),R75,0))) -> 0 | V75: =IF(AND(F75="V",D75="SL"),S75,0) -> 0 | W75: =SUM(T75:V75)*X75 -> 0 | X75: =IF(E75="-",-1,1) -> 1
M76: =VLOOKUP(B76,'Balancete ano anterior'!A$5:E$656,4,0) -> #N/A | N76: =VLOOKUP(B76,'Balancete ano anterior'!A$5:E$656,5,0) -> #N/A | O76: =-(M76-N76) -> #N/A | P76: =VLOOKUP(B76,'Balancete Ano'!A$5:E$656,4,0) -> #N/A | Q76: =VLOOKUP(B76,'Balancete Ano'!A$5:E$656,5,0) -> #N/A | R76: =-(P76-Q76) -> #N/A | S76: =R76-O76 -> #N/A | T76: =IF(AND(F76="I",D76="SD"),M76,IF(AND(F76="I",D76="SC"),N76,IF(AND(F76="I",D76="SL"),O76,0))) -> 0 | U76: =IF(AND(F76="F",D76="SD"),P76,IF(AND(F76="F",D76="SC"),Q76,IF(AND(F76="F",D76="SL"),R76,0))) -> 0 | V76: =IF(AND(F76="V",D76="SL"),S76,0) -> 0 | W76: =SUM(T76:V76)*X76 -> 0 | X76: =IF(E76="-",-1,1) -> 1
B77: Outros Recebimentos / Pagamentos da Act. Operacional | M77: =VLOOKUP(B77,'Balancete ano anterior'!A$5:E$656,4,0) -> #N/A | N77: =VLOOKUP(B77,'Balancete ano anterior'!A$5:E$656,5,0) -> #N/A | O77: =-(M77-N77) -> #N/A | P77: =VLOOKUP(B77,'Balancete Ano'!A$5:E$656,4,0) -> #N/A | Q77: =VLOOKUP(B77,'Balancete Ano'!A$5:E$656,5,0) -> #N/A | R77: =-(P77-Q77) -> #N/A | S77: =R77-O77 -> #N/A | T77: =IF(AND(F77="I",D77="SD"),M77,IF(AND(F77="I",D77="SC"),N77,IF(AND(F77="I",D77="SL"),O77,0))) -> 0 | U77: =IF(AND(F77="F",D77="SD"),P77,IF(AND(F77="F",D77="SC"),Q77,IF(AND(F77="F",D77="SL"),R77,0))) -> 0 | V77: =IF(AND(F77="V",D77="SL"),S77,0) -> 0 | W77: =SUM(T77:V77)*X77 -> 0 | X77: =IF(E77="-",-1,1) -> 1
M78: =VLOOKUP(B78,'Balancete ano anterior'!A$5:E$656,4,0) -> #N/A | N78: =VLOOKUP(B78,'Balancete ano anterior'!A$5:E$656,5,0) -> #N/A | O78: =-(M78-N78) -> #N/A | P78: =VLOOKUP(B78,'Balancete Ano'!A$5:E$656,4,0) -> #N/A | Q78: =VLOOKUP(B78,'Balancete Ano'!A$5:E$656,5,0) -> #N/A | R78: =-(P78-Q78) -> #N/A | S78: =R78-O78 -> #N/A | T78: =IF(AND(F78="I",D78="SD"),M78,IF(AND(F78="I",D78="SC"),N78,IF(AND(F78="I",D78="SL"),O78,0))) -> 0 | U78: =IF(AND(F78="F",D78="SD"),P78,IF(AND(F78="F",D78="SC"),Q78,IF(AND(F78="F",D78="SL"),R78,0))) -> 0 | V78: =IF(AND(F78="V",D78="SL"),S78,0) -> 0 | W78: =SUM(T78:V78)*X78 -> 0 | X78: =IF(E78="-",-1,1) -> 1
B79: Conta | C79: Descrição | D79: Mov/Sld | E79: Sinal | F79: I/F/V | G79: Valor | H79: Ajuste | I79: Valor ajustado | M79: =VLOOKUP(B79,'Balancete ano anterior'!A$5:E$656,4,0) -> #N/A | N79: =VLOOKUP(B79,'Balancete ano anterior'!A$5:E$656,5,0) -> #N/A | O79: =-(M79-N79) -> #N/A | P79: =VLOOKUP(B79,'Balancete Ano'!A$5:E$656,4,0) -> #N/A | Q79: =VLOOKUP(B79,'Balancete Ano'!A$5:E$656,5,0) -> #N/A | R79: =-(P79-Q79) -> #N/A | S79: =R79-O79 -> #N/A | T79: =IF(AND(F79="I",D79="SD"),M79,IF(AND(F79="I",D79="SC"),N79,IF(AND(F79="I",D79="SL"),O79,0))) -> 0 | U79: =IF(AND(F79="F",D79="SD"),P79,IF(AND(F79="F",D79="SC"),Q79,IF(AND(F79="F",D79="SL"),R79,0))) -> 0 | V79: =IF(AND(F79="V",D79="SL"),S79,0) -> 0 | W79: =SUM(T79:V79)*X79 -> 0 | X79: =IF(E79="-",-1,1) -> 1
M80: =VLOOKUP(B80,'Balancete ano anterior'!A$5:E$656,4,0) -> #N/A | N80: =VLOOKUP(B80,'Balancete ano anterior'!A$5:E$656,5,0) -> #N/A | O80: =-(M80-N80) -> #N/A | P80: =VLOOKUP(B80,'Balancete Ano'!A$5:E$656,4,0) -> #N/A | Q80: =VLOOKUP(B80,'Balancete Ano'!A$5:E$656,5,0) -> #N/A | R80: =-(P80-Q80) -> #N/A | S80: =R80-O80 -> #N/A | T80: =IF(AND(F80="I",D80="SD"),M80,IF(AND(F80="I",D80="SC"),N80,IF(AND(F80="I",D80="SL"),O80,0))) -> 0 | U80: =IF(AND(F80="F",D80="SD"),P80,IF(AND(F80="F",D80="SC"),Q80,IF(AND(F80="F",D80="SL"),R80,0))) -> 0 | V80: =IF(AND(F80="V",D80="SL"),S80,0) -> 0 | W80: =SUM(T80:V80)*X80 -> 0 | X80: =IF(E80="-",-1,1) -> 1
B81: 75 | C81: =VLOOKUP(B81,'Balancete Ano'!A$5:E$656,3,0) -> Subsídios à exploração | D81: SL | E81: + | F81: F | G81: =W81 -> 0 | I81: =G81+H81 -> 0 | M81: =VLOOKUP(B81,'Balancete ano anterior'!A$5:E$656,4,0) -> 0 | N81: =VLOOKUP(B81,'Balancete ano anterior'!A$5:E$656,5,0) -> 0 | O81: =-(M81-N81) -> 0 | P81: =VLOOKUP(B81,'Balancete Ano'!A$5:E$656,4,0) -> 0 | Q81: =VLOOKUP(B81,'Balancete Ano'!A$5:E$656,5,0) -> 0 | R81: =-(P81-Q81) -> 0 | S81: =R81-O81 -> 0 | T81: =IF(AND(F81="I",D81="SD"),M81,IF(AND(F81="I",D81="SC"),N81,IF(AND(F81="I",D81="SL"),O81,0))) -> 0 | U81: =IF(AND(F81="F",D81="SD"),P81,IF(AND(F81="F",D81="SC"),Q81,IF(AND(F81="F",D81="SL"),R81,0))) -> 0 | V81: =IF(AND(F81="V",D81="SL"),S81,0) -> 0 | W81: =SUM(T81:V81)*X81 -> 0 | X81: =IF(E81="-",-1,1) -> 1
B82: 242 | C82: =VLOOKUP(B82,'Balancete Ano'!A$5:E$656,3,0) -> Retenção de impostos sobre rendimentos | D82: SL | E82: + | F82: V | G82: =W82 -> 0 | I82: =G82+H82 -> 0 | M82: =VLOOKUP(B82,'Balancete ano anterior'!A$5:E$656,4,0) -> 0 | N82: =VLOOKUP(B82,'Balancete ano anterior'!A$5:E$656,5,0) -> 0 | O82: =-(M82-N82) -> 0 | P82: =VLOOKUP(B82,'Balancete Ano'!A$5:E$656,4,0) -> 0 | Q82: =VLOOKUP(B82,'Balancete Ano'!A$5:E$656,5,0) -> 0 | R82: =-(P82-Q82) -> 0 | S82: =R82-O82 -> 0 | T82: =IF(AND(F82="I",D82="SD"),M82,IF(AND(F82="I",D82="SC"),N82,IF(AND(F82="I",D82="SL"),O82,0))) -> 0 | U82: =IF(AND(F82="F",D82="SD"),P82,IF(AND(F82="F",D82="SC"),Q82,IF(AND(F82="F",D82="SL"),R82,0))) -> 0 | V82: =IF(AND(F82="V",D82="SL"),S82,0) -> 0 | W82: =SUM(T82:V82)*X82 -> 0 | X82: =IF(E82="-",-1,1) -> 1
B83: 681 | C83: =VLOOKUP(B83,'Balancete Ano'!A$5:E$656,3,0) -> Impostos | D83: SL | E83: + | F83: F | G83: =W83 -> 0 | I83: =G83+H83 -> 0 | M83: =VLOOKUP(B83,'Balancete ano anterior'!A$5:E$656,4,0) -> 0 | N83: =VLOOKUP(B83,'Balancete ano anterior'!A$5:E$656,5,0) -> 0 | O83: =-(M83-N83) -> 0 | P83: =VLOOKUP(B83,'Balancete Ano'!A$5:E$656,4,0) -> 0 | Q83: =VLOOKUP(B83,'Balancete Ano'!A$5:E$656,5,0) -> 0 | R83: =-(P83-Q83) -> 0 | S83: =R83-O83 -> 0 | T83: =IF(AND(F83="I",D83="SD"),M83,IF(AND(F83="I",D83="SC"),N83,IF(AND(F83="I",D83="SL"),O83,0))) -> 0 | U83: =IF(AND(F83="F",D83="SD"),P83,IF(AND(F83="F",D83="SC"),Q83,IF(AND(F83="F",D83="SL"),R83,0))) -> 0 | V83: =IF(AND(F83="V",D83="SL"),S83,0) -> 0 | W83: =SUM(T83:V83)*X83 -> 0 | X83: =IF(E83="-",-1,1) -> 1
B84: 2436 | C84: =VLOOKUP(B84,'Balancete Ano'!A$5:E$656,3,0) -> IVA - A pagar | D84: SL | E84: + | F84: V | G84: =W84 -> 0 | I84: =G84+H84 -> 0 | M84: =VLOOKUP(B84,'Balancete ano anterior'!A$5:E$656,4,0) -> 0 | N84: =VLOOKUP(B84,'Balancete ano anterior'!A$5:E$656,5,0) -> 0 | O84: =-(M84-N84) -> 0 | P84: =VLOOKUP(B84,'Balancete Ano'!A$5:E$656,4,0) -> 0 | Q84: =VLOOKUP(B84,'Balancete Ano'!A$5:E$656,5,0) -> 0 | R84: =-(P84-Q84) -> 0 | S84: =R84-O84 -> 0 | T84: =IF(AND(F84="I",D84="SD"),M84,IF(AND(F84="I",D84="SC"),N84,IF(AND(F84="I",D84="SL"),O84,0))) -> 0 | U84: =IF(AND(F84="F",D84="SD"),P84,IF(AND(F84="F",D84="SC"),Q84,IF(AND(F84="F",D84="SL"),R84,0))) -> 0 | V84: =IF(AND(F84="V",D84="SL"),S84,0) -> 0 | W84: =SUM(T84:V84)*X84 -> 0 | X84: =IF(E84="-",-1,1) -> 1
B85: 2437 | C85: =VLOOKUP(B85,'Balancete Ano'!A$5:E$656,3,0) -> IVA - A recuperar | D85: SL | E85: + | F85: V | G85: =W85 -> 0 | I85: =G85+H85 -> 0 | M85: =VLOOKUP(B85,'Balancete ano anterior'!A$5:E$656,4,0) -> 0 | N85: =VLOOKUP(B85,'Balancete ano anterior'!A$5:E$656,5,0) -> 0 | O85: =-(M85-N85) -> 0 | P85: =VLOOKUP(B85,'Balancete Ano'!A$5:E$656,4,0) -> 0 | Q85: =VLOOKUP(B85,'Balancete Ano'!A$5:E$656,5,0) -> 0 | R85: =-(P85-Q85) -> 0 | S85: =R85-O85 -> 0 | T85: =IF(AND(F85="I",D85="SD"),M85,IF(AND(F85="I",D85="SC"),N85,IF(AND(F85="I",D85="SL"),O85,0))) -> 0 | U85: =IF(AND(F85="F",D85="SD"),P85,IF(AND(F85="F",D85="SC"),Q85,IF(AND(F85="F",D85="SL"),R85,0))) -> 0 | V85: =IF(AND(F85="V",D85="SL"),S85,0) -> 0 | W85: =SUM(T85:V85)*X85 -> 0 | X85: =IF(E85="-",-1,1) -> 1
B86: 2438 | C86: =VLOOKUP(B86,'Balancete Ano'!A$5:E$656,3,0) -> IVA - Reembolsos pedidos | D86: SL | E86: + | F86: V | G86: =W86 -> 0 | I86: =G86+H86 -> 0 | M86: =VLOOKUP(B86,'Balancete ano anterior'!A$5:E$656,4,0) -> 0 | N86: =VLOOKUP(B86,'Balancete ano anterior'!A$5:E$656,5,0) -> 0 | O86: =-(M86-N86) -> 0 | P86: =VLOOKUP(B86,'Balancete Ano'!A$5:E$656,4,0) -> 0 | Q86: =VLOOKUP(B86,'Balancete Ano'!A$5:E$656,5,0) -> 0 | R86: =-(P86-Q86) -> 0 | S86: =R86-O86 -> 0 | T86: =IF(AND(F86="I",D86="SD"),M86,IF(AND(F86="I",D86="SC"),N86,IF(AND(F86="I",D86="SL"),O86,0))) -> 0 | U86: =IF(AND(F86="F",D86="SD"),P86,IF(AND(F86="F",D86="SC"),Q86,IF(AND(F86="F",D86="SL"),R86,0))) -> 0 | V86: =IF(AND(F86="V",D86="SL"),S86,0) -> 0 | W86: =SUM(T86:V86)*X86 -> 0 | X86: =IF(E86="-",-1,1) -> 1
B87: 2439 | C87: =VLOOKUP(B87,'Balancete Ano'!A$5:E$656,3,0) -> IVA - Liquidações oficiosas | D87: SL | E87: + | F87: V | G87: =W87 -> 0 | I87: =G87+H87 -> 0 | M87: =VLOOKUP(B87,'Balancete ano anterior'!A$5:E$656,4,0) -> 0 | N87: =VLOOKUP(B87,'Balancete ano anterior'!A$5:E$656,5,0) -> 0 | O87: =-(M87-N87) -> 0 | P87: =VLOOKUP(B87,'Balancete Ano'!A$5:E$656,4,0) -> 0 | Q87: =VLOOKUP(B87,'Balancete Ano'!A$5:E$656,5,0) -> 0 | R87: =-(P87-Q87) -> 0 | S87: =R87-O87 -> 0 | T87: =IF(AND(F87="I",D87="SD"),M87,IF(AND(F87="I",D87="SC"),N87,IF(AND(F87="I",D87="SL"),O87,0))) -> 0 | U87: =IF(AND(F87="F",D87="SD"),P87,IF(AND(F87="F",D87="SC"),Q87,IF(AND(F87="F",D87="SL"),R87,0))) -> 0 | V87: =IF(AND(F87="V",D87="SL"),S87,0) -> 0 | W87: =SUM(T87:V87)*X87 -> 0 | X87: =IF(E87="-",-1,1) -> 1
B88: 244 | C88: =VLOOKUP(B88,'Balancete Ano'!A$5:E$656,3,0) -> Outros impostos | D88: SL | E88: + | F88: V | G88: =W88 -> 0 | I88: =G88+H88 -> 0 | M88: =VLOOKUP(B88,'Balancete ano anterior'!A$5:E$656,4,0) -> 0 | N88: =VLOOKUP(B88,'Balancete ano anterior'!A$5:E$656,5,0) -> 0 | O88: =-(M88-N88) -> 0 | P88: =VLOOKUP(B88,'Balancete Ano'!A$5:E$656,4,0) -> 0 | Q88: =VLOOKUP(B88,'Balancete Ano'!A$5:E$656,5,0) -> 0 | R88: =-(P88-Q88) -> 0 | S88: =R88-O88 -> 0 | T88: =IF(AND(F88="I",D88="SD"),M88,IF(AND(F88="I",D88="SC"),N88,IF(AND(F88="I",D88="SL"),O88,0))) -> 0 | U88: =IF(AND(F88="F",D88="SD"),P88,IF(AND(F88="F",D88="SC"),Q88,IF(AND(F88="F",D88="SL"),R88,0))) -> 0 | V88: =IF(AND(F88="V",D88="SL"),S88,0) -> 0 | W88: =SUM(T88:V88)*X88 -> 0 | X88: =IF(E88="-",-1,1) -> 1
B89: 245 | C89: =VLOOKUP(B89,'Balancete Ano'!A$5:E$656,3,0) -> Contribuições para a Segurança Social | D89: SL | E89: + | F89: V | G89: =W89 -> 0 | I89: =G89+H89 -> 0 | M89: =VLOOKUP(B89,'Balancete ano anterior'!A$5:E$656,4,0) -> 0 | N89: =VLOOKUP(B89,'Balancete ano anterior'!A$5:E$656,5,0) -> 0 | O89: =-(M89-N89) -> 0 | P89: =VLOOKUP(B89,'Balancete Ano'!A$5:E$656,4,0) -> 0 | Q89: =VLOOKUP(B89,'Balancete Ano'!A$5:E$656,5,0) -> 0 | R89: =-(P89-Q89) -> 0 | S89: =R89-O89 -> 0 | T89: =IF(AND(F89="I",D89="SD"),M89,IF(AND(F89="I",D89="SC"),N89,IF(AND(F89="I",D89="SL"),O89,0))) -> 0 | U89: =IF(AND(F89="F",D89="SD"),P89,IF(AND(F89="F",D89="SC"),Q89,IF(AND(F89="F",D89="SL"),R89,0))) -> 0 | V89: =IF(AND(F89="V",D89="SL"),S89,0) -> 0 | W89: =SUM(T89:V89)*X89 -> 0 | X89: =IF(E89="-",-1,1) -> 1
B90: 246 | C90: =VLOOKUP(B90,'Balancete Ano'!A$5:E$656,3,0) -> Tributos das autarquias locais | D90: SL | E90: + | F90: V | G90: =W90 -> 0 | I90: =G90+H90 -> 0 | M90: =VLOOKUP(B90,'Balancete ano anterior'!A$5:E$656,4,0) -> 0 | N90: =VLOOKUP(B90,'Balancete ano anterior'!A$5:E$656,5,0) -> 0 | O90: =-(M90-N90) -> 0 | P90: =VLOOKUP(B90,'Balancete Ano'!A$5:E$656,4,0) -> 0 | Q90: =VLOOKUP(B90,'Balancete Ano'!A$5:E$656,5,0) -> 0 | R90: =-(P90-Q90) -> 0 | S90: =R90-O90 -> 0 | T90: =IF(AND(F90="I",D90="SD"),M90,IF(AND(F90="I",D90="SC"),N90,IF(AND(F90="I",D90="SL"),O90,0))) -> 0 | U90: =IF(AND(F90="F",D90="SD"),P90,IF(AND(F90="F",D90="SC"),Q90,IF(AND(F90="F",D90="SL"),R90,0))) -> 0 | V90: =IF(AND(F90="V",D90="SL"),S90,0) -> 0 | W90: =SUM(T90:V90)*X90 -> 0 | X90: =IF(E90="-",-1,1) -> 1
B91: 248 | C91: =VLOOKUP(B91,'Balancete Ano'!A$5:E$656,3,0) -> Outras tributações | D91: SL | E91: + | F91: V | G91: =W91 -> 0 | I91: =G91+H91 -> 0 | M91: =VLOOKUP(B91,'Balancete ano anterior'!A$5:E$656,4,0) -> 0 | N91: =VLOOKUP(B91,'Balancete ano anterior'!A$5:E$656,5,0) -> 0 | O91: =-(M91-N91) -> 0 | P91: =VLOOKUP(B91,'Balancete Ano'!A$5:E$656,4,0) -> 0 | Q91: =VLOOKUP(B91,'Balancete Ano'!A$5:E$656,5,0) -> 0 | R91: =-(P91-Q91) -> 0 | S91: =R91-O91 -> 0 | T91: =IF(AND(F91="I",D91="SD"),M91,IF(AND(F91="I",D91="SC"),N91,IF(AND(F91="I",D91="SL"),O91,0))) -> 0 | U91: =IF(AND(F91="F",D91="SD"),P91,IF(AND(F91="F",D91="SC"),Q91,IF(AND(F91="F",D91="SL"),R91,0))) -> 0 | V91: =IF(AND(F91="V",D91="SL"),S91,0) -> 0 | W91: =SUM(T91:V91)*X91 -> 0 | X91: =IF(E91="-",-1,1) -> 1
B92: 249 | C92: =VLOOKUP(B92,'Balancete Ano'!A$5:E$656,3,0) -> Estado e outros entes públicos (acordos) - não correntes | D92: SL | E92: + | F92: V | G92: =W92 -> 0 | I92: =G92+H92 -> 0 | M92: =VLOOKUP(B92,'Balancete ano anterior'!A$5:E$656,4,0) -> 0 | N92: =VLOOKUP(B92,'Balancete ano anterior'!A$5:E$656,5,0) -> 0 | O92: =-(M92-N92) -> 0 | P92: =VLOOKUP(B92,'Balancete Ano'!A$5:E$656,4,0) -> 0 | Q92: =VLOOKUP(B92,'Balancete Ano'!A$5:E$656,5,0) -> 0 | R92: =-(P92-Q92) -> 0 | S92: =R92-O92 -> 0 | T92: =IF(AND(F92="I",D92="SD"),M92,IF(AND(F92="I",D92="SC"),N92,IF(AND(F92="I",D92="SL"),O92,0))) -> 0 | U92: =IF(AND(F92="F",D92="SD"),P92,IF(AND(F92="F",D92="SC"),Q92,IF(AND(F92="F",D92="SL"),R92,0))) -> 0 | V92: =IF(AND(F92="V",D92="SL"),S92,0) -> 0 | W92: =SUM(T92:V92)*X92 -> 0 | X92: =IF(E92="-",-1,1) -> 1
... B115: 6888 | C115: =VLOOKUP(B115,'Balancete Ano'!A$5:E$656,3,0) -> Outros não especificados | D115: SL | E115: + | F115: F | G115: =W115 -> 0 | I115: =G115+H115 -> 0 | M115: =VLOOKUP(B115,'Balancete ano anterior'!A$5:E$656,4,0) -> 0 | N115: =VLOOKUP(B115,'Balancete ano anterior'!A$5:E$656,5,0) -> 0 | O115: =-(M115-N115) -> 0 | P115: =VLOOKUP(B115,'Balancete Ano'!A$5:E$656,4,0) -> 0 | Q115: =VLOOKUP(B115,'Balancete Ano'!A$5:E$656,5,0) -> 0 | R115: =-(P115-Q115) -> 0 | S115: =R115-O115 -> 0 | T115: =IF(AND(F115="I",D115="SD"),M115,IF(AND(F115="I",D115="SC"),N115,IF(AND(F115="I",D115="SL"),O115,0))) -> 0 | U115: =IF(AND(F115="F",D115="SD"),P115,IF(AND(F115="F",D115="SC"),Q115,IF(AND(F115="F",D115="SL"),R115,0))) -> 0 | V115: =IF(AND(F115="V",D115="SL"),S115,0) -> 0 | W115: =SUM(T115:V115)*X115 -> 0 | X115: =IF(E115="-",-1,1) -> 1
B116: 2433 | C116: =VLOOKUP(B116,EXTRA!$B$10:$D$49,2,0) -> I.V.A. - Liquidado | E116: - | G116: =VLOOKUP(B116,EXTRA!$B$10:$D$49,3,0)*X116 -> 0 | I116: =G116+H116 -> 0 | M116: =VLOOKUP(B116,'Balancete ano anterior'!A$5:E$656,4,0) -> #N/A | N116: =VLOOKUP(B116,'Balancete ano anterior'!A$5:E$656,5,0) -> #N/A | O116: =-(M116-N116) -> #N/A | P116: =VLOOKUP(B116,'Balancete Ano'!A$5:E$656,4,0) -> #N/A | Q116: =VLOOKUP(B116,'Balancete Ano'!A$5:E$656,5,0) -> #N/A | R116: =-(P116-Q116) -> #N/A | S116: =R116-O116 -> #N/A | T116: =IF(AND(F116="I",D116="SD"),M116,IF(AND(F116="I",D116="SC"),N116,IF(AND(F116="I",D116="SL"),O116,0))) -> 0 | U116: =IF(AND(F116="F",D116="SD"),P116,IF(AND(F116="F",D116="SC"),Q116,IF(AND(F116="F",D116="SL"),R116,0))) -> 0 | V116: =IF(AND(F116="V",D116="SL"),S116,0) -> 0 | W116: =SUM(T116:V116)*X116 -> 0 | X116: =IF(E116="-",-1,1) -> -1
B117: 24321 | C117: =VLOOKUP(B117,EXTRA!$B$10:$D$49,2,0) -> Iva dedutivel - Existências | E117: + | G117: =VLOOKUP(B117,EXTRA!$B$10:$D$49,3,0)*X117 -> 0 | I117: =G117+H117 -> 0 | M117: =VLOOKUP(B117,'Balancete ano anterior'!A$5:E$656,4,0) -> #N/A | N117: =VLOOKUP(B117,'Balancete ano anterior'!A$5:E$656,5,0) -> #N/A | O117: =-(M117-N117) -> #N/A | P117: =VLOOKUP(B117,'Balancete Ano'!A$5:E$656,4,0) -> #N/A | Q117: =VLOOKUP(B117,'Balancete Ano'!A$5:E$656,5,0) -> #N/A | R117: =-(P117-Q117) -> #N/A | S117: =R117-O117 -> #N/A | T117: =IF(AND(F117="I",D117="SD"),M117,IF(AND(F117="I",D117="SC"),N117,IF(AND(F117="I",D117="SL"),O117,0))) -> 0 | U117: =IF(AND(F117="F",D117="SD"),P117,IF(AND(F117="F",D117="SC"),Q117,IF(AND(F117="F",D117="SL"),R117,0))) -> 0 | V117: =IF(AND(F117="V",D117="SL"),S117,0) -> 0 | W117: =SUM(T117:V117)*X117 -> 0 | X117: =IF(E117="-",-1,1) -> 1
B118: 24323 | C118: =VLOOKUP(B118,EXTRA!$B$10:$D$49,2,0) -> Iva dedutivel - Outros bens e serviços | E118: + | G118: =VLOOKUP(B118,EXTRA!$B$10:$D$49,3,0)*X118 -> 0 | I118: =G118+H118 -> 0 | M118: =VLOOKUP(B118,'Balancete ano anterior'!A$5:E$656,4,0) -> #N/A | N118: =VLOOKUP(B118,'Balancete ano anterior'!A$5:E$656,5,0) -> #N/A | O118: =-(M118-N118) -> #N/A | P118: =VLOOKUP(B118,'Balancete Ano'!A$5:E$656,4,0) -> #N/A | Q118: =VLOOKUP(B118,'Balancete Ano'!A$5:E$656,5,0) -> #N/A | R118: =-(P118-Q118) -> #N/A | S118: =R118-O118 -> #N/A | T118: =IF(AND(F118="I",D118="SD"),M118,IF(AND(F118="I",D118="SC"),N118,IF(AND(F118="I",D118="SL"),O118,0))) -> 0 | U118: =IF(AND(F118="F",D118="SD"),P118,IF(AND(F118="F",D118="SC"),Q118,IF(AND(F118="F",D118="SL"),R118,0))) -> 0 | V118: =IF(AND(F118="V",D118="SL"),S118,0) -> 0 | W118: =SUM(T118:V118)*X118 -> 0 | X118: =IF(E118="-",-1,1) -> 1
B119: camb | C119: =VLOOKUP(B119,EXTRA!$B$10:$D$49,2,0) -> Efeito das diferenças de câmbio | E119: - | G119: =VLOOKUP(B119,EXTRA!$B$10:$D$49,3,0)*X119 -> 0 | I119: =G119+H119 -> 0 | M119: =VLOOKUP(B119,'Balancete ano anterior'!A$5:E$656,4,0) -> #N/A | N119: =VLOOKUP(B119,'Balancete ano anterior'!A$5:E$656,5,0) -> #N/A | O119: =-(M119-N119) -> #N/A | P119: =VLOOKUP(B119,'Balancete Ano'!A$5:E$656,4,0) -> #N/A | Q119: =VLOOKUP(B119,'Balancete Ano'!A$5:E$656,5,0) -> #N/A | R119: =-(P119-Q119) -> #N/A | S119: =R119-O119 -> #N/A | T119: =IF(AND(F119="I",D119="SD"),M119,IF(AND(F119="I",D119="SC"),N119,IF(AND(F119="I",D119="SL"),O119,0))) -> 0 | U119: =IF(AND(F119="F",D119="SD"),P119,IF(AND(F119="F",D119="SC"),Q119,IF(AND(F119="F",D119="SL"),R119,0))) -> 0 | V119: =IF(AND(F119="V",D119="SL"),S119,0) -> 0 | W119: =SUM(T119:V119)*X119 -> 0 | X119: =IF(E119="-",-1,1) -> -1
M120: =VLOOKUP(B120,'Balancete ano anterior'!A$5:E$656,4,0) -> #N/A | N120: =VLOOKUP(B120,'Balancete ano anterior'!A$5:E$656,5,0) -> #N/A | O120: =-(M120-N120) -> #N/A | P120: =VLOOKUP(B120,'Balancete Ano'!A$5:E$656,4,0) -> #N/A | Q120: =VLOOKUP(B120,'Balancete Ano'!A$5:E$656,5,0) -> #N/A | R120: =-(P120-Q120) -> #N/A | S120: =R120-O120 -> #N/A | T120: =IF(AND(F120="I",D120="SD"),M120,IF(AND(F120="I",D120="SC"),N120,IF(AND(F120="I",D120="SL"),O120,0))) -> 0 | U120: =IF(AND(F120="F",D120="SD"),P120,IF(AND(F120="F",D120="SC"),Q120,IF(AND(F120="F",D120="SL"),R120,0))) -> 0 | V120: =IF(AND(F120="V",D120="SL"),S120,0) -> 0 | W120: =SUM(T120:V120)*X120 -> 0 | X120: =IF(E120="-",-1,1) -> 1
H121: Soma | I121: =SUM(I81:I120) -> 0 | M121: =VLOOKUP(B121,'Balancete ano anterior'!A$5:E$656,4,0) -> #N/A | N121: =VLOOKUP(B121,'Balancete ano anterior'!A$5:E$656,5,0) -> #N/A | O121: =-(M121-N121) -> #N/A | P121: =VLOOKUP(B121,'Balancete Ano'!A$5:E$656,4,0) -> #N/A | Q121: =VLOOKUP(B121,'Balancete Ano'!A$5:E$656,5,0) -> #N/A | R121: =-(P121-Q121) -> #N/A | S121: =R121-O121 -> #N/A | T121: =IF(AND(F121="I",D121="SD"),M121,IF(AND(F121="I",D121="SC"),N121,IF(AND(F121="I",D121="SL"),O121,0))) -> 0 | U121: =IF(AND(F121="F",D121="SD"),P121,IF(AND(F121="F",D121="SC"),Q121,IF(AND(F121="F",D121="SL"),R121,0))) -> 0 | V121: =IF(AND(F121="V",D121="SL"),S121,0) -> 0 | W121: =SUM(T121:V121)*X121 -> 0 | X121: =IF(E121="-",-1,1) -> 1
M122: =VLOOKUP(B122,'Balancete ano anterior'!A$5:E$656,4,0) -> #N/A | N122: =VLOOKUP(B122,'Balancete ano anterior'!A$5:E$656,5,0) -> #N/A | O122: =-(M122-N122) -> #N/A | P122: =VLOOKUP(B122,'Balancete Ano'!A$5:E$656,4,0) -> #N/A | Q122: =VLOOKUP(B122,'Balancete Ano'!A$5:E$656,5,0) -> #N/A | R122: =-(P122-Q122) -> #N/A | S122: =R122-O122 -> #N/A | T122: =IF(AND(F122="I",D122="SD"),M122,IF(AND(F122="I",D122="SC"),N122,IF(AND(F122="I",D122="SL"),O122,0))) -> 0 | U122: =IF(AND(F122="F",D122="SD"),P122,IF(AND(F122="F",D122="SC"),Q122,IF(AND(F122="F",D122="SL"),R122,0))) -> 0 | V122: =IF(AND(F122="V",D122="SL"),S122,0) -> 0 | W122: =SUM(T122:V122)*X122 -> 0 | X122: =IF(E122="-",-1,1) -> 1
M123: =VLOOKUP(B123,'Balancete ano anterior'!A$5:E$656,4,0) -> #N/A | N123: =VLOOKUP(B123,'Balancete ano anterior'!A$5:E$656,5,0) -> #N/A | O123: =-(M123-N123) -> #N/A | P123: =VLOOKUP(B123,'Balancete Ano'!A$5:E$656,4,0) -> #N/A | Q123: =VLOOKUP(B123,'Balancete Ano'!A$5:E$656,5,0) -> #N/A | R123: =-(P123-Q123) -> #N/A | S123: =R123-O123 -> #N/A | T123: =IF(AND(F123="I",D123="SD"),M123,IF(AND(F123="I",D123="SC"),N123,IF(AND(F123="I",D123="SL"),O123,0))) -> 0 | U123: =IF(AND(F123="F",D123="SD"),P123,IF(AND(F123="F",D123="SC"),Q123,IF(AND(F123="F",D123="SL"),R123,0))) -> 0 | V123: =IF(AND(F123="V",D123="SL"),S123,0) -> 0 | W123: =SUM(T123:V123)*X123 -> 0 | X123: =IF(E123="-",-1,1) -> 1
M124: =VLOOKUP(B124,'Balancete ano anterior'!A$5:E$656,4,0) -> #N/A | N124: =VLOOKUP(B124,'Balancete ano anterior'!A$5:E$656,5,0) -> #N/A | O124: =-(M124-N124) -> #N/A | P124: =VLOOKUP(B124,'Balancete Ano'!A$5:E$656,4,0) -> #N/A | Q124: =VLOOKUP(B124,'Balancete Ano'!A$5:E$656,5,0) -> #N/A | R124: =-(P124-Q124) -> #N/A | S124: =R124-O124 -> #N/A | T124: =IF(AND(F124="I",D124="SD"),M124,IF(AND(F124="I",D124="SC"),N124,IF(AND(F124="I",D124="SL"),O124,0))) -> 0 | U124: =IF(AND(F124="F",D124="SD"),P124,IF(AND(F124="F",D124="SC"),Q124,IF(AND(F124="F",D124="SL"),R124,0))) -> 0 | V124: =IF(AND(F124="V",D124="SL"),S124,0) -> 0 | W124: =SUM(T124:V124)*X124 -> 0 | X124: =IF(E124="-",-1,1) -> 1
M125: =VLOOKUP(B125,'Balancete ano anterior'!A$5:E$656,4,0) -> #N/A | N125: =VLOOKUP(B125,'Balancete ano anterior'!A$5:E$656,5,0) -> #N/A | O125: =-(M125-N125) -> #N/A | P125: =VLOOKUP(B125,'Balancete Ano'!A$5:E$656,4,0) -> #N/A | Q125: =VLOOKUP(B125,'Balancete Ano'!A$5:E$656,5,0) -> #N/A | R125: =-(P125-Q125) -> #N/A | S125: =R125-O125 -> #N/A | T125: =IF(AND(F125="I",D125="SD"),M125,IF(AND(F125="I",D125="SC"),N125,IF(AND(F125="I",D125="SL"),O125,0))) -> 0 | U125: =IF(AND(F125="F",D125="SD"),P125,IF(AND(F125="F",D125="SC"),Q125,IF(AND(F125="F",D125="SL"),R125,0))) -> 0 | V125: =IF(AND(F125="V",D125="SL"),S125,0) -> 0 | W125: =SUM(T125:V125)*X125 -> 0 | X125: =IF(E125="-",-1,1) -> 1

Sheet ACTFIN
B4: ACTIVIDADES DE FINANCIAMENTO
B5: ='Balancete ano anterior'!C1 -> Empresa ABC, Lda.
B6: Ano | C6: ='Balancete Ano'!C2 -> 2014
B7: Mês | C7: ='Balancete Ano'!C3 -> Dezembro
B9: Recebimentos
B11: Financiamentos obtidos
M12: Inicial | P12: Final | S12: Var F-I
B13: Conta | C13: Descrição | D13: Mov/Sld | E13: Sinal | F13: I/F/V | G13: Valor | H13: Ajuste | I13: Valor ajustado | M13: SD | N13: SC | O13: SL | P13: SD | Q13: SC | R13: SL | S13: V | T13: I | U13: F | V13: V | W13: Valor | X13: Sinal
B15: 25 | C15: =VLOOKUP(B15,'Balancete Ano'!A$5:E$656,3,0) -> Financiamentos obtidos | D15: SL | E15: + | F15: V | G15: =W15 -> 0 | I15: =IF(G15>0,W15) -> FALSE | M15: =VLOOKUP(B15,'Balancete ano anterior'!A$5:E$656,4,0) -> 0 | N15: =VLOOKUP(B15,'Balancete ano anterior'!A$5:E$656,5,0) -> 0 | O15: =-(M15-N15) -> 0 | P15: =VLOOKUP(B15,'Balancete Ano'!A$5:E$656,4,0) -> 0 | Q15: =VLOOKUP(B15,'Balancete Ano'!A$5:E$656,5,0) -> 0 | R15: =-(P15-Q15) -> 0 | S15: =R15-O15 -> 0 | T15: =IF(AND(F15="I",D15="SD"),M15,IF(AND(F15="I",D15="SC"),N15,IF(AND(F15="I",D15="SL"),O15,0))) -> 0 | U15: =IF(AND(F15="F",D15="SD"),P15,IF(AND(F15="F",D15="SC"),Q15,IF(AND(F15="F",D15="SL"),R15,0))) -> 0 | V15: =IF(AND(F15="V",D15="SL"),S15,0) -> 0 | W15: =SUM(T15:V15)*X15 -> 0 | X15: =IF(E15="-",-1,1) -> 1
B16: 12 | C16: =VLOOKUP(B16,'Balancete Ano'!A$5:E$656,3,0) -> Depósitos à ordem | D16: SC | E16: + | F16: F | G16: =W16 -> 0 | M16: =VLOOKUP(B16,'Balancete ano anterior'!A$5:E$656,4,0) -> 0 | N16: =VLOOKUP(B16,'Balancete ano anterior'!A$5:E$656,5,0) -> 0 | O16: =-(M16-N16) -> 0 | P16: =VLOOKUP(B16,'Balancete Ano'!A$5:E$656,4,0) -> 0 | Q16: =VLOOKUP(B16,'Balancete Ano'!A$5:E$656,5,0) -> 0 | R16: =-(P16-Q16) -> 0 | S16: =R16-O16 -> 0 | T16: =IF(AND(F16="I",D16="SD"),M16,IF(AND(F16="I",D16="SC"),N16,IF(AND(F16="I",D16="SL"),O16,0))) -> 0 | U16: =IF(AND(F16="F",D16="SD"),P16,IF(AND(F16="F",D16="SC"),Q16,IF(AND(F16="F",D16="SL"),R16,0))) -> 0 | V16: =IF(AND(F16="V",D16="SL"),S16,0) -> 0 | W16: =SUM(T16:V16)*X16 -> 0 | X16: =IF(E16="-",-1,1) -> 1
B17: 12 | C17: =VLOOKUP(B17,'Balancete Ano'!A$5:E$656,3,0) -> Depósitos à ordem | D17: SC | E17: + | F17: I | G17: =W17 -> 0 | I17: =IF((G16-G17)>0,(G16-G17)) -> FALSE | M17: =VLOOKUP(B17,'Balancete ano anterior'!A$5:E$656,4,0) -> 0 | N17: =VLOOKUP(B17,'Balancete ano anterior'!A$5:E$656,5,0) -> 0 | O17: =-(M17-N17) -> 0 | P17: =VLOOKUP(B17,'Balancete Ano'!A$5:E$656,4,0) -> 0 | Q17: =VLOOKUP(B17,'Balancete Ano'!A$5:E$656,5,0) -> 0 | R17: =-(P17-Q17) -> 0 | S17: =R17-O17 -> 0 | T17: =IF(AND(F17="I",D17="SD"),M17,IF(AND(F17="I",D17="SC"),N17,IF(AND(F17="I",D17="SL"),O17,0))) -> 0 | U17: =IF(AND(F17="F",D17="SD"),P17,IF(AND(F17="F",D17="SC"),Q17,IF(AND(F17="F",D17="SL"),R17,0))) -> 0 | V17: =IF(AND(F17="V",D17="SL"),S17,0) -> 0 | W17: =SUM(T17:V17)*X17 -> 0 | X17: =IF(E17="-",-1,1) -> 1
B18: 266 | C18: =VLOOKUP(B18,'Balancete Ano'!A$5:E$656,3,0) -> Empréstimos concedidos – empresa – mãe | D18: SL | E18: + | F18: V | G18: =W18 -> 0 | I18: =G18+H18 -> 0 | M18: =VLOOKUP(B18,'Balancete ano anterior'!A$5:E$656,4,0) -> 0 | N18: =VLOOKUP(B18,'Balancete ano anterior'!A$5:E$656,5,0) -> 0 | O18: =-(M18-N18) -> 0 | P18: =VLOOKUP(B18,'Balancete Ano'!A$5:E$656,4,0) -> 0 | Q18: =VLOOKUP(B18,'Balancete Ano'!A$5:E$656,5,0) -> 0 | R18: =-(P18-Q18) -> 0 | S18: =R18-O18 -> 0 | T18: =IF(AND(F18="I",D18="SD"),M18,IF(AND(F18="I",D18="SC"),N18,IF(AND(F18="I",D18="SL"),O18,0))) -> 0 | U18: =IF(AND(F18="F",D18="SD"),P18,IF(AND(F18="F",D18="SC"),Q18,IF(AND(F18="F",D18="SL"),R18,0))) -> 0 | V18: =IF(AND(F18="V",D18="SL"),S18,0) -> 0 | W18: =SUM(T18:V18)*X18 -> 0 | X18: =IF(E18="-",-1,1) -> 1
G19: =W19 -> 0 | I19: =G19+H19 -> 0 | M19: =VLOOKUP(B19,'Balancete ano anterior'!A$5:E$656,4,0) -> #N/A | N19: =VLOOKUP(B19,'Balancete ano anterior'!A$5:E$656,5,0) -> #N/A | O19: =-(M19-N19) -> #N/A | P19: =VLOOKUP(B19,'Balancete Ano'!A$5:E$656,4,0) -> #N/A | Q19: =VLOOKUP(B19,'Balancete Ano'!A$5:E$656,5,0) -> #N/A | R19: =-(P19-Q19) -> #N/A | S19: =R19-O19 -> #N/A | T19: =IF(AND(F19="I",D19="SD"),M19,IF(AND(F19="I",D19="SC"),N19,IF(AND(F19="I",D19="SL"),O19,0))) -> 0 | U19: =IF(AND(F19="F",D19="SD"),P19,IF(AND(F19="F",D19="SC"),Q19,IF(AND(F19="F",D19="SL"),R19,0))) -> 0 | V19: =IF(AND(F19="V",D19="SL"),S19,0) -> 0 | W19: =SUM(T19:V19)*X19 -> 0 | X19: =IF(E19="-",-1,1) -> 1
H20: Soma | I20: =SUM(I15:I19) -> 0 | M20: =VLOOKUP(B20,'Balancete ano anterior'!A$5:E$656,4,0) -> #N/A | N20: =VLOOKUP(B20,'Balancete ano anterior'!A$5:E$656,5,0) -> #N/A | O20: =-(M20-N20) -> #N/A | P20: =VLOOKUP(B20,'Balancete Ano'!A$5:E$656,4,0) -> #N/A | Q20: =VLOOKUP(B20,'Balancete Ano'!A$5:E$656,5,0) -> #N/A | R20: =-(P20-Q20) -> #N/A | S20: =R20-O20 -> #N/A | T20: =IF(AND(F20="I",D20="SD"),M20,IF(AND(F20="I",D20="SC"),N20,IF(AND(F20="I",D20="SL"),O20,0))) -> 0 | U20: =IF(AND(F20="F",D20="SD"),P20,IF(AND(F20="F",D20="SC"),Q20,IF(AND(F20="F",D20="SL"),R20,0))) -> 0 | V20: =IF(AND(F20="V",D20="SL"),S20,0) -> 0 | W20: =SUM(T20:V20)*X20 -> 0 | X20: =IF(E20="-",-1,1) -> 1
M21: =VLOOKUP(B21,'Balancete ano anterior'!A$5:E$656,4,0) -> #N/A | N21: =VLOOKUP(B21,'Balancete ano anterior'!A$5:E$656,5,0) -> #N/A | O21: =-(M21-N21) -> #N/A | P21: =VLOOKUP(B21,'Balancete Ano'!A$5:E$656,4,0) -> #N/A | Q21: =VLOOKUP(B21,'Balancete Ano'!A$5:E$656,5,0) -> #N/A | R21: =-(P21-Q21) -> #N/A | S21: =R21-O21 -> #N/A | T21: =IF(AND(F21="I",D21="SD"),M21,IF(AND(F21="I",D21="SC"),N21,IF(AND(F21="I",D21="SL"),O21,0))) -> 0 | U21: =IF(AND(F21="F",D21="SD"),P21,IF(AND(F21="F",D21="SC"),Q21,IF(AND(F21="F",D21="SL"),R21,0))) -> 0 | V21: =IF(AND(F21="V",D21="SL"),S21,0) -> 0 | W21: =SUM(T21:V21)*X21 -> 0 | X21: =IF(E21="-",-1,1) -> 1
B22: Realizações de capital e de outros instrumentos de capital próprios | M22: =VLOOKUP(B22,'Balancete ano anterior'!A$5:E$656,4,0) -> #N/A | N22: =VLOOKUP(B22,'Balancete ano anterior'!A$5:E$656,5,0) -> #N/A | O22: =-(M22-N22) -> #N/A | P22: =VLOOKUP(B22,'Balancete Ano'!A$5:E$656,4,0) -> #N/A | Q22: =VLOOKUP(B22,'Balancete Ano'!A$5:E$656,5,0) -> #N/A | R22: =-(P22-Q22) -> #N/A | S22: =R22-O22 -> #N/A | T22: =IF(AND(F22="I",D22="SD"),M22,IF(AND(F22="I",D22="SC"),N22,IF(AND(F22="I",D22="SL"),O22,0))) -> 0 | U22: =IF(AND(F22="F",D22="SD"),P22,IF(AND(F22="F",D22="SC"),Q22,IF(AND(F22="F",D22="SL"),R22,0))) -> 0 | V22: =IF(AND(F22="V",D22="SL"),S22,0) -> 0 | W22: =SUM(T22:V22)*X22 -> 0 | X22: =IF(E22="-",-1,1) -> 1
M23: =VLOOKUP(B23,'Balancete ano anterior'!A$5:E$656,4,0) -> #N/A | N23: =VLOOKUP(B23,'Balancete ano anterior'!A$5:E$656,5,0) -> #N/A | O23: =-(M23-N23) -> #N/A | P23: =VLOOKUP(B23,'Balancete Ano'!A$5:E$656,4,0) -> #N/A | Q23: =VLOOKUP(B23,'Balancete Ano'!A$5:E$656,5,0) -> #N/A | R23: =-(P23-Q23) -> #N/A | S23: =R23-O23 -> #N/A | T23: =IF(AND(F23="I",D23="SD"),M23,IF(AND(F23="I",D23="SC"),N23,IF(AND(F23="I",D23="SL"),O23,0))) -> 0 | U23: =IF(AND(F23="F",D23="SD"),P23,IF(AND(F23="F",D23="SC"),Q23,IF(AND(F23="F",D23="SL"),R23,0))) -> 0 | V23: =IF(AND(F23="V",D23="SL"),S23,0) -> 0 | W23: =SUM(T23:V23)*X23 -> 0 | X23: =IF(E23="-",-1,1) -> 1
B24: Conta | C24: Descrição | D24: Mov/Sld | E24: Sinal | F24: I/F/V | G24: Valor | H24: Ajuste | I24: Valor ajustado | M24: =VLOOKUP(B24,'Balancete ano anterior'!A$5:E$656,4,0) -> #N/A | N24: =VLOOKUP(B24,'Balancete ano anterior'!A$5:E$656,5,0) -> #N/A | O24: =-(M24-N24) -> #N/A | P24: =VLOOKUP(B24,'Balancete Ano'!A$5:E$656,4,0) -> #N/A | Q24: =VLOOKUP(B24,'Balancete Ano'!A$5:E$656,5,0) -> #N/A | R24: =-(P24-Q24) -> #N/A | S24: =R24-O24 -> #N/A | T24: =IF(AND(F24="I",D24="SD"),M24,IF(AND(F24="I",D24="SC"),N24,IF(AND(F24="I",D24="SL"),O24,0))) -> 0 | U24: =IF(AND(F24="F",D24="SD"),P24,IF(AND(F24="F",D24="SC"),Q24,IF(AND(F24="F",D24="SL"),R24,0))) -> 0 | V24: =IF(AND(F24="V",D24="SL"),S24,0) -> 0 | W24: =SUM(T24:V24)*X24 -> 0 | X24: =IF(E24="-",-1,1) -> 1
M25: =VLOOKUP(B25,'Balancete ano anterior'!A$5:E$656,4,0) -> #N/A | N25: =VLOOKUP(B25,'Balancete ano anterior'!A$5:E$656,5,0) -> #N/A | O25: =-(M25-N25) -> #N/A | P25: =VLOOKUP(B25,'Balancete Ano'!A$5:E$656,4,0) -> #N/A | Q25: =VLOOKUP(B25,'Balancete Ano'!A$5:E$656,5,0) -> #N/A | R25: =-(P25-Q25) -> #N/A | S25: =R25-O25 -> #N/A | T25: =IF(AND(F25="I",D25="SD"),M25,IF(AND(F25="I",D25="SC"),N25,IF(AND(F25="I",D25="SL"),O25,0))) -> 0 | U25: =IF(AND(F25="F",D25="SD"),P25,IF(AND(F25="F",D25="SC"),Q25,IF(AND(F25="F",D25="SL"),R25,0))) -> 0 | V25: =IF(AND(F25="V",D25="SL"),S25,0) -> 0 | W25: =SUM(T25:V25)*X25 -> 0 | X25: =IF(E25="-",-1,1) -> 1
B26: 261 | C26: =VLOOKUP(B26,'Balancete Ano'!A$5:E$656,3,0) -> Accionistas c/ subscrição | D26: SL | E26: + | F26: V | G26: =W26 -> 0 | I26: =G26+H26 -> 0 | M26: =VLOOKUP(B26,'Balancete ano anterior'!A$5:E$656,4,0) -> 0 | N26: =VLOOKUP(B26,'Balancete ano anterior'!A$5:E$656,5,0) -> 0 | O26: =-(M26-N26) -> 0 | P26: =VLOOKUP(B26,'Balancete Ano'!A$5:E$656,4,0) -> 0 | Q26: =VLOOKUP(B26,'Balancete Ano'!A$5:E$656,5,0) -> 0 | R26: =-(P26-Q26) -> 0 | S26: =R26-O26 -> 0 | T26: =IF(AND(F26="I",D26="SD"),M26,IF(AND(F26="I",D26="SC"),N26,IF(AND(F26="I",D26="SL"),O26,0))) -> 0 | U26: =IF(AND(F26="F",D26="SD"),P26,IF(AND(F26="F",D26="SC"),Q26,IF(AND(F26="F",D26="SL"),R26,0))) -> 0 | V26: =IF(AND(F26="V",D26="SL"),S26,0) -> 0 | W26: =SUM(T26:V26)*X26 -> 0 | X26: =IF(E26="-",-1,1) -> 1
B27: 262 | C27: =VLOOKUP(B27,'Balancete Ano'!A$5:E$656,3,0) -> Quotas não liberadas | D27: SL | E27: + | F27: V | G27: =W27 -> 0 | I27: =G27+H27 -> 0 | M27: =VLOOKUP(B27,'Balancete ano anterior'!A$5:E$656,4,0) -> 0 | N27: =VLOOKUP(B27,'Balancete ano anterior'!A$5:E$656,5,0) -> 0 | O27: =-(M27-N27) -> 0 | P27: =VLOOKUP(B27,'Balancete Ano'!A$5:E$656,4,0) -> 0 | Q27: =VLOOKUP(B27,'Balancete Ano'!A$5:E$656,5,0) -> 0 | R27: =-(P27-Q27) -> 0 | S27: =R27-O27 -> 0 | T27: =IF(AND(F27="I",D27="SD"),M27,IF(AND(F27="I",D27="SC"),N27,IF(AND(F27="I",D27="SL"),O27,0))) -> 0 | U27: =IF(AND(F27="F",D27="SD"),P27,IF(AND(F27="F",D27="SC"),Q27,IF(AND(F27="F",D27="SL"),R27,0))) -> 0 | V27: =IF(AND(F27="V",D27="SL"),S27,0) -> 0 | W27: =SUM(T27:V27)*X27 -> 0 | X27: =IF(E27="-",-1,1) -> 1
B28: 51 | C28: =VLOOKUP(B28,'Balancete Ano'!A$5:E$656,3,0) -> Capital | D28: SL | E28: + | F28: V | G28: =W28 -> 0 | I28: =IF(G28>0,W28) -> FALSE | M28: =VLOOKUP(B28,'Balancete ano anterior'!A$5:E$656,4,0) -> 0 | N28: =VLOOKUP(B28,'Balancete ano anterior'!A$5:E$656,5,0) -> 0 | O28: =-(M28-N28) -> 0 | P28: =VLOOKUP(B28,'Balancete Ano'!A$5:E$656,4,0) -> 0 | Q28: =VLOOKUP(B28,'Balancete Ano'!A$5:E$656,5,0) -> 0 | R28: =-(P28-Q28) -> 0 | S28: =R28-O28 -> 0 | T28: =IF(AND(F28="I",D28="SD"),M28,IF(AND(F28="I",D28="SC"),N28,IF(AND(F28="I",D28="SL"),O28,0))) -> 0 | U28: =IF(AND(F28="F",D28="SD"),P28,IF(AND(F28="F",D28="SC"),Q28,IF(AND(F28="F",D28="SL"),R28,0))) -> 0 | V28: =IF(AND(F28="V",D28="SL"),S28,0) -> 0 | W28: =SUM(T28:V28)*X28 -> 0 | X28: =IF(E28="-",-1,1) -> 1
B29: 53 | C29: =VLOOKUP(B29,'Balancete Ano'!A$5:E$656,3,0) -> Outros instrumentos de capital próprio | D29: SL | E29: + | F29: V | G29: =W29 -> 0 | I29: =IF(G29>0,W29) -> FALSE | M29: =VLOOKUP(B29,'Balancete ano anterior'!A$5:E$656,4,0) -> 0 | N29: =VLOOKUP(B29,'Balancete ano anterior'!A$5:E$656,5,0) -> 0 | O29: =-(M29-N29) -> 0 | P29: =VLOOKUP(B29,'Balancete Ano'!A$5:E$656,4,0) -> 0 | Q29: =VLOOKUP(B29,'Balancete Ano'!A$5:E$656,5,0) -> 0 | R29: =-(P29-Q29) -> 0 | S29: =R29-O29 -> 0 | T29: =IF(AND(F29="I",D29="SD"),M29,IF(AND(F29="I",D29="SC"),N29,IF(AND(F29="I",D29="SL"),O29,0))) -> 0 | U29: =IF(AND(F29="F",D29="SD"),P29,IF(AND(F29="F",D29="SC"),Q29,IF(AND(F29="F",D29="SL"),R29,0))) -> 0 | V29: =IF(AND(F29="V",D29="SL"),S29,0) -> 0 | W29: =SUM(T29:V29)*X29 -> 0 | X29: =IF(E29="-",-1,1) -> 1
B30: 521 | C30: =VLOOKUP(B30,'Balancete Ano'!A$5:E$656,3,0) -> Valor nominal | D30: SL | E30: + | F30: V | G30: =W30 -> 0 | I30: =IF(G30>0,W30) -> FALSE | M30: =VLOOKUP(B30,'Balancete ano anterior'!A$5:E$656,4,0) -> 0 | N30: =VLOOKUP(B30,'Balancete ano anterior'!A$5:E$656,5,0) -> 0 | O30: =-(M30-N30) -> 0 | P30: =VLOOKUP(B30,'Balancete Ano'!A$5:E$656,4,0) -> 0 | Q30: =VLOOKUP(B30,'Balancete Ano'!A$5:E$656,5,0) -> 0 | R30: =-(P30-Q30) -> 0 | S30: =R30-O30 -> 0 | T30: =IF(AND(F30="I",D30="SD"),M30,IF(AND(F30="I",D30="SC"),N30,IF(AND(F30="I",D30="SL"),O30,0))) -> 0 | U30: =IF(AND(F30="F",D30="SD"),P30,IF(AND(F30="F",D30="SC"),Q30,IF(AND(F30="F",D30="SL"),R30,0))) -> 0 | V30: =IF(AND(F30="V",D30="SL"),S30,0) -> 0 | W30: =SUM(T30:V30)*X30 -> 0 | X30: =IF(E30="-",-1,1) -> 1
B31: 522 | C31: =VLOOKUP(B31,'Balancete Ano'!A$5:E$656,3,0) -> Descontos e prémios | D31: SL | E31: + | F31: V | G31: =W31 -> 0 | I31: =IF(G31>0,W31) -> FALSE | M31: =VLOOKUP(B31,'Balancete ano anterior'!A$5:E$656,4,0) -> 0 | N31: =VLOOKUP(B31,'Balancete ano anterior'!A$5:E$656,5,0) -> 0 | O31: =-(M31-N31) -> 0 | P31: =VLOOKUP(B31,'Balancete Ano'!A$5:E$656,4,0) -> 0 | Q31: =VLOOKUP(B31,'Balancete Ano'!A$5:E$656,5,0) -> 0 | R31: =-(P31-Q31) -> 0 | S31: =R31-O31 -> 0 | T31: =IF(AND(F31="I",D31="SD"),M31,IF(AND(F31="I",D31="SC"),N31,IF(AND(F31="I",D31="SL"),O31,0))) -> 0 | U31: =IF(AND(F31="F",D31="SD"),P31,IF(AND(F31="F",D31="SC"),Q31,IF(AND(F31="F",D31="SL"),R31,0))) -> 0 | V31: =IF(AND(F31="V",D31="SL"),S31,0) -> 0 | W31: =SUM(T31:V31)*X31 -> 0 | X31: =IF(E31="-",-1,1) -> 1
B32: 54 | C32: =VLOOKUP(B32,'Balancete Ano'!A$5:E$656,3,0) -> Prémios de emissão | D32: SL | E32: + | F32: V | G32: =W32 -> 0 | I32: =G32+H32 -> 0 | M32: =VLOOKUP(B32,'Balancete ano anterior'!A$5:E$656,4,0) -> 0 | N32: =VLOOKUP(B32,'Balancete ano anterior'!A$5:E$656,5,0) -> 0 | O32: =-(M32-N32) -> 0 | P32: =VLOOKUP(B32,'Balancete Ano'!A$5:E$656,4,0) -> 0 | Q32: =VLOOKUP(B32,'Balancete Ano'!A$5:E$656,5,0) -> 0 | R32: =-(P32-Q32) -> 0 | S32: =R32-O32 -> 0 | T32: =IF(AND(F32="I",D32="SD"),M32,IF(AND(F32="I",D32="SC"),N32,IF(AND(F32="I",D32="SL"),O32,0))) -> 0 | U32: =IF(AND(F32="F",D32="SD"),P32,IF(AND(F32="F",D32="SC"),Q32,IF(AND(F32="F",D32="SL"),R32,0))) -> 0 | V32: =IF(AND(F32="V",D32="SL"),S32,0) -> 0 | W32: =SUM(T32:V32)*X32 -> 0 | X32: =IF(E32="-",-1,1) -> 1
I33: =G33+H33 -> 0 | M33: =VLOOKUP(B33,'Balancete ano anterior'!A$5:E$656,4,0) -> #N/A | N33: =VLOOKUP(B33,'Balancete ano anterior'!A$5:E$656,5,0) -> #N/A | O33: =-(M33-N33) -> #N/A | P33: =VLOOKUP(B33,'Balancete Ano'!A$5:E$656,4,0) -> #N/A | Q33: =VLOOKUP(B33,'Balancete Ano'!A$5:E$656,5,0) -> #N/A | R33: =-(P33-Q33) -> #N/A | S33: =R33-O33 -> #N/A | T33: =IF(AND(F33="I",D33="SD"),M33,IF(AND(F33="I",D33="SC"),N33,IF(AND(F33="I",D33="SL"),O33,0))) -> 0 | U33: =IF(AND(F33="F",D33="SD"),P33,IF(AND(F33="F",D33="SC"),Q33,IF(AND(F33="F",D33="SL"),R33,0))) -> 0 | V33: =IF(AND(F33="V",D33="SL"),S33,0) -> 0 | W33: =SUM(T33:V33)*X33 -> 0 | X33: =IF(E33="-",-1,1) -> 1
I34: =G34+H34 -> 0 | M34: =VLOOKUP(B34,'Balancete ano anterior'!A$5:E$656,4,0) -> #N/A | N34: =VLOOKUP(B34,'Balancete ano anterior'!A$5:E$656,5,0) -> #N/A | O34: =-(M34-N34) -> #N/A | P34: =VLOOKUP(B34,'Balancete Ano'!A$5:E$656,4,0) -> #N/A | Q34: =VLOOKUP(B34,'Balancete Ano'!A$5:E$656,5,0) -> #N/A | R34: =-(P34-Q34) -> #N/A | S34: =R34-O34 -> #N/A | T34: =IF(AND(F34="I",D34="SD"),M34,IF(AND(F34="I",D34="SC"),N34,IF(AND(F34="I",D34="SL"),O34,0))) -> 0 | U34: =IF(AND(F34="F",D34="SD"),P34,IF(AND(F34="F",D34="SC"),Q34,IF(AND(F34="F",D34="SL"),R34,0))) -> 0 | V34: =IF(AND(F34="V",D34="SL"),S34,0) -> 0 | W34: =SUM(T34:V34)*X34 -> 0 | X34: =IF(E34="-",-1,1) -> 1
H35: Soma | I35: =SUM(I26:I34) -> 0 | M35: =VLOOKUP(B35,'Balancete ano anterior'!A$5:E$656,4,0) -> #N/A | N35: =VLOOKUP(B35,'Balancete ano anterior'!A$5:E$656,5,0) -> #N/A | O35: =-(M35-N35) -> #N/A | P35: =VLOOKUP(B35,'Balancete Ano'!A$5:E$656,4,0) -> #N/A | Q35: =VLOOKUP(B35,'Balancete Ano'!A$5:E$656,5,0) -> #N/A | R35: =-(P35-Q35) -> #N/A | S35: =R35-O35 -> #N/A | T35: =IF(AND(F35="I",D35="SD"),M35,IF(AND(F35="I",D35="SC"),N35,IF(AND(F35="I",D35="SL"),O35,0))) -> 0 | U35: =IF(AND(F35="F",D35="SD"),P35,IF(AND(F35="F",D35="SC"),Q35,IF(AND(F35="F",D35="SL"),R35,0))) -> 0 | V35: =IF(AND(F35="V",D35="SL"),S35,0) -> 0 | W35: =SUM(T35:V35)*X35 -> 0 | X35: =IF(E35="-",-1,1) -> 1
M36: =VLOOKUP(B36,'Balancete ano anterior'!A$5:E$656,4,0) -> #N/A | N36: =VLOOKUP(B36,'Balancete ano anterior'!A$5:E$656,5,0) -> #N/A | O36: =-(M36-N36) -> #N/A | P36: =VLOOKUP(B36,'Balancete Ano'!A$5:E$656,4,0) -> #N/A | Q36: =VLOOKUP(B36,'Balancete Ano'!A$5:E$656,5,0) -> #N/A | R36: =-(P36-Q36) -> #N/A | S36: =R36-O36 -> #N/A | T36: =IF(AND(F36="I",D36="SD"),M36,IF(AND(F36="I",D36="SC"),N36,IF(AND(F36="I",D36="SL"),O36,0))) -> 0 | U36: =IF(AND(F36="F",D36="SD"),P36,IF(AND(F36="F",D36="SC"),Q36,IF(AND(F36="F",D36="SL"),R36,0))) -> 0 | V36: =IF(AND(F36="V",D36="SL"),S36,0) -> 0 | W36: =SUM(T36:V36)*X36 -> 0 | X36: =IF(E36="-",-1,1) -> 1
M37: =VLOOKUP(B37,'Balancete ano anterior'!A$5:E$656,4,0) -> #N/A | N37: =VLOOKUP(B37,'Balancete ano anterior'!A$5:E$656,5,0) -> #N/A | O37: =-(M37-N37) -> #N/A | P37: =VLOOKUP(B37,'Balancete Ano'!A$5:E$656,4,0) -> #N/A | Q37: =VLOOKUP(B37,'Balancete Ano'!A$5:E$656,5,0) -> #N/A | R37: =-(P37-Q37) -> #N/A | S37: =R37-O37 -> #N/A | T37: =IF(AND(F37="I",D37="SD"),M37,IF(AND(F37="I",D37="SC"),N37,IF(AND(F37="I",D37="SL"),O37,0))) -> 0 | U37: =IF(AND(F37="F",D37="SD"),P37,IF(AND(F37="F",D37="SC"),Q37,IF(AND(F37="F",D37="SL"),R37,0))) -> 0 | V37: =IF(AND(F37="V",D37="SL"),S37,0) -> 0 | W37: =SUM(T37:V37)*X37 -> 0 | X37: =IF(E37="-",-1,1) -> 1
M38: =VLOOKUP(B38,'Balancete ano anterior'!A$5:E$656,4,0) -> #N/A | N38: =VLOOKUP(B38,'Balancete ano anterior'!A$5:E$656,5,0) -> #N/A | O38: =-(M38-N38) -> #N/A | P38: =VLOOKUP(B38,'Balancete Ano'!A$5:E$656,4,0) -> #N/A | Q38: =VLOOKUP(B38,'Balancete Ano'!A$5:E$656,5,0) -> #N/A | R38: =-(P38-Q38) -> #N/A | S38: =R38-O38 -> #N/A | T38: =IF(AND(F38="I",D38="SD"),M38,IF(AND(F38="I",D38="SC"),N38,IF(AND(F38="I",D38="SL"),O38,0))) -> 0 | U38: =IF(AND(F38="F",D38="SD"),P38,IF(AND(F38="F",D38="SC"),Q38,IF(AND(F38="F",D38="SL"),R38,0))) -> 0 | V38: =IF(AND(F38="V",D38="SL"),S38,0) -> 0 | W38: =SUM(T38:V38)*X38 -> 0 | X38: =IF(E38="-",-1,1) -> 1
M39: =VLOOKUP(B39,'Balancete ano anterior'!A$5:E$656,4,0) -> #N/A | N39: =VLOOKUP(B39,'Balancete ano anterior'!A$5:E$656,5,0) -> #N/A | O39: =-(M39-N39) -> #N/A | P39: =VLOOKUP(B39,'Balancete Ano'!A$5:E$656,4,0) -> #N/A | Q39: =VLOOKUP(B39,'Balancete Ano'!A$5:E$656,5,0) -> #N/A | R39: =-(P39-Q39) -> #N/A | S39: =R39-O39 -> #N/A | T39: =IF(AND(F39="I",D39="SD"),M39,IF(AND(F39="I",D39="SC"),N39,IF(AND(F39="I",D39="SL"),O39,0))) -> 0 | U39: =IF(AND(F39="F",D39="SD"),P39,IF(AND(F39="F",D39="SC"),Q39,IF(AND(F39="F",D39="SL"),R39,0))) -> 0 | V39: =IF(AND(F39="V",D39="SL"),S39,0) -> 0 | W39: =SUM(T39:V39)*X39 -> 0 | X39: =IF(E39="-",-1,1) -> 1
B40: Cobertura de prejuízos | M40: =VLOOKUP(B40,'Balancete ano anterior'!A$5:E$656,4,0) -> #N/A | N40: =VLOOKUP(B40,'Balancete ano anterior'!A$5:E$656,5,0) -> #N/A | O40: =-(M40-N40) -> #N/A | P40: =VLOOKUP(B40,'Balancete Ano'!A$5:E$656,4,0) -> #N/A | Q40: =VLOOKUP(B40,'Balancete Ano'!A$5:E$656,5,0) -> #N/A | R40: =-(P40-Q40) -> #N/A | S40: =R40-O40 -> #N/A | T40: =IF(AND(F40="I",D40="SD"),M40,IF(AND(F40="I",D40="SC"),N40,IF(AND(F40="I",D40="SL"),O40,0))) -> 0 | U40: =IF(AND(F40="F",D40="SD"),P40,IF(AND(F40="F",D40="SC"),Q40,IF(AND(F40="F",D40="SL"),R40,0))) -> 0 | V40: =IF(AND(F40="V",D40="SL"),S40,0) -> 0 | W40: =SUM(T40:V40)*X40 -> 0 | X40: =IF(E40="-",-1,1) -> 1
M41: =VLOOKUP(B41,'Balancete ano anterior'!A$5:E$656,4,0) -> #N/A | N41: =VLOOKUP(B41,'Balancete ano anterior'!A$5:E$656,5,0) -> #N/A | O41: =-(M41-N41) -> #N/A | P41: =VLOOKUP(B41,'Balancete Ano'!A$5:E$656,4,0) -> #N/A | Q41: =VLOOKUP(B41,'Balancete Ano'!A$5:E$656,5,0) -> #N/A | R41: =-(P41-Q41) -> #N/A | S41: =R41-O41 -> #N/A | T41: =IF(AND(F41="I",D41="SD"),M41,IF(AND(F41="I",D41="SC"),N41,IF(AND(F41="I",D41="SL"),O41,0))) -> 0 | U41: =IF(AND(F41="F",D41="SD"),P41,IF(AND(F41="F",D41="SC"),Q41,IF(AND(F41="F",D41="SL"),R41,0))) -> 0 | V41: =IF(AND(F41="V",D41="SL"),S41,0) -> 0 | W41: =SUM(T41:V41)*X41 -> 0 | X41: =IF(E41="-",-1,1) -> 1
B42: Conta | C42: Descrição | D42: Mov/Sld | E42: Sinal | F42: I/F/V | G42: Valor | H42: Ajuste | I42: Valor ajustado | M42: =VLOOKUP(B42,'Balancete ano anterior'!A$5:E$656,4,0) -> #N/A | N42: =VLOOKUP(B42,'Balancete ano anterior'!A$5:E$656,5,0) -> #N/A | O42: =-(M42-N42) -> #N/A | P42: =VLOOKUP(B42,'Balancete Ano'!A$5:E$656,4,0) -> #N/A | Q42: =VLOOKUP(B42,'Balancete Ano'!A$5:E$656,5,0) -> #N/A | R42: =-(P42-Q42) -> #N/A | S42: =R42-O42 -> #N/A | T42: =IF(AND(F42="I",D42="SD"),M42,IF(AND(F42="I",D42="SC"),N42,IF(AND(F42="I",D42="SL"),O42,0))) -> 0 | U42: =IF(AND(F42="F",D42="SD"),P42,IF(AND(F42="F",D42="SC"),Q42,IF(AND(F42="F",D42="SL"),R42,0))) -> 0 | V42: =IF(AND(F42="V",D42="SL"),S42,0) -> 0 | W42: =SUM(T42:V42)*X42 -> 0 | X42: =IF(E42="-",-1,1) -> 1
M43: =VLOOKUP(B43,'Balancete ano anterior'!A$5:E$656,4,0) -> #N/A | N43: =VLOOKUP(B43,'Balancete ano anterior'!A$5:E$656,5,0) -> #N/A | O43: =-(M43-N43) -> #N/A | P43: =VLOOKUP(B43,'Balancete Ano'!A$5:E$656,4,0) -> #N/A | Q43: =VLOOKUP(B43,'Balancete Ano'!A$5:E$656,5,0) -> #N/A | R43: =-(P43-Q43) -> #N/A | S43: =R43-O43 -> #N/A | T43: =IF(AND(F43="I",D43="SD"),M43,IF(AND(F43="I",D43="SC"),N43,IF(AND(F43="I",D43="SL"),O43,0))) -> 0 | U43: =IF(AND(F43="F",D43="SD"),P43,IF(AND(F43="F",D43="SC"),Q43,IF(AND(F43="F",D43="SL"),R43,0))) -> 0 | V43: =IF(AND(F43="V",D43="SL"),S43,0) -> 0 | W43: =SUM(T43:V43)*X43 -> 0 | X43: =IF(E43="-",-1,1) -> 1
B44: CobPre | C44: =VLOOKUP(B44,EXTRA!$B$10:$D$49,2,0) -> Entrada de dinheiro para cobertura de prejuízos | E44: + | G44: =VLOOKUP(B44,EXTRA!$B$10:$D$49,3,0)*X44 -> 0 | I44: =G44+H44 -> 0 | M44: =VLOOKUP(B44,'Balancete ano anterior'!A$5:E$656,4,0) -> #N/A | N44: =VLOOKUP(B44,'Balancete ano anterior'!A$5:E$656,5,0) -> #N/A | O44: =-(M44-N44) -> #N/A | P44: =VLOOKUP(B44,'Balancete Ano'!A$5:E$656,4,0) -> #N/A | Q44: =VLOOKUP(B44,'Balancete Ano'!A$5:E$656,5,0) -> #N/A | R44: =-(P44-Q44) -> #N/A | S44: =R44-O44 -> #N/A | T44: =IF(AND(F44="I",D44="SD"),M44,IF(AND(F44="I",D44="SC"),N44,IF(AND(F44="I",D44="SL"),O44,0))) -> 0 | U44: =IF(AND(F44="F",D44="SD"),P44,IF(AND(F44="F",D44="SC"),Q44,IF(AND(F44="F",D44="SL"),R44,0))) -> 0 | V44: =IF(AND(F44="V",D44="SL"),S44,0) -> 0 | W44: =SUM(T44:V44)*X44 -> 0 | X44: =IF(E44="-",-1,1) -> 1
I45: =G45+H45 -> 0 | M45: =VLOOKUP(B45,'Balancete ano anterior'!A$5:E$656,4,0) -> #N/A | N45: =VLOOKUP(B45,'Balancete ano anterior'!A$5:E$656,5,0) -> #N/A | O45: =-(M45-N45) -> #N/A | P45: =VLOOKUP(B45,'Balancete Ano'!A$5:E$656,4,0) -> #N/A | Q45: =VLOOKUP(B45,'Balancete Ano'!A$5:E$656,5,0) -> #N/A | R45: =-(P45-Q45) -> #N/A | S45: =R45-O45 -> #N/A | T45: =IF(AND(F45="I",D45="SD"),M45,IF(AND(F45="I",D45="SC"),N45,IF(AND(F45="I",D45="SL"),O45,0))) -> 0 | U45: =IF(AND(F45="F",D45="SD"),P45,IF(AND(F45="F",D45="SC"),Q45,IF(AND(F45="F",D45="SL"),R45,0))) -> 0 | V45: =IF(AND(F45="V",D45="SL"),S45,0) -> 0 | W45: =SUM(T45:V45)*X45 -> 0 | X45: =IF(E45="-",-1,1) -> 1
I46: =G46+H46 -> 0 | M46: =VLOOKUP(B46,'Balancete ano anterior'!A$5:E$656,4,0) -> #N/A | N46: =VLOOKUP(B46,'Balancete ano anterior'!A$5:E$656,5,0) -> #N/A | O46: =-(M46-N46) -> #N/A | P46: =VLOOKUP(B46,'Balancete Ano'!A$5:E$656,4,0) -> #N/A | Q46: =VLOOKUP(B46,'Balancete Ano'!A$5:E$656,5,0) -> #N/A | R46: =-(P46-Q46) -> #N/A | S46: =R46-O46 -> #N/A | T46: =IF(AND(F46="I",D46="SD"),M46,IF(AND(F46="I",D46="SC"),N46,IF(AND(F46="I",D46="SL"),O46,0))) -> 0 | U46: =IF(AND(F46="F",D46="SD"),P46,IF(AND(F46="F",D46="SC"),Q46,IF(AND(F46="F",D46="SL"),R46,0))) -> 0 | V46: =IF(AND(F46="V",D46="SL"),S46,0) -> 0 | W46: =SUM(T46:V46)*X46 -> 0 | X46: =IF(E46="-",-1,1) -> 1
H47: Soma | I47: =SUM(I44:I46) -> 0 | M47: =VLOOKUP(B47,'Balancete ano anterior'!A$5:E$656,4,0) -> #N/A | N47: =VLOOKUP(B47,'Balancete ano anterior'!A$5:E$656,5,0) -> #N/A | O47: =-(M47-N47) -> #N/A | P47: =VLOOKUP(B47,'Balancete Ano'!A$5:E$656,4,0) -> #N/A | Q47: =VLOOKUP(B47,'Balancete Ano'!A$5:E$656,5,0) -> #N/A | R47: =-(P47-Q47) -> #N/A | S47: =R47-O47 -> #N/A | T47: =IF(AND(F47="I",D47="SD"),M47,IF(AND(F47="I",D47="SC"),N47,IF(AND(F47="I",D47="SL"),O47,0))) -> 0 | U47: =IF(AND(F47="F",D47="SD"),P47,IF(AND(F47="F",D47="SC"),Q47,IF(AND(F47="F",D47="SL"),R47,0))) -> 0 | V47: =IF(AND(F47="V",D47="SL"),S47,0) -> 0 | W47: =SUM(T47:V47)*X47 -> 0 | X47: =IF(E47="-",-1,1) -> 1
M48: =VLOOKUP(B48,'Balancete ano anterior'!A$5:E$656,4,0) -> #N/A | N48: =VLOOKUP(B48,'Balancete ano anterior'!A$5:E$656,5,0) -> #N/A | O48: =-(M48-N48) -> #N/A | P48: =VLOOKUP(B48,'Balancete Ano'!A$5:E$656,4,0) -> #N/A | Q48: =VLOOKUP(B48,'Balancete Ano'!A$5:E$656,5,0) -> #N/A | R48: =-(P48-Q48) -> #N/A | S48: =R48-O48 -> #N/A | T48: =IF(AND(F48="I",D48="SD"),M48,IF(AND(F48="I",D48="SC"),N48,IF(AND(F48="I",D48="SL"),O48,0))) -> 0 | U48: =IF(AND(F48="F",D48="SD"),P48,IF(AND(F48="F",D48="SC"),Q48,IF(AND(F48="F",D48="SL"),R48,0))) -> 0 | V48: =IF(AND(F48="V",D48="SL"),S48,0) -> 0 | W48: =SUM(T48:V48)*X48 -> 0 | X48: =IF(E48="-",-1,1) -> 1
M49: =VLOOKUP(B49,'Balancete ano anterior'!A$5:E$656,4,0) -> #N/A | N49: =VLOOKUP(B49,'Balancete ano anterior'!A$5:E$656,5,0) -> #N/A | O49: =-(M49-N49) -> #N/A | P49: =VLOOKUP(B49,'Balancete Ano'!A$5:E$656,4,0) -> #N/A | Q49: =VLOOKUP(B49,'Balancete Ano'!A$5:E$656,5,0) -> #N/A | R49: =-(P49-Q49) -> #N/A | S49: =R49-O49 -> #N/A | T49: =IF(AND(F49="I",D49="SD"),M49,IF(AND(F49="I",D49="SC"),N49,IF(AND(F49="I",D49="SL"),O49,0))) -> 0 | U49: =IF(AND(F49="F",D49="SD"),P49,IF(AND(F49="F",D49="SC"),Q49,IF(AND(F49="F",D49="SL"),R49,0))) -> 0 | V49: =IF(AND(F49="V",D49="SL"),S49,0) -> 0 | W49: =SUM(T49:V49)*X49 -> 0 | X49: =IF(E49="-",-1,1) -> 1
M50: =VLOOKUP(B50,'Balancete ano anterior'!A$5:E$656,4,0) -> #N/A | N50: =VLOOKUP(B50,'Balancete ano anterior'!A$5:E$656,5,0) -> #N/A | O50: =-(M50-N50) -> #N/A | P50: =VLOOKUP(B50,'Balancete Ano'!A$5:E$656,4,0) -> #N/A | Q50: =VLOOKUP(B50,'Balancete Ano'!A$5:E$656,5,0) -> #N/A | R50: =-(P50-Q50) -> #N/A | S50: =R50-O50 -> #N/A | T50: =IF(AND(F50="I",D50="SD"),M50,IF(AND(F50="I",D50="SC"),N50,IF(AND(F50="I",D50="SL"),O50,0))) -> 0 | U50: =IF(AND(F50="F",D50="SD"),P50,IF(AND(F50="F",D50="SC"),Q50,IF(AND(F50="F",D50="SL"),R50,0))) -> 0 | V50: =IF(AND(F50="V",D50="SL"),S50,0) -> 0 | W50: =SUM(T50:V50)*X50 -> 0 | X50: =IF(E50="-",-1,1) -> 1
M51: =VLOOKUP(B51,'Balancete ano anterior'!A$5:E$656,4,0) -> #N/A | N51: =VLOOKUP(B51,'Balancete ano anterior'!A$5:E$656,5,0) -> #N/A | O51: =-(M51-N51) -> #N/A | P51: =VLOOKUP(B51,'Balancete Ano'!A$5:E$656,4,0) -> #N/A | Q51: =VLOOKUP(B51,'Balancete Ano'!A$5:E$656,5,0) -> #N/A | R51: =-(P51-Q51) -> #N/A | S51: =R51-O51 -> #N/A | T51: =IF(AND(F51="I",D51="SD"),M51,IF(AND(F51="I",D51="SC"),N51,IF(AND(F51="I",D51="SL"),O51,0))) -> 0 | U51: =IF(AND(F51="F",D51="SD"),P51,IF(AND(F51="F",D51="SC"),Q51,IF(AND(F51="F",D51="SL"),R51,0))) -> 0 | V51: =IF(AND(F51="V",D51="SL"),S51,0) -> 0 | W51: =SUM(T51:V51)*X51 -> 0 | X51: =IF(E51="-",-1,1) -> 1
M52: =VLOOKUP(B52,'Balancete ano anterior'!A$5:E$656,4,0) -> #N/A | N52: =VLOOKUP(B52,'Balancete ano anterior'!A$5:E$656,5,0) -> #N/A | O52: =-(M52-N52) -> #N/A | P52: =VLOOKUP(B52,'Balancete Ano'!A$5:E$656,4,0) -> #N/A | Q52: =VLOOKUP(B52,'Balancete Ano'!A$5:E$656,5,0) -> #N/A | R52: =-(P52-Q52) -> #N/A | S52: =R52-O52 -> #N/A | T52: =IF(AND(F52="I",D52="SD"),M52,IF(AND(F52="I",D52="SC"),N52,IF(AND(F52="I",D52="SL"),O52,0))) -> 0 | U52: =IF(AND(F52="F",D52="SD"),P52,IF(AND(F52="F",D52="SC"),Q52,IF(AND(F52="F",D52="SL"),R52,0))) -> 0 | V52: =IF(AND(F52="V",D52="SL"),S52,0) -> 0 | W52: =SUM(T52:V52)*X52 -> 0 | X52: =IF(E52="-",-1,1) -> 1
M53: =VLOOKUP(B53,'Balancete ano anterior'!A$5:E$656,4,0) -> #N/A | N53: =VLOOKUP(B53,'Balancete ano anterior'!A$5:E$656,5,0) -> #N/A | O53: =-(M53-N53) -> #N/A | P53: =VLOOKUP(B53,'Balancete Ano'!A$5:E$656,4,0) -> #N/A | Q53: =VLOOKUP(B53,'Balancete Ano'!A$5:E$656,5,0) -> #N/A | R53: =-(P53-Q53) -> #N/A | S53: =R53-O53 -> #N/A | T53: =IF(AND(F53="I",D53="SD"),M53,IF(AND(F53="I",D53="SC"),N53,IF(AND(F53="I",D53="SL"),O53,0))) -> 0 | U53: =IF(AND(F53="F",D53="SD"),P53,IF(AND(F53="F",D53="SC"),Q53,IF(AND(F53="F",D53="SL"),R53,0))) -> 0 | V53: =IF(AND(F53="V",D53="SL"),S53,0) -> 0 | W53: =SUM(T53:V53)*X53 -> 0 | X53: =IF(E53="-",-1,1) -> 1
B54: Doações | M54: =VLOOKUP(B54,'Balancete ano anterior'!A$5:E$656,4,0) -> #N/A | N54: =VLOOKUP(B54,'Balancete ano anterior'!A$5:E$656,5,0) -> #N/A | O54: =-(M54-N54) -> #N/A | P54: =VLOOKUP(B54,'Balancete Ano'!A$5:E$656,4,0) -> #N/A | Q54: =VLOOKUP(B54,'Balancete Ano'!A$5:E$656,5,0) -> #N/A | R54: =-(P54-Q54) -> #N/A | S54: =R54-O54 -> #N/A | T54: =IF(AND(F54="I",D54="SD"),M54,IF(AND(F54="I",D54="SC"),N54,IF(AND(F54="I",D54="SL"),O54,0))) -> 0 | U54: =IF(AND(F54="F",D54="SD"),P54,IF(AND(F54="F",D54="SC"),Q54,IF(AND(F54="F",D54="SL"),R54,0))) -> 0 | V54: =IF(AND(F54="V",D54="SL"),S54,0) -> 0 | W54: =SUM(T54:V54)*X54 -> 0 | X54: =IF(E54="-",-1,1) -> 1
M55: =VLOOKUP(B55,'Balancete ano anterior'!A$5:E$656,4,0) -> #N/A | N55: =VLOOKUP(B55,'Balancete ano anterior'!A$5:E$656,5,0) -> #N/A | O55: =-(M55-N55) -> #N/A | P55: =VLOOKUP(B55,'Balancete Ano'!A$5:E$656,4,0) -> #N/A | Q55: =VLOOKUP(B55,'Balancete Ano'!A$5:E$656,5,0) -> #N/A | R55: =-(P55-Q55) -> #N/A | S55: =R55-O55 -> #N/A | T55: =IF(AND(F55="I",D55="SD"),M55,IF(AND(F55="I",D55="SC"),N55,IF(AND(F55="I",D55="SL"),O55,0))) -> 0 | U55: =IF(AND(F55="F",D55="SD"),P55,IF(AND(F55="F",D55="SC"),Q55,IF(AND(F55="F",D55="SL"),R55,0))) -> 0 | V55: =IF(AND(F55="V",D55="SL"),S55,0) -> 0 | W55: =SUM(T55:V55)*X55 -> 0 | X55: =IF(E55="-",-1,1) -> 1
B56: Conta | C56: Descrição | D56: Mov/Sld | E56: Sinal | F56: I/F/V | G56: Valor | H56: Ajuste | I56: Valor ajustado | M56: =VLOOKUP(B56,'Balancete ano anterior'!A$5:E$656,4,0) -> #N/A | N56: =VLOOKUP(B56,'Balancete ano anterior'!A$5:E$656,5,0) -> #N/A | O56: =-(M56-N56) -> #N/A | P56: =VLOOKUP(B56,'Balancete Ano'!A$5:E$656,4,0) -> #N/A | Q56: =VLOOKUP(B56,'Balancete Ano'!A$5:E$656,5,0) -> #N/A | R56: =-(P56-Q56) -> #N/A | S56: =R56-O56 -> #N/A | T56: =IF(AND(F56="I",D56="SD"),M56,IF(AND(F56="I",D56="SC"),N56,IF(AND(F56="I",D56="SL"),O56,0))) -> 0 | U56: =IF(AND(F56="F",D56="SD"),P56,IF(AND(F56="F",D56="SC"),Q56,IF(AND(F56="F",D56="SL"),R56,0))) -> 0 | V56: =IF(AND(F56="V",D56="SL"),S56,0) -> 0 | W56: =SUM(T56:V56)*X56 -> 0 | X56: =IF(E56="-",-1,1) -> 1
M57: =VLOOKUP(B57,'Balancete ano anterior'!A$5:E$656,4,0) -> #N/A | N57: =VLOOKUP(B57,'Balancete ano anterior'!A$5:E$656,5,0) -> #N/A | O57: =-(M57-N57) -> #N/A | P57: =VLOOKUP(B57,'Balancete Ano'!A$5:E$656,4,0) -> #N/A | Q57: =VLOOKUP(B57,'Balancete Ano'!A$5:E$656,5,0) -> #N/A | R57: =-(P57-Q57) -> #N/A | S57: =R57-O57 -> #N/A | T57: =IF(AND(F57="I",D57="SD"),M57,IF(AND(F57="I",D57="SC"),N57,IF(AND(F57="I",D57="SL"),O57,0))) -> 0 | U57: =IF(AND(F57="F",D57="SD"),P57,IF(AND(F57="F",D57="SC"),Q57,IF(AND(F57="F",D57="SL"),R57,0))) -> 0 | V57: =IF(AND(F57="V",D57="SL"),S57,0) -> 0 | W57: =SUM(T57:V57)*X57 -> 0 | X57: =IF(E57="-",-1,1) -> 1
B58: 594 | C58: =VLOOKUP(B58,'Balancete Ano'!A$5:E$656,3,0) -> Doações | D58: SL | E58: + | F58: V | G58: =W58 -> 0 | I58: =G58+H58 -> 0 | M58: =VLOOKUP(B58,'Balancete ano anterior'!A$5:E$656,4,0) -> 0 | N58: =VLOOKUP(B58,'Balancete ano anterior'!A$5:E$656,5,0) -> 0 | O58: =-(M58-N58) -> 0 | P58: =VLOOKUP(B58,'Balancete Ano'!A$5:E$656,4,0) -> 0 | Q58: =VLOOKUP(B58,'Balancete Ano'!A$5:E$656,5,0) -> 0 | R58: =-(P58-Q58) -> 0 | S58: =R58-O58 -> 0 | T58: =IF(AND(F58="I",D58="SD"),M58,IF(AND(F58="I",D58="SC"),N58,IF(AND(F58="I",D58="SL"),O58,0))) -> 0 | U58: =IF(AND(F58="F",D58="SD"),P58,IF(AND(F58="F",D58="SC"),Q58,IF(AND(F58="F",D58="SL"),R58,0))) -> 0 | V58: =IF(AND(F58="V",D58="SL"),S58,0) -> 0 | W58: =SUM(T58:V58)*X58 -> 0 | X58: =IF(E58="-",-1,1) -> 1
I59: =G59+H59 -> 0 | M59: =VLOOKUP(B59,'Balancete ano anterior'!A$5:E$656,4,0) -> #N/A | N59: =VLOOKUP(B59,'Balancete ano anterior'!A$5:E$656,5,0) -> #N/A | O59: =-(M59-N59) -> #N/A | P59: =VLOOKUP(B59,'Balancete Ano'!A$5:E$656,4,0) -> #N/A | Q59: =VLOOKUP(B59,'Balancete Ano'!A$5:E$656,5,0) -> #N/A | R59: =-(P59-Q59) -> #N/A | S59: =R59-O59 -> #N/A | T59: =IF(AND(F59="I",D59="SD"),M59,IF(AND(F59="I",D59="SC"),N59,IF(AND(F59="I",D59="SL"),O59,0))) -> 0 | U59: =IF(AND(F59="F",D59="SD"),P59,IF(AND(F59="F",D59="SC"),Q59,IF(AND(F59="F",D59="SL"),R59,0))) -> 0 | V59: =IF(AND(F59="V",D59="SL"),S59,0) -> 0 | W59: =SUM(T59:V59)*X59 -> 0 | X59: =IF(E59="-",-1,1) -> 1
I60: =G60+H60 -> 0 | M60: =VLOOKUP(B60,'Balancete ano anterior'!A$5:E$656,4,0) -> #N/A | N60: =VLOOKUP(B60,'Balancete ano anterior'!A$5:E$656,5,0) -> #N/A | O60: =-(M60-N60) -> #N/A | P60: =VLOOKUP(B60,'Balancete Ano'!A$5:E$656,4,0) -> #N/A | Q60: =VLOOKUP(B60,'Balancete Ano'!A$5:E$656,5,0) -> #N/A | R60: =-(P60-Q60) -> #N/A | S60: =R60-O60 -> #N/A | T60: =IF(AND(F60="I",D60="SD"),M60,IF(AND(F60="I",D60="SC"),N60,IF(AND(F60="I",D60="SL"),O60,0))) -> 0 | U60: =IF(AND(F60="F",D60="SD"),P60,IF(AND(F60="F",D60="SC"),Q60,IF(AND(F60="F",D60="SL"),R60,0))) -> 0 | V60: =IF(AND(F60="V",D60="SL"),S60,0) -> 0 | W60: =SUM(T60:V60)*X60 -> 0 | X60: =IF(E60="-",-1,1) -> 1
H61: Soma | I61: =SUM(I58:I60) -> 0 | M61: =VLOOKUP(B61,'Balancete ano anterior'!A$5:E$656,4,0) -> #N/A | N61: =VLOOKUP(B61,'Balancete ano anterior'!A$5:E$656,5,0) -> #N/A | O61: =-(M61-N61) -> #N/A | P61: =VLOOKUP(B61,'Balancete Ano'!A$5:E$656,4,0) -> #N/A | Q61: =VLOOKUP(B61,'Balancete Ano'!A$5:E$656,5,0) -> #N/A | R61: =-(P61-Q61) -> #N/A | S61: =R61-O61 -> #N/A | T61: =IF(AND(F61="I",D61="SD"),M61,IF(AND(F61="I",D61="SC"),N61,IF(AND(F61="I",D61="SL"),O61,0))) -> 0 | U61: =IF(AND(F61="F",D61="SD"),P61,IF(AND(F61="F",D61="SC"),Q61,IF(AND(F61="F",D61="SL"),R61,0))) -> 0 | V61: =IF(AND(F61="V",D61="SL"),S61,0) -> 0 | W61: =SUM(T61:V61)*X61 -> 0 | X61: =IF(E61="-",-1,1) -> 1
M62: =VLOOKUP(B62,'Balancete ano anterior'!A$5:E$656,4,0) -> #N/A | N62: =VLOOKUP(B62,'Balancete ano anterior'!A$5:E$656,5,0) -> #N/A | O62: =-(M62-N62) -> #N/A | P62: =VLOOKUP(B62,'Balancete Ano'!A$5:E$656,4,0) -> #N/A | Q62: =VLOOKUP(B62,'Balancete Ano'!A$5:E$656,5,0) -> #N/A | R62: =-(P62-Q62) -> #N/A | S62: =R62-O62 -> #N/A | T62: =IF(AND(F62="I",D62="SD"),M62,IF(AND(F62="I",D62="SC"),N62,IF(AND(F62="I",D62="SL"),O62,0))) -> 0 | U62: =IF(AND(F62="F",D62="SD"),P62,IF(AND(F62="F",D62="SC"),Q62,IF(AND(F62="F",D62="SL"),R62,0))) -> 0 | V62: =IF(AND(F62="V",D62="SL"),S62,0) -> 0 | W62: =SUM(T62:V62)*X62 -> 0 | X62: =IF(E62="-",-1,1) -> 1
B63: Outras operações de financiamento | M63: =VLOOKUP(B63,'Balancete ano anterior'!A$5:E$656,4,0) -> #N/A | N63: =VLOOKUP(B63,'Balancete ano anterior'!A$5:E$656,5,0) -> #N/A | O63: =-(M63-N63) -> #N/A | P63: =VLOOKUP(B63,'Balancete Ano'!A$5:E$656,4,0) -> #N/A | Q63: =VLOOKUP(B63,'Balancete Ano'!A$5:E$656,5,0) -> #N/A | R63: =-(P63-Q63) -> #N/A | S63: =R63-O63 -> #N/A | T63: =IF(AND(F63="I",D63="SD"),M63,IF(AND(F63="I",D63="SC"),N63,IF(AND(F63="I",D63="SL"),O63,0))) -> 0 | U63: =IF(AND(F63="F",D63="SD"),P63,IF(AND(F63="F",D63="SC"),Q63,IF(AND(F63="F",D63="SL"),R63,0))) -> 0 | V63: =IF(AND(F63="V",D63="SL"),S63,0) -> 0 | W63: =SUM(T63:V63)*X63 -> 0 | X63: =IF(E63="-",-1,1) -> 1
M64: =VLOOKUP(B64,'Balancete ano anterior'!A$5:E$656,4,0) -> #N/A | N64: =VLOOKUP(B64,'Balancete ano anterior'!A$5:E$656,5,0) -> #N/A | O64: =-(M64-N64) -> #N/A | P64: =VLOOKUP(B64,'Balancete Ano'!A$5:E$656,4,0) -> #N/A | Q64: =VLOOKUP(B64,'Balancete Ano'!A$5:E$656,5,0) -> #N/A | R64: =-(P64-Q64) -> #N/A | S64: =R64-O64 -> #N/A | T64: =IF(AND(F64="I",D64="SD"),M64,IF(AND(F64="I",D64="SC"),N64,IF(AND(F64="I",D64="SL"),O64,0))) -> 0 | U64: =IF(AND(F64="F",D64="SD"),P64,IF(AND(F64="F",D64="SC"),Q64,IF(AND(F64="F",D64="SL"),R64,0))) -> 0 | V64: =IF(AND(F64="V",D64="SL"),S64,0) -> 0 | W64: =SUM(T64:V64)*X64 -> 0 | X64: =IF(E64="-",-1,1) -> 1
B65: Conta | C65: Descrição | D65: Mov/Sld | E65: Sinal | F65: I/F/V | G65: Valor | H65: Ajuste | I65: Valor ajustado | M65: =VLOOKUP(B65,'Balancete ano anterior'!A$5:E$656,4,0) -> #N/A | N65: =VLOOKUP(B65,'Balancete ano anterior'!A$5:E$656,5,0) -> #N/A | O65: =-(M65-N65) -> #N/A | P65: =VLOOKUP(B65,'Balancete Ano'!A$5:E$656,4,0) -> #N/A | Q65: =VLOOKUP(B65,'Balancete Ano'!A$5:E$656,5,0) -> #N/A | R65: =-(P65-Q65) -> #N/A | S65: =R65-O65 -> #N/A | T65: =IF(AND(F65="I",D65="SD"),M65,IF(AND(F65="I",D65="SC"),N65,IF(AND(F65="I",D65="SL"),O65,0))) -> 0 | U65: =IF(AND(F65="F",D65="SD"),P65,IF(AND(F65="F",D65="SC"),Q65,IF(AND(F65="F",D65="SL"),R65,0))) -> 0 | V65: =IF(AND(F65="V",D65="SL"),S65,0) -> 0 | W65: =SUM(T65:V65)*X65 -> 0 | X65: =IF(E65="-",-1,1) -> 1
M66: =VLOOKUP(B66,'Balancete ano anterior'!A$5:E$656,4,0) -> #N/A | N66: =VLOOKUP(B66,'Balancete ano anterior'!A$5:E$656,5,0) -> #N/A | O66: =-(M66-N66) -> #N/A | P66: =VLOOKUP(B66,'Balancete Ano'!A$5:E$656,4,0) -> #N/A | Q66: =VLOOKUP(B66,'Balancete Ano'!A$5:E$656,5,0) -> #N/A | R66: =-(P66-Q66) -> #N/A | S66: =R66-O66 -> #N/A | T66: =IF(AND(F66="I",D66="SD"),M66,IF(AND(F66="I",D66="SC"),N66,IF(AND(F66="I",D66="SL"),O66,0))) -> 0 | U66: =IF(AND(F66="F",D66="SD"),P66,IF(AND(F66="F",D66="SC"),Q66,IF(AND(F66="F",D66="SL"),R66,0))) -> 0 | V66: =IF(AND(F66="V",D66="SL"),S66,0) -> 0 | W66: =SUM(T66:V66)*X66 -> 0 | X66: =IF(E66="-",-1,1) -> 1
B67: 7884 | C67: =VLOOKUP(B67,'Balancete Ano'!A$5:E$656,3,0) -> Ganhos em outros instrumentos financeiros | D67: SL | E67: + | F67: F | G67: =W67 -> 0 | I67: =G67+H67 -> 0 | M67: =VLOOKUP(B67,'Balancete ano anterior'!A$5:E$656,4,0) -> 0 | N67: =VLOOKUP(B67,'Balancete ano anterior'!A$5:E$656,5,0) -> 0 | O67: =-(M67-N67) -> 0 | P67: =VLOOKUP(B67,'Balancete Ano'!A$5:E$656,4,0) -> 0 | Q67: =VLOOKUP(B67,'Balancete Ano'!A$5:E$656,5,0) -> 0 | R67: =-(P67-Q67) -> 0 | S67: =R67-O67 -> 0 | T67: =IF(AND(F67="I",D67="SD"),M67,IF(AND(F67="I",D67="SC"),N67,IF(AND(F67="I",D67="SL"),O67,0))) -> 0 | U67: =IF(AND(F67="F",D67="SD"),P67,IF(AND(F67="F",D67="SC"),Q67,IF(AND(F67="F",D67="SL"),R67,0))) -> 0 | V67: =IF(AND(F67="V",D67="SL"),S67,0) -> 0 | W67: =SUM(T67:V67)*X67 -> 0 | X67: =IF(E67="-",-1,1) -> 1
I68: =G68+H68 -> 0 | M68: =VLOOKUP(B68,'Balancete ano anterior'!A$5:E$656,4,0) -> #N/A | N68: =VLOOKUP(B68,'Balancete ano anterior'!A$5:E$656,5,0) -> #N/A | O68: =-(M68-N68) -> #N/A | P68: =VLOOKUP(B68,'Balancete Ano'!A$5:E$656,4,0) -> #N/A | Q68: =VLOOKUP(B68,'Balancete Ano'!A$5:E$656,5,0) -> #N/A | R68: =-(P68-Q68) -> #N/A | S68: =R68-O68 -> #N/A | T68: =IF(AND(F68="I",D68="SD"),M68,IF(AND(F68="I",D68="SC"),N68,IF(AND(F68="I",D68="SL"),O68,0))) -> 0 | U68: =IF(AND(F68="F",D68="SD"),P68,IF(AND(F68="F",D68="SC"),Q68,IF(AND(F68="F",D68="SL"),R68,0))) -> 0 | V68: =IF(AND(F68="V",D68="SL"),S68,0) -> 0 | W68: =SUM(T68:V68)*X68 -> 0 | X68: =IF(E68="-",-1,1) -> 1
I69: =G69+H69 -> 0 | M69: =VLOOKUP(B69,'Balancete ano anterior'!A$5:E$656,4,0) -> #N/A | N69: =VLOOKUP(B69,'Balancete ano anterior'!A$5:E$656,5,0) -> #N/A | O69: =-(M69-N69) -> #N/A | P69: =VLOOKUP(B69,'Balancete Ano'!A$5:E$656,4,0) -> #N/A | Q69: =VLOOKUP(B69,'Balancete Ano'!A$5:E$656,5,0) -> #N/A | R69: =-(P69-Q69) -> #N/A | S69: =R69-O69 -> #N/A | T69: =IF(AND(F69="I",D69="SD"),M69,IF(AND(F69="I",D69="SC"),N69,IF(AND(F69="I",D69="SL"),O69,0))) -> 0 | U69: =IF(AND(F69="F",D69="SD"),P69,IF(AND(F69="F",D69="SC"),Q69,IF(AND(F69="F",D69="SL"),R69,0))) -> 0 | V69: =IF(AND(F69="V",D69="SL"),S69,0) -> 0 | W69: =SUM(T69:V69)*X69 -> 0 | X69: =IF(E69="-",-1,1) -> 1
I70: =G70+H70 -> 0 | M70: =VLOOKUP(B70,'Balancete ano anterior'!A$5:E$656,4,0) -> #N/A | N70: =VLOOKUP(B70,'Balancete ano anterior'!A$5:E$656,5,0) -> #N/A | O70: =-(M70-N70) -> #N/A | P70: =VLOOKUP(B70,'Balancete Ano'!A$5:E$656,4,0) -> #N/A | Q70: =VLOOKUP(B70,'Balancete Ano'!A$5:E$656,5,0) -> #N/A | R70: =-(P70-Q70) -> #N/A | S70: =R70-O70 -> #N/A | T70: =IF(AND(F70="I",D70="SD"),M70,IF(AND(F70="I",D70="SC"),N70,IF(AND(F70="I",D70="SL"),O70,0))) -> 0 | U70: =IF(AND(F70="F",D70="SD"),P70,IF(AND(F70="F",D70="SC"),Q70,IF(AND(F70="F",D70="SL"),R70,0))) -> 0 | V70: =IF(AND(F70="V",D70="SL"),S70,0) -> 0 | W70: =SUM(T70:V70)*X70 -> 0 | X70: =IF(E70="-",-1,1) -> 1
I71: =G71+H71 -> 0 | M71: =VLOOKUP(B71,'Balancete ano anterior'!A$5:E$656,4,0) -> #N/A | N71: =VLOOKUP(B71,'Balancete ano anterior'!A$5:E$656,5,0) -> #N/A | O71: =-(M71-N71) -> #N/A | P71: =VLOOKUP(B71,'Balancete Ano'!A$5:E$656,4,0) -> #N/A | Q71: =VLOOKUP(B71,'Balancete Ano'!A$5:E$656,5,0) -> #N/A | R71: =-(P71-Q71) -> #N/A | S71: =R71-O71 -> #N/A | T71: =IF(AND(F71="I",D71="SD"),M71,IF(AND(F71="I",D71="SC"),N71,IF(AND(F71="I",D71="SL"),O71,0))) -> 0 | U71: =IF(AND(F71="F",D71="SD"),P71,IF(AND(F71="F",D71="SC"),Q71,IF(AND(F71="F",D71="SL"),R71,0))) -> 0 | V71: =IF(AND(F71="V",D71="SL"),S71,0) -> 0 | W71: =SUM(T71:V71)*X71 -> 0 | X71: =IF(E71="-",-1,1) -> 1
I72: =G72+H72 -> 0 | M72: =VLOOKUP(B72,'Balancete ano anterior'!A$5:E$656,4,0) -> #N/A | N72: =VLOOKUP(B72,'Balancete ano anterior'!A$5:E$656,5,0) -> #N/A | O72: =-(M72-N72) -> #N/A | P72: =VLOOKUP(B72,'Balancete Ano'!A$5:E$656,4,0) -> #N/A | Q72: =VLOOKUP(B72,'Balancete Ano'!A$5:E$656,5,0) -> #N/A | R72: =-(P72-Q72) -> #N/A | S72: =R72-O72 -> #N/A | T72: =IF(AND(F72="I",D72="SD"),M72,IF(AND(F72="I",D72="SC"),N72,IF(AND(F72="I",D72="SL"),O72,0))) -> 0 | U72: =IF(AND(F72="F",D72="SD"),P72,IF(AND(F72="F",D72="SC"),Q72,IF(AND(F72="F",D72="SL"),R72,0))) -> 0 | V72: =IF(AND(F72="V",D72="SL"),S72,0) -> 0 | W72: =SUM(T72:V72)*X72 -> 0 | X72: =IF(E72="-",-1,1) -> 1
H73: Soma | I73: =SUM(I67:I72) -> 0 | M73: =VLOOKUP(B73,'Balancete ano anterior'!A$5:E$656,4,0) -> #N/A | N73: =VLOOKUP(B73,'Balancete ano anterior'!A$5:E$656,5,0) -> #N/A | O73: =-(M73-N73) -> #N/A | P73: =VLOOKUP(B73,'Balancete Ano'!A$5:E$656,4,0) -> #N/A | Q73: =VLOOKUP(B73,'Balancete Ano'!A$5:E$656,5,0) -> #N/A | R73: =-(P73-Q73) -> #N/A | S73: =R73-O73 -> #N/A | T73: =IF(AND(F73="I",D73="SD"),M73,IF(AND(F73="I",D73="SC"),N73,IF(AND(F73="I",D73="SL"),O73,0))) -> 0 | U73: =IF(AND(F73="F",D73="SD"),P73,IF(AND(F73="F",D73="SC"),Q73,IF(AND(F73="F",D73="SL"),R73,0))) -> 0 | V73: =IF(AND(F73="V",D73="SL"),S73,0) -> 0 | W73: =SUM(T73:V73)*X73 -> 0 | X73: =IF(E73="-",-1,1) -> 1
M74: =VLOOKUP(B74,'Balancete ano anterior'!A$5:E$656,4,0) -> #N/A | N74: =VLOOKUP(B74,'Balancete ano anterior'!A$5:E$656,5,0) -> #N/A | O74: =-(M74-N74) -> #N/A | P74: =VLOOKUP(B74,'Balancete Ano'!A$5:E$656,4,0) -> #N/A | Q74: =VLOOKUP(B74,'Balancete Ano'!A$5:E$656,5,0) -> #N/A | R74: =-(P74-Q74) -> #N/A | S74: =R74-O74 -> #N/A | T74: =IF(AND(F74="I",D74="SD"),M74,IF(AND(F74="I",D74="SC"),N74,IF(AND(F74="I",D74="SL"),O74,0))) -> 0 | U74: =IF(AND(F74="F",D74="SD"),P74,IF(AND(F74="F",D74="SC"),Q74,IF(AND(F74="F",D74="SL"),R74,0))) -> 0 | V74: =IF(AND(F74="V",D74="SL"),S74,0) -> 0 | W74: =SUM(T74:V74)*X74 -> 0 | X74: =IF(E74="-",-1,1) -> 1
M75: =VLOOKUP(B75,'Balancete ano anterior'!A$5:E$656,4,0) -> #N/A | N75: =VLOOKUP(B75,'Balancete ano anterior'!A$5:E$656,5,0) -> #N/A | O75: =-(M75-N75) -> #N/A | P75: =VLOOKUP(B75,'Balancete Ano'!A$5:E$656,4,0) -> #N/A | Q75: =VLOOKUP(B75,'Balancete Ano'!A$5:E$656,5,0) -> #N/A | R75: =-(P75-Q75) -> #N/A | S75: =R75-O75 -> #N/A | T75: =IF(AND(F75="I",D75="SD"),M75,IF(AND(F75="I",D75="SC"),N75,IF(AND(F75="I",D75="SL"),O75,0))) -> 0 | U75: =IF(AND(F75="F",D75="SD"),P75,IF(AND(F75="F",D75="SC"),Q75,IF(AND(F75="F",D75="SL"),R75,0))) -> 0 | V75: =IF(AND(F75="V",D75="SL"),S75,0) -> 0 | W75: =SUM(T75:V75)*X75 -> 0 | X75: =IF(E75="-",-1,1) -> 1
M76: =VLOOKUP(B76,'Balancete ano anterior'!A$5:E$656,4,0) -> #N/A | N76: =VLOOKUP(B76,'Balancete ano anterior'!A$5:E$656,5,0) -> #N/A | O76: =-(M76-N76) -> #N/A | P76: =VLOOKUP(B76,'Balancete Ano'!A$5:E$656,4,0) -> #N/A | Q76: =VLOOKUP(B76,'Balancete Ano'!A$5:E$656,5,0) -> #N/A | R76: =-(P76-Q76) -> #N/A | S76: =R76-O76 -> #N/A | T76: =IF(AND(F76="I",D76="SD"),M76,IF(AND(F76="I",D76="SC"),N76,IF(AND(F76="I",D76="SL"),O76,0))) -> 0 | U76: =IF(AND(F76="F",D76="SD"),P76,IF(AND(F76="F",D76="SC"),Q76,IF(AND(F76="F",D76="SL"),R76,0))) -> 0 | V76: =IF(AND(F76="V",D76="SL"),S76,0) -> 0 | W76: =SUM(T76:V76)*X76 -> 0 | X76: =IF(E76="-",-1,1) -> 1
M77: =VLOOKUP(B77,'Balancete ano anterior'!A$5:E$656,4,0) -> #N/A | N77: =VLOOKUP(B77,'Balancete ano anterior'!A$5:E$656,5,0) -> #N/A | O77: =-(M77-N77) -> #N/A | P77: =VLOOKUP(B77,'Balancete Ano'!A$5:E$656,4,0) -> #N/A | Q77: =VLOOKUP(B77,'Balancete Ano'!A$5:E$656,5,0) -> #N/A | R77: =-(P77-Q77) -> #N/A | S77: =R77-O77 -> #N/A | T77: =IF(AND(F77="I",D77="SD"),M77,IF(AND(F77="I",D77="SC"),N77,IF(AND(F77="I",D77="SL"),O77,0))) -> 0 | U77: =IF(AND(F77="F",D77="SD"),P77,IF(AND(F77="F",D77="SC"),Q77,IF(AND(F77="F",D77="SL"),R77,0))) -> 0 | V77: =IF(AND(F77="V",D77="SL"),S77,0) -> 0 | W77: =SUM(T77:V77)*X77 -> 0 | X77: =IF(E77="-",-1,1) -> 1
M78: =VLOOKUP(B78,'Balancete ano anterior'!A$5:E$656,4,0) -> #N/A | N78: =VLOOKUP(B78,'Balancete ano anterior'!A$5:E$656,5,0) -> #N/A | O78: =-(M78-N78) -> #N/A | P78: =VLOOKUP(B78,'Balancete Ano'!A$5:E$656,4,0) -> #N/A | Q78: =VLOOKUP(B78,'Balancete Ano'!A$5:E$656,5,0) -> #N/A | R78: =-(P78-Q78) -> #N/A | S78: =R78-O78 -> #N/A | T78: =IF(AND(F78="I",D78="SD"),M78,IF(AND(F78="I",D78="SC"),N78,IF(AND(F78="I",D78="SL"),O78,0))) -> 0 | U78: =IF(AND(F78="F",D78="SD"),P78,IF(AND(F78="F",D78="SC"),Q78,IF(AND(F78="F",D78="SL"),R78,0))) -> 0 | V78: =IF(AND(F78="V",D78="SL"),S78,0) -> 0 | W78: =SUM(T78:V78)*X78 -> 0 | X78: =IF(E78="-",-1,1) -> 1
M79: =VLOOKUP(B79,'Balancete ano anterior'!A$5:E$656,4,0) -> #N/A | N79: =VLOOKUP(B79,'Balancete ano anterior'!A$5:E$656,5,0) -> #N/A | O79: =-(M79-N79) -> #N/A | P79: =VLOOKUP(B79,'Balancete Ano'!A$5:E$656,4,0) -> #N/A | Q79: =VLOOKUP(B79,'Balancete Ano'!A$5:E$656,5,0) -> #N/A | R79: =-(P79-Q79) -> #N/A | S79: =R79-O79 -> #N/A | T79: =IF(AND(F79="I",D79="SD"),M79,IF(AND(F79="I",D79="SC"),N79,IF(AND(F79="I",D79="SL"),O79,0))) -> 0 | U79: =IF(AND(F79="F",D79="SD"),P79,IF(AND(F79="F",D79="SC"),Q79,IF(AND(F79="F",D79="SL"),R79,0))) -> 0 | V79: =IF(AND(F79="V",D79="SL"),S79,0) -> 0 | W79: =SUM(T79:V79)*X79 -> 0 | X79: =IF(E79="-",-1,1) -> 1
B80: Pagamentos | M80: =VLOOKUP(B80,'Balancete ano anterior'!A$5:E$656,4,0) -> #N/A | N80: =VLOOKUP(B80,'Balancete ano anterior'!A$5:E$656,5,0) -> #N/A | O80: =-(M80-N80) -> #N/A | P80: =VLOOKUP(B80,'Balancete Ano'!A$5:E$656,4,0) -> #N/A | Q80: =VLOOKUP(B80,'Balancete Ano'!A$5:E$656,5,0) -> #N/A | R80: =-(P80-Q80) -> #N/A | S80: =R80-O80 -> #N/A | T80: =IF(AND(F80="I",D80="SD"),M80,IF(AND(F80="I",D80="SC"),N80,IF(AND(F80="I",D80="SL"),O80,0))) -> 0 | U80: =IF(AND(F80="F",D80="SD"),P80,IF(AND(F80="F",D80="SC"),Q80,IF(AND(F80="F",D80="SL"),R80,0))) -> 0 | V80: =IF(AND(F80="V",D80="SL"),S80,0) -> 0 | W80: =SUM(T80:V80)*X80 -> 0 | X80: =IF(E80="-",-1,1) -> 1
M81: =VLOOKUP(B81,'Balancete ano anterior'!A$5:E$656,4,0) -> #N/A | N81: =VLOOKUP(B81,'Balancete ano anterior'!A$5:E$656,5,0) -> #N/A | O81: =-(M81-N81) -> #N/A | P81: =VLOOKUP(B81,'Balancete Ano'!A$5:E$656,4,0) -> #N/A | Q81: =VLOOKUP(B81,'Balancete Ano'!A$5:E$656,5,0) -> #N/A | R81: =-(P81-Q81) -> #N/A | S81: =R81-O81 -> #N/A | T81: =IF(AND(F81="I",D81="SD"),M81,IF(AND(F81="I",D81="SC"),N81,IF(AND(F81="I",D81="SL"),O81,0))) -> 0 | U81: =IF(AND(F81="F",D81="SD"),P81,IF(AND(F81="F",D81="SC"),Q81,IF(AND(F81="F",D81="SL"),R81,0))) -> 0 | V81: =IF(AND(F81="V",D81="SL"),S81,0) -> 0 | W81: =SUM(T81:V81)*X81 -> 0 | X81: =IF(E81="-",-1,1) -> 1
B82: Financiamentos obtidos | M82: =VLOOKUP(B82,'Balancete ano anterior'!A$5:E$656,4,0) -> #N/A | N82: =VLOOKUP(B82,'Balancete ano anterior'!A$5:E$656,5,0) -> #N/A | O82: =-(M82-N82) -> #N/A | P82: =VLOOKUP(B82,'Balancete Ano'!A$5:E$656,4,0) -> #N/A | Q82: =VLOOKUP(B82,'Balancete Ano'!A$5:E$656,5,0) -> #N/A | R82: =-(P82-Q82) -> #N/A | S82: =R82-O82 -> #N/A | T82: =IF(AND(F82="I",D82="SD"),M82,IF(AND(F82="I",D82="SC"),N82,IF(AND(F82="I",D82="SL"),O82,0))) -> 0 | U82: =IF(AND(F82="F",D82="SD"),P82,IF(AND(F82="F",D82="SC"),Q82,IF(AND(F82="F",D82="SL"),R82,0))) -> 0 | V82: =IF(AND(F82="V",D82="SL"),S82,0) -> 0 | W82: =SUM(T82:V82)*X82 -> 0 | X82: =IF(E82="-",-1,1) -> 1
M83: =VLOOKUP(B83,'Balancete ano anterior'!A$5:E$656,4,0) -> #N/A | N83: =VLOOKUP(B83,'Balancete ano anterior'!A$5:E$656,5,0) -> #N/A | O83: =-(M83-N83) -> #N/A | P83: =VLOOKUP(B83,'Balancete Ano'!A$5:E$656,4,0) -> #N/A | Q83: =VLOOKUP(B83,'Balancete Ano'!A$5:E$656,5,0) -> #N/A | R83: =-(P83-Q83) -> #N/A | S83: =R83-O83 -> #N/A | T83: =IF(AND(F83="I",D83="SD"),M83,IF(AND(F83="I",D83="SC"),N83,IF(AND(F83="I",D83="SL"),O83,0))) -> 0 | U83: =IF(AND(F83="F",D83="SD"),P83,IF(AND(F83="F",D83="SC"),Q83,IF(AND(F83="F",D83="SL"),R83,0))) -> 0 | V83: =IF(AND(F83="V",D83="SL"),S83,0) -> 0 | W83: =SUM(T83:V83)*X83 -> 0 | X83: =IF(E83="-",-1,1) -> 1
B84: Conta | C84: Descrição | D84: Mov/Sld | E84: Sinal | F84: I/F/V | G84: Valor | H84: Ajuste | I84: Valor ajustado | M84: =VLOOKUP(B84,'Balancete ano anterior'!A$5:E$656,4,0) -> #N/A | N84: =VLOOKUP(B84,'Balancete ano anterior'!A$5:E$656,5,0) -> #N/A | O84: =-(M84-N84) -> #N/A | P84: =VLOOKUP(B84,'Balancete Ano'!A$5:E$656,4,0) -> #N/A | Q84: =VLOOKUP(B84,'Balancete Ano'!A$5:E$656,5,0) -> #N/A | R84: =-(P84-Q84) -> #N/A | S84: =R84-O84 -> #N/A | T84: =IF(AND(F84="I",D84="SD"),M84,IF(AND(F84="I",D84="SC"),N84,IF(AND(F84="I",D84="SL"),O84,0))) -> 0 | U84: =IF(AND(F84="F",D84="SD"),P84,IF(AND(F84="F",D84="SC"),Q84,IF(AND(F84="F",D84="SL"),R84,0))) -> 0 | V84: =IF(AND(F84="V",D84="SL"),S84,0) -> 0 | W84: =SUM(T84:V84)*X84 -> 0 | X84: =IF(E84="-",-1,1) -> 1
M85: =VLOOKUP(B85,'Balancete ano anterior'!A$5:E$656,4,0) -> #N/A | N85: =VLOOKUP(B85,'Balancete ano anterior'!A$5:E$656,5,0) -> #N/A | O85: =-(M85-N85) -> #N/A | P85: =VLOOKUP(B85,'Balancete Ano'!A$5:E$656,4,0) -> #N/A | Q85: =VLOOKUP(B85,'Balancete Ano'!A$5:E$656,5,0) -> #N/A | R85: =-(P85-Q85) -> #N/A | S85: =R85-O85 -> #N/A | T85: =IF(AND(F85="I",D85="SD"),M85,IF(AND(F85="I",D85="SC"),N85,IF(AND(F85="I",D85="SL"),O85,0))) -> 0 | U85: =IF(AND(F85="F",D85="SD"),P85,IF(AND(F85="F",D85="SC"),Q85,IF(AND(F85="F",D85="SL"),R85,0))) -> 0 | V85: =IF(AND(F85="V",D85="SL"),S85,0) -> 0 | W85: =SUM(T85:V85)*X85 -> 0 | X85: =IF(E85="-",-1,1) -> 1
B86: 25 | C86: =VLOOKUP(B86,'Balancete Ano'!A$5:E$656,3,0) -> Financiamentos obtidos | D86: SL | E86: - | F86: V | G86: =W86 -> 0 | I86: =IF(G86>0,W86) -> FALSE | M86: =VLOOKUP(B86,'Balancete ano anterior'!A$5:E$656,4,0) -> 0 | N86: =VLOOKUP(B86,'Balancete ano anterior'!A$5:E$656,5,0) -> 0 | O86: =-(M86-N86) -> 0 | P86: =VLOOKUP(B86,'Balancete Ano'!A$5:E$656,4,0) -> 0 | Q86: =VLOOKUP(B86,'Balancete Ano'!A$5:E$656,5,0) -> 0 | R86: =-(P86-Q86) -> 0 | S86: =R86-O86 -> 0 | T86: =IF(AND(F86="I",D86="SD"),M86,IF(AND(F86="I",D86="SC"),N86,IF(AND(F86="I",D86="SL"),O86,0))) -> 0 | U86: =IF(AND(F86="F",D86="SD"),P86,IF(AND(F86="F",D86="SC"),Q86,IF(AND(F86="F",D86="SL"),R86,0))) -> 0 | V86: =IF(AND(F86="V",D86="SL"),S86,0) -> 0 | W86: =SUM(T86:V86)*X86 -> 0 | X86: =IF(E86="-",-1,1) -> -1
B87: 12 | C87: =VLOOKUP(B87,'Balancete Ano'!A$5:E$656,3,0) -> Depósitos à ordem | D87: SC | E87: + | F87: F | G87: =W87 -> 0 | M87: =VLOOKUP(B87,'Balancete ano anterior'!A$5:E$656,4,0) -> 0 | N87: =VLOOKUP(B87,'Balancete ano anterior'!A$5:E$656,5,0) -> 0 | O87: =-(M87-N87) -> 0 | P87: =VLOOKUP(B87,'Balancete Ano'!A$5:E$656,4,0) -> 0 | Q87: =VLOOKUP(B87,'Balancete Ano'!A$5:E$656,5,0) -> 0 | R87: =-(P87-Q87) -> 0 | S87: =R87-O87 -> 0 | T87: =IF(AND(F87="I",D87="SD"),M87,IF(AND(F87="I",D87="SC"),N87,IF(AND(F87="I",D87="SL"),O87,0))) -> 0 | U87: =IF(AND(F87="F",D87="SD"),P87,IF(AND(F87="F",D87="SC"),Q87,IF(AND(F87="F",D87="SL"),R87,0))) -> 0 | V87: =IF(AND(F87="V",D87="SL"),S87,0) -> 0 | W87: =SUM(T87:V87)*X87 -> 0 | X87: =IF(E87="-",-1,1) -> 1
B88: 12 | C88: =VLOOKUP(B88,'Balancete Ano'!A$5:E$656,3,0) -> Depósitos à ordem | D88: SC | E88: + | F88: I | G88: =W88 -> 0 | I88: =IF((G87-G88)<0,-(G87-G88)) -> FALSE | M88: =VLOOKUP(B88,'Balancete ano anterior'!A$5:E$656,4,0) -> 0 | N88: =VLOOKUP(B88,'Balancete ano anterior'!A$5:E$656,5,0) -> 0 | O88: =-(M88-N88) -> 0 | P88: =VLOOKUP(B88,'Balancete Ano'!A$5:E$656,4,0) -> 0 | Q88: =VLOOKUP(B88,'Balancete Ano'!A$5:E$656,5,0) -> 0 | R88: =-(P88-Q88) -> 0 | S88: =R88-O88 -> 0 | T88: =IF(AND(F88="I",D88="SD"),M88,IF(AND(F88="I",D88="SC"),N88,IF(AND(F88="I",D88="SL"),O88,0))) -> 0 | U88: =IF(AND(F88="F",D88="SD"),P88,IF(AND(F88="F",D88="SC"),Q88,IF(AND(F88="F",D88="SL"),R88,0))) -> 0 | V88: =IF(AND(F88="V",D88="SL"),S88,0) -> 0 | W88: =SUM(T88:V88)*X88 -> 0 | X88: =IF(E88="-",-1,1) -> 1
B89: 266 | C89: =VLOOKUP(B89,'Balancete Ano'!A$5:E$656,3,0) -> Empréstimos concedidos – empresa – mãe | D89: SL | E89: - | F89: V | G89: =W89 -> 0 | I89: =G89+H89 -> 0 | M89: =VLOOKUP(B89,'Balancete ano anterior'!A$5:E$656,4,0) -> 0 | N89: =VLOOKUP(B89,'Balancete ano anterior'!A$5:E$656,5,0) -> 0 | O89: =-(M89-N89) -> 0 | P89: =VLOOKUP(B89,'Balancete Ano'!A$5:E$656,4,0) -> 0 | Q89: =VLOOKUP(B89,'Balancete Ano'!A$5:E$656,5,0) -> 0 | R89: =-(P89-Q89) -> 0 | S89: =R89-O89 -> 0 | T89: =IF(AND(F89="I",D89="SD"),M89,IF(AND(F89="I",D89="SC"),N89,IF(AND(F89="I",D89="SL"),O89,0))) -> 0 | U89: =IF(AND(F89="F",D89="SD"),P89,IF(AND(F89="F",D89="SC"),Q89,IF(AND(F89="F",D89="SL"),R89,0))) -> 0 | V89: =IF(AND(F89="V",D89="SL"),S89,0) -> 0 | W89: =SUM(T89:V89)*X89 -> 0 | X89: =IF(E89="-",-1,1) -> -1
I90: =G90+H90 -> 0 | M90: =VLOOKUP(B90,'Balancete ano anterior'!A$5:E$656,4,0) -> #N/A | N90: =VLOOKUP(B90,'Balancete ano anterior'!A$5:E$656,5,0) -> #N/A | O90: =-(M90-N90) -> #N/A | P90: =VLOOKUP(B90,'Balancete Ano'!A$5:E$656,4,0) -> #N/A | Q90: =VLOOKUP(B90,'Balancete Ano'!A$5:E$656,5,0) -> #N/A | R90: =-(P90-Q90) -> #N/A | S90: =R90-O90 -> #N/A | T90: =IF(AND(F90="I",D90="SD"),M90,IF(AND(F90="I",D90="SC"),N90,IF(AND(F90="I",D90="SL"),O90,0))) -> 0 | U90: =IF(AND(F90="F",D90="SD"),P90,IF(AND(F90="F",D90="SC"),Q90,IF(AND(F90="F",D90="SL"),R90,0))) -> 0 | V90: =IF(AND(F90="V",D90="SL"),S90,0) -> 0 | W90: =SUM(T90:V90)*X90 -> 0 | X90: =IF(E90="-",-1,1) -> 1
H91: Soma | I91: =SUM(I86:I90) -> 0 | M91: =VLOOKUP(B91,'Balancete ano anterior'!A$5:E$656,4,0) -> #N/A | N91: =VLOOKUP(B91,'Balancete ano anterior'!A$5:E$656,5,0) -> #N/A | O91: =-(M91-N91) -> #N/A | P91: =VLOOKUP(B91,'Balancete Ano'!A$5:E$656,4,0) -> #N/A | Q91: =VLOOKUP(B91,'Balancete Ano'!A$5:E$656,5,0) -> #N/A | R91: =-(P91-Q91) -> #N/A | S91: =R91-O91 -> #N/A | T91: =IF(AND(F91="I",D91="SD"),M91,IF(AND(F91="I",D91="SC"),N91,IF(AND(F91="I",D91="SL"),O91,0))) -> 0 | U91: =IF(AND(F91="F",D91="SD"),P91,IF(AND(F91="F",D91="SC"),Q91,IF(AND(F91="F",D91="SL"),R91,0))) -> 0 | V91: =IF(AND(F91="V",D91="SL"),S91,0) -> 0 | W91: =SUM(T91:V91)*X91 -> 0 | X91: =IF(E91="-",-1,1) -> 1
M92: =VLOOKUP(B92,'Balancete ano anterior'!A$5:E$656,4,0) -> #N/A | N92: =VLOOKUP(B92,'Balancete ano anterior'!A$5:E$656,5,0) -> #N/A | O92: =-(M92-N92) -> #N/A | P92: =VLOOKUP(B92,'Balancete Ano'!A$5:E$656,4,0) -> #N/A | Q92: =VLOOKUP(B92,'Balancete Ano'!A$5:E$656,5,0) -> #N/A | R92: =-(P92-Q92) -> #N/A | S92: =R92-O92 -> #N/A | T92: =IF(AND(F92="I",D92="SD"),M92,IF(AND(F92="I",D92="SC"),N92,IF(AND(F92="I",D92="SL"),O92,0))) -> 0 | U92: =IF(AND(F92="F",D92="SD"),P92,IF(AND(F92="F",D92="SC"),Q92,IF(AND(F92="F",D92="SL"),R92,0))) -> 0 | V92: =IF(AND(F92="V",D92="SL"),S92,0) -> 0 | W92: =SUM(T92:V92)*X92 -> 0 | X92: =IF(E92="-",-1,1) -> 1
M93: =VLOOKUP(B93,'Balancete ano anterior'!A$5:E$656,4,0) -> #N/A | N93: =VLOOKUP(B93,'Balancete ano anterior'!A$5:E$656,5,0) -> #N/A | O93: =-(M93-N93) -> #N/A | P93: =VLOOKUP(B93,'Balancete Ano'!A$5:E$656,4,0) -> #N/A | Q93: =VLOOKUP(B93,'Balancete Ano'!A$5:E$656,5,0) -> #N/A | R93: =-(P93-Q93) -> #N/A | S93: =R93-O93 -> #N/A | T93: =IF(AND(F93="I",D93="SD"),M93,IF(AND(F93="I",D93="SC"),N93,IF(AND(F93="I",D93="SL"),O93,0))) -> 0 | U93: =IF(AND(F93="F",D93="SD"),P93,IF(AND(F93="F",D93="SC"),Q93,IF(AND(F93="F",D93="SL"),R93,0))) -> 0 | V93: =IF(AND(F93="V",D93="SL"),S93,0) -> 0 | W93: =SUM(T93:V93)*X93 -> 0 | X93: =IF(E93="-",-1,1) -> 1
B94: Juros e gatos similares | M94: =VLOOKUP(B94,'Balancete ano anterior'!A$5:E$656,4,0) -> #N/A | N94: =VLOOKUP(B94,'Balancete ano anterior'!A$5:E$656,5,0) -> #N/A | O94: =-(M94-N94) -> #N/A | P94: =VLOOKUP(B94,'Balancete Ano'!A$5:E$656,4,0) -> #N/A | Q94: =VLOOKUP(B94,'Balancete Ano'!A$5:E$656,5,0) -> #N/A | R94: =-(P94-Q94) -> #N/A | S94: =R94-O94 -> #N/A | T94: =IF(AND(F94="I",D94="SD"),M94,IF(AND(F94="I",D94="SC"),N94,IF(AND(F94="I",D94="SL"),O94,0))) -> 0 | U94: =IF(AND(F94="F",D94="SD"),P94,IF(AND(F94="F",D94="SC"),Q94,IF(AND(F94="F",D94="SL"),R94,0))) -> 0 | V94: =IF(AND(F94="V",D94="SL"),S94,0) -> 0 | W94: =SUM(T94:V94)*X94 -> 0 | X94: =IF(E94="-",-1,1) -> 1
M95: =VLOOKUP(B95,'Balancete ano anterior'!A$5:E$656,4,0) -> #N/A | N95: =VLOOKUP(B95,'Balancete ano anterior'!A$5:E$656,5,0) -> #N/A | O95: =-(M95-N95) -> #N/A | P95: =VLOOKUP(B95,'Balancete Ano'!A$5:E$656,4,0) -> #N/A | Q95: =VLOOKUP(B95,'Balancete Ano'!A$5:E$656,5,0) -> #N/A | R95: =-(P95-Q95) -> #N/A | S95: =R95-O95 -> #N/A | T95: =IF(AND(F95="I",D95="SD"),M95,IF(AND(F95="I",D95="SC"),N95,IF(AND(F95="I",D95="SL"),O95,0))) -> 0 | U95: =IF(AND(F95="F",D95="SD"),P95,IF(AND(F95="F",D95="SC"),Q95,IF(AND(F95="F",D95="SL"),R95,0))) -> 0 | V95: =IF(AND(F95="V",D95="SL"),S95,0) -> 0 | W95: =SUM(T95:V95)*X95 -> 0 | X95: =IF(E95="-",-1,1) -> 1
B96: Conta | C96: Descrição | D96: Mov/Sld | E96: Sinal | F96: I/F/V | G96: Valor | H96: Ajuste | I96: Valor ajustado | M96: =VLOOKUP(B96,'Balancete ano anterior'!A$5:E$656,4,0) -> #N/A | N96: =VLOOKUP(B96,'Balancete ano anterior'!A$5:E$656,5,0) -> #N/A | O96: =-(M96-N96) -> #N/A | P96: =VLOOKUP(B96,'Balancete Ano'!A$5:E$656,4,0) -> #N/A | Q96: =VLOOKUP(B96,'Balancete Ano'!A$5:E$656,5,0) -> #N/A | R96: =-(P96-Q96) -> #N/A | S96: =R96-O96 -> #N/A | T96: =IF(AND(F96="I",D96="SD"),M96,IF(AND(F96="I",D96="SC"),N96,IF(AND(F96="I",D96="SL"),O96,0))) -> 0 | U96: =IF(AND(F96="F",D96="SD"),P96,IF(AND(F96="F",D96="SC"),Q96,IF(AND(F96="F",D96="SL"),R96,0))) -> 0 | V96: =IF(AND(F96="V",D96="SL"),S96,0) -> 0 | W96: =SUM(T96:V96)*X96 -> 0 | X96: =IF(E96="-",-1,1) -> 1
M97: =VLOOKUP(B97,'Balancete ano anterior'!A$5:E$656,4,0) -> #N/A | N97: =VLOOKUP(B97,'Balancete ano anterior'!A$5:E$656,5,0) -> #N/A | O97: =-(M97-N97) -> #N/A | P97: =VLOOKUP(B97,'Balancete Ano'!A$5:E$656,4,0) -> #N/A | Q97: =VLOOKUP(B97,'Balancete Ano'!A$5:E$656,5,0) -> #N/A | R97: =-(P97-Q97) -> #N/A | S97: =R97-O97 -> #N/A | T97: =IF(AND(F97="I",D97="SD"),M97,IF(AND(F97="I",D97="SC"),N97,IF(AND(F97="I",D97="SL"),O97,0))) -> 0 | U97: =IF(AND(F97="F",D97="SD"),P97,IF(AND(F97="F",D97="SC"),Q97,IF(AND(F97="F",D97="SL"),R97,0))) -> 0 | V97: =IF(AND(F97="V",D97="SL"),S97,0) -> 0 | W97: =SUM(T97:V97)*X97 -> 0 | X97: =IF(E97="-",-1,1) -> 1
B98: 69 | C98: =VLOOKUP(B98,'Balancete Ano'!A$5:E$656,3,0) -> Gastos e perdas de financiamento | D98: SL | E98: - | F98: F | G98: =W98 -> 0 | I98: =G98+H98 -> 0 | M98: =VLOOKUP(B98,'Balancete ano anterior'!A$5:E$656,4,0) -> 0 | N98: =VLOOKUP(B98,'Balancete ano anterior'!A$5:E$656,5,0) -> 0 | O98: =-(M98-N98) -> 0 | P98: =VLOOKUP(B98,'Balancete Ano'!A$5:E$656,4,0) -> 0 | Q98: =VLOOKUP(B98,'Balancete Ano'!A$5:E$656,5,0) -> 0 | R98: =-(P98-Q98) -> 0 | S98: =R98-O98 -> 0 | T98: =IF(AND(F98="I",D98="SD"),M98,IF(AND(F98="I",D98="SC"),N98,IF(AND(F98="I",D98="SL"),O98,0))) -> 0 | U98: =IF(AND(F98="F",D98="SD"),P98,IF(AND(F98="F",D98="SC"),Q98,IF(AND(F98="F",D98="SL"),R98,0))) -> 0 | V98: =IF(AND(F98="V",D98="SL"),S98,0) -> 0 | W98: =SUM(T98:V98)*X98 -> 0 | X98: =IF(E98="-",-1,1) -> -1
B99: 27223 | C99: =VLOOKUP(B99,'Balancete Ano'!A$5:E$656,3,0) -> Juros a liquidar | D99: SL | E99: - | F99: V | G99: =W99 -> 0 | I99: =G99+H99 -> 0 | M99: =VLOOKUP(B99,'Balancete ano anterior'!A$5:E$656,4,0) -> 0 | N99: =VLOOKUP(B99,'Balancete ano anterior'!A$5:E$656,5,0) -> 0 | O99: =-(M99-N99) -> 0 | P99: =VLOOKUP(B99,'Balancete Ano'!A$5:E$656,4,0) -> 0 | Q99: =VLOOKUP(B99,'Balancete Ano'!A$5:E$656,5,0) -> 0 | R99: =-(P99-Q99) -> 0 | S99: =R99-O99 -> 0 | T99: =IF(AND(F99="I",D99="SD"),M99,IF(AND(F99="I",D99="SC"),N99,IF(AND(F99="I",D99="SL"),O99,0))) -> 0 | U99: =IF(AND(F99="F",D99="SD"),P99,IF(AND(F99="F",D99="SC"),Q99,IF(AND(F99="F",D99="SL"),R99,0))) -> 0 | V99: =IF(AND(F99="V",D99="SL"),S99,0) -> 0 | W99: =SUM(T99:V99)*X99 -> 0 | X99: =IF(E99="-",-1,1) -> -1
I100: =G100+H100 -> 0 | M100: =VLOOKUP(B100,'Balancete ano anterior'!A$5:E$656,4,0) -> #N/A | N100: =VLOOKUP(B100,'Balancete ano anterior'!A$5:E$656,5,0) -> #N/A | O100: =-(M100-N100) -> #N/A | P100: =VLOOKUP(B100,'Balancete Ano'!A$5:E$656,4,0) -> #N/A | Q100: =VLOOKUP(B100,'Balancete Ano'!A$5:E$656,5,0) -> #N/A | R100: =-(P100-Q100) -> #N/A | S100: =R100-O100 -> #N/A | T100: =IF(AND(F100="I",D100="SD"),M100,IF(AND(F100="I",D100="SC"),N100,IF(AND(F100="I",D100="SL"),O100,0))) -> 0 | U100: =IF(AND(F100="F",D100="SD"),P100,IF(AND(F100="F",D100="SC"),Q100,IF(AND(F100="F",D100="SL"),R100,0))) -> 0 | V100: =IF(AND(F100="V",D100="SL"),S100,0) -> 0 | W100: =SUM(T100:V100)*X100 -> 0 | X100: =IF(E100="-",-1,1) -> 1
I101: =G101+H101 -> 0 | M101: =VLOOKUP(B101,'Balancete ano anterior'!A$5:E$656,4,0) -> #N/A | N101: =VLOOKUP(B101,'Balancete ano anterior'!A$5:E$656,5,0) -> #N/A | O101: =-(M101-N101) -> #N/A | P101: =VLOOKUP(B101,'Balancete Ano'!A$5:E$656,4,0) -> #N/A | Q101: =VLOOKUP(B101,'Balancete Ano'!A$5:E$656,5,0) -> #N/A | R101: =-(P101-Q101) -> #N/A | S101: =R101-O101 -> #N/A | T101: =IF(AND(F101="I",D101="SD"),M101,IF(AND(F101="I",D101="SC"),N101,IF(AND(F101="I",D101="SL"),O101,0))) -> 0 | U101: =IF(AND(F101="F",D101="SD"),P101,IF(AND(F101="F",D101="SC"),Q101,IF(AND(F101="F",D101="SL"),R101,0))) -> 0 | V101: =IF(AND(F101="V",D101="SL"),S101,0) -> 0 | W101: =SUM(T101:V101)*X101 -> 0 | X101: =IF(E101="-",-1,1) -> 1
I102: =G102+H102 -> 0 | M102: =VLOOKUP(B102,'Balancete ano anterior'!A$5:E$656,4,0) -> #N/A | N102: =VLOOKUP(B102,'Balancete ano anterior'!A$5:E$656,5,0) -> #N/A | O102: =-(M102-N102) -> #N/A | P102: =VLOOKUP(B102,'Balancete Ano'!A$5:E$656,4,0) -> #N/A | Q102: =VLOOKUP(B102,'Balancete Ano'!A$5:E$656,5,0) -> #N/A | R102: =-(P102-Q102) -> #N/A | S102: =R102-O102 -> #N/A | T102: =IF(AND(F102="I",D102="SD"),M102,IF(AND(F102="I",D102="SC"),N102,IF(AND(F102="I",D102="SL"),O102,0))) -> 0 | U102: =IF(AND(F102="F",D102="SD"),P102,IF(AND(F102="F",D102="SC"),Q102,IF(AND(F102="F",D102="SL"),R102,0))) -> 0 | V102: =IF(AND(F102="V",D102="SL"),S102,0) -> 0 | W102: =SUM(T102:V102)*X102 -> 0 | X102: =IF(E102="-",-1,1) -> 1
I103: =G103+H103 -> 0 | M103: =VLOOKUP(B103,'Balancete ano anterior'!A$5:E$656,4,0) -> #N/A | N103: =VLOOKUP(B103,'Balancete ano anterior'!A$5:E$656,5,0) -> #N/A | O103: =-(M103-N103) -> #N/A | P103: =VLOOKUP(B103,'Balancete Ano'!A$5:E$656,4,0) -> #N/A | Q103: =VLOOKUP(B103,'Balancete Ano'!A$5:E$656,5,0) -> #N/A | R103: =-(P103-Q103) -> #N/A | S103: =R103-O103 -> #N/A | T103: =IF(AND(F103="I",D103="SD"),M103,IF(AND(F103="I",D103="SC"),N103,IF(AND(F103="I",D103="SL"),O103,0))) -> 0 | U103: =IF(AND(F103="F",D103="SD"),P103,IF(AND(F103="F",D103="SC"),Q103,IF(AND(F103="F",D103="SL"),R103,0))) -> 0 | V103: =IF(AND(F103="V",D103="SL"),S103,0) -> 0 | W103: =SUM(T103:V103)*X103 -> 0 | X103: =IF(E103="-",-1,1) -> 1
I104: =G104+H104 -> 0 | M104: =VLOOKUP(B104,'Balancete ano anterior'!A$5:E$656,4,0) -> #N/A | N104: =VLOOKUP(B104,'Balancete ano anterior'!A$5:E$656,5,0) -> #N/A | O104: =-(M104-N104) -> #N/A | P104: =VLOOKUP(B104,'Balancete Ano'!A$5:E$656,4,0) -> #N/A | Q104: =VLOOKUP(B104,'Balancete Ano'!A$5:E$656,5,0) -> #N/A | R104: =-(P104-Q104) -> #N/A | S104: =R104-O104 -> #N/A | T104: =IF(AND(F104="I",D104="SD"),M104,IF(AND(F104="I",D104="SC"),N104,IF(AND(F104="I",D104="SL"),O104,0))) -> 0 | U104: =IF(AND(F104="F",D104="SD"),P104,IF(AND(F104="F",D104="SC"),Q104,IF(AND(F104="F",D104="SL"),R104,0))) -> 0 | V104: =IF(AND(F104="V",D104="SL"),S104,0) -> 0 | W104: =SUM(T104:V104)*X104 -> 0 | X104: =IF(E104="-",-1,1) -> 1
H105: Soma | I105: =SUM(I98:I104) -> 0 | M105: =VLOOKUP(B105,'Balancete ano anterior'!A$5:E$656,4,0) -> #N/A | N105: =VLOOKUP(B105,'Balancete ano anterior'!A$5:E$656,5,0) -> #N/A | O105: =-(M105-N105) -> #N/A | P105: =VLOOKUP(B105,'Balancete Ano'!A$5:E$656,4,0) -> #N/A | Q105: =VLOOKUP(B105,'Balancete Ano'!A$5:E$656,5,0) -> #N/A | R105: =-(P105-Q105) -> #N/A | S105: =R105-O105 -> #N/A | T105: =IF(AND(F105="I",D105="SD"),M105,IF(AND(F105="I",D105="SC"),N105,IF(AND(F105="I",D105="SL"),O105,0))) -> 0 | U105: =IF(AND(F105="F",D105="SD"),P105,IF(AND(F105="F",D105="SC"),Q105,IF(AND(F105="F",D105="SL"),R105,0))) -> 0 | V105: =IF(AND(F105="V",D105="SL"),S105,0) -> 0 | W105: =SUM(T105:V105)*X105 -> 0 | X105: =IF(E105="-",-1,1) -> 1
M106: =VLOOKUP(B106,'Balancete ano anterior'!A$5:E$656,4,0) -> #N/A | N106: =VLOOKUP(B106,'Balancete ano anterior'!A$5:E$656,5,0) -> #N/A | O106: =-(M106-N106) -> #N/A | P106: =VLOOKUP(B106,'Balancete Ano'!A$5:E$656,4,0) -> #N/A | Q106: =VLOOKUP(B106,'Balancete Ano'!A$5:E$656,5,0) -> #N/A | R106: =-(P106-Q106) -> #N/A | S106: =R106-O106 -> #N/A | T106: =IF(AND(F106="I",D106="SD"),M106,IF(AND(F106="I",D106="SC"),N106,IF(AND(F106="I",D106="SL"),O106,0))) -> 0 | U106: =IF(AND(F106="F",D106="SD"),P106,IF(AND(F106="F",D106="SC"),Q106,IF(AND(F106="F",D106="SL"),R106,0))) -> 0 | V106: =IF(AND(F106="V",D106="SL"),S106,0) -> 0 | W106: =SUM(T106:V106)*X106 -> 0 | X106: =IF(E106="-",-1,1) -> 1
...

Sheet ACTINV
B4: ACTIVIDADES DE INVESTIMENTO
B5: ='Balancete ano anterior'!C1 -> Empresa ABC, Lda.
B6: Ano | C6: ='Balancete Ano'!C2 -> 2014
B7: Mês | C7: ='Balancete Ano'!C3 -> Dezembro
B9: Recebimentos
B11: Investimentos financeiros
M12: Inicial | P12: Final | S12: Var F-I
B13: Conta | C13: Descrição | D13: Mov/Sld | E13: Sinal | F13: I/F/V | G13: Valor | H13: Ajuste | I13: Valor ajustado | M13: SD | N13: SC | O13: SL | P13: SD | Q13: SC | R13: SL | S13: V | T13: I | U13: F | V13: V | W13: Valor | X13: Sinal
B15: 6853 | C15: =VLOOKUP(B15,'Balancete Ano'!A$5:E$656,3,0) -> Alienações | D15: SL | E15: + | F15: F | G15: =W15 -> 0 | I15: =G15+H15 -> 0 | M15: =VLOOKUP(B15,'Balancete ano anterior'!A$5:E$656,4,0) -> 0 | N15: =VLOOKUP(B15,'Balancete ano anterior'!A$5:E$656,5,0) -> 0 | O15: =-(M15-N15) -> 0 | P15: =VLOOKUP(B15,'Balancete Ano'!A$5:E$656,4,0) -> 0 | Q15: =VLOOKUP(B15,'Balancete Ano'!A$5:E$656,5,0) -> 0 | R15: =-(P15-Q15) -> 0 | S15: =R15-O15 -> 0 | T15: =IF(AND(F15="I",D15="SD"),M15,IF(AND(F15="I",D15="SC"),N15,IF(AND(F15="I",D15="SL"),O15,0))) -> 0 | U15: =IF(AND(F15="F",D15="SD"),P15,IF(AND(F15="F",D15="SC"),Q15,IF(AND(F15="F",D15="SL"),R15,0))) -> 0 | V15: =IF(AND(F15="V",D15="SL"),S15,0) -> 0 | W15: =SUM(T15:V15)*X15 -> 0 | X15: =IF(E15="-",-1,1) -> 1
B16: 6862 | C16: =VLOOKUP(B16,'Balancete Ano'!A$5:E$656,3,0) -> Alienações | D16: SL | E16: + | F16: F | G16: =W16 -> 0 | I16: =G16+H16 -> 0 | M16: =VLOOKUP(B16,'Balancete ano anterior'!A$5:E$656,4,0) -> 0 | N16: =VLOOKUP(B16,'Balancete ano anterior'!A$5:E$656,5,0) -> 0 | O16: =-(M16-N16) -> 0 | P16: =VLOOKUP(B16,'Balancete Ano'!A$5:E$656,4,0) -> 0 | Q16: =VLOOKUP(B16,'Balancete Ano'!A$5:E$656,5,0) -> 0 | R16: =-(P16-Q16) -> 0 | S16: =R16-O16 -> 0 | T16: =IF(AND(F16="I",D16="SD"),M16,IF(AND(F16="I",D16="SC"),N16,IF(AND(F16="I",D16="SL"),O16,0))) -> 0 | U16: =IF(AND(F16="F",D16="SD"),P16,IF(AND(F16="F",D16="SC"),Q16,IF(AND(F16="F",D16="SL"),R16,0))) -> 0 | V16: =IF(AND(F16="V",D16="SL"),S16,0) -> 0 | W16: =SUM(T16:V16)*X16 -> 0 | X16: =IF(E16="-",-1,1) -> 1
B17: 41 | C17: =VLOOKUP(B17,EXTRA!$B$10:$D$49,2,0) -> Alienação de Investimentos financeiros – Valor de Aquisição | E17: + | G17: =VLOOKUP(B17,EXTRA!$B$10:$D$49,3,0)*X17 -> 0 | I17: =G17+H17 -> 0 | M17: =VLOOKUP(B17,'Balancete ano anterior'!A$5:E$656,4,0) -> #N/A | N17: =VLOOKUP(B17,'Balancete ano anterior'!A$5:E$656,5,0) -> #N/A | O17: =-(M17-N17) -> #N/A | P17: =VLOOKUP(B17,'Balancete Ano'!A$5:E$656,4,0) -> #N/A | Q17: =VLOOKUP(B17,'Balancete Ano'!A$5:E$656,5,0) -> #N/A | R17: =-(P17-Q17) -> #N/A | S17: =R17-O17 -> #N/A | T17: =IF(AND(F17="I",D17="SD"),M17,IF(AND(F17="I",D17="SC"),N17,IF(AND(F17="I",D17="SL"),O17,0))) -> 0 | U17: =IF(AND(F17="F",D17="SD"),P17,IF(AND(F17="F",D17="SC"),Q17,IF(AND(F17="F",D17="SL"),R17,0))) -> 0 | V17: =IF(AND(F17="V",D17="SL"),S17,0) -> 0 | W17: =SUM(T17:V17)*X17 -> 0 | X17: =IF(E17="-",-1,1) -> 1
B18: 419 | C18: =VLOOKUP(B18,EXTRA!$B$10:$D$49,2,0) -> Alienação de investimentos financeiros – Imparidades acumuladas | E18: - | G18: =VLOOKUP(B18,EXTRA!$B$10:$D$49,3,0)*X18 -> 0 | I18: =G18+H18 -> 0 | M18: =VLOOKUP(B18,'Balancete ano anterior'!A$5:E$656,4,0) -> #N/A | N18: =VLOOKUP(B18,'Balancete ano anterior'!A$5:E$656,5,0) -> #N/A | O18: =-(M18-N18) -> #N/A | P18: =VLOOKUP(B18,'Balancete Ano'!A$5:E$656,4,0) -> #N/A | Q18: =VLOOKUP(B18,'Balancete Ano'!A$5:E$656,5,0) -> #N/A | R18: =-(P18-Q18) -> #N/A | S18: =R18-O18 -> #N/A | T18: =IF(AND(F18="I",D18="SD"),M18,IF(AND(F18="I",D18="SC"),N18,IF(AND(F18="I",D18="SL"),O18,0))) -> 0 | U18: =IF(AND(F18="F",D18="SD"),P18,IF(AND(F18="F",D18="SC"),Q18,IF(AND(F18="F",D18="SL"),R18,0))) -> 0 | V18: =IF(AND(F18="V",D18="SL"),S18,0) -> 0 | W18: =SUM(T18:V18)*X18 -> 0 | X18: =IF(E18="-",-1,1) -> -1
B19: 7858 | C19: =VLOOKUP(B19,'Balancete Ano'!A$5:E$656,3,0) -> Outros rendimentos e ganhos | D19: SL | E19: + | F19: F | G19: =W19 -> 0 | I19: =G19+H19 -> 0 | M19: =VLOOKUP(B19,'Balancete ano anterior'!A$5:E$656,4,0) -> 0 | N19: =VLOOKUP(B19,'Balancete ano anterior'!A$5:E$656,5,0) -> 0 | O19: =-(M19-N19) -> 0 | P19: =VLOOKUP(B19,'Balancete Ano'!A$5:E$656,4,0) -> 0 | Q19: =VLOOKUP(B19,'Balancete Ano'!A$5:E$656,5,0) -> 0 | R19: =-(P19-Q19) -> 0 | S19: =R19-O19 -> 0 | T19: =IF(AND(F19="I",D19="SD"),M19,IF(AND(F19="I",D19="SC"),N19,IF(AND(F19="I",D19="SL"),O19,0))) -> 0 | U19: =IF(AND(F19="F",D19="SD"),P19,IF(AND(F19="F",D19="SC"),Q19,IF(AND(F19="F",D19="SL"),R19,0))) -> 0 | V19: =IF(AND(F19="V",D19="SL"),S19,0) -> 0 | W19: =SUM(T19:V19)*X19 -> 0 | X19: =IF(E19="-",-1,1) -> 1
B20: 7861 | C20: =VLOOKUP(B20,'Balancete Ano'!A$5:E$656,3,0) -> Diferenças de câmbio favoráveis | D20: SL | E20: + | F20: F | G20: =W20 -> 0 | I20: =G20+H20 -> 0 | M20: =VLOOKUP(B20,'Balancete ano anterior'!A$5:E$656,4,0) -> 0 | N20: =VLOOKUP(B20,'Balancete ano anterior'!A$5:E$656,5,0) -> 0 | O20: =-(M20-N20) -> 0 | P20: =VLOOKUP(B20,'Balancete Ano'!A$5:E$656,4,0) -> 0 | Q20: =VLOOKUP(B20,'Balancete Ano'!A$5:E$656,5,0) -> 0 | R20: =-(P20-Q20) -> 0 | S20: =R20-O20 -> 0 | T20: =IF(AND(F20="I",D20="SD"),M20,IF(AND(F20="I",D20="SC"),N20,IF(AND(F20="I",D20="SL"),O20,0))) -> 0 | U20: =IF(AND(F20="F",D20="SD"),P20,IF(AND(F20="F",D20="SC"),Q20,IF(AND(F20="F",D20="SL"),R20,0))) -> 0 | V20: =IF(AND(F20="V",D20="SL"),S20,0) -> 0 | W20: =SUM(T20:V20)*X20 -> 0 | X20: =IF(E20="-",-1,1) -> 1
B21: 7862 | C21: =VLOOKUP(B21,'Balancete Ano'!A$5:E$656,3,0) -> Alienações | D21: SL | E21: + | F21: F | G21: =W21 -> 0 | I21: =G21+H21 -> 0 | M21: =VLOOKUP(B21,'Balancete ano anterior'!A$5:E$656,4,0) -> 0 | N21: =VLOOKUP(B21,'Balancete ano anterior'!A$5:E$656,5,0) -> 0 | O21: =-(M21-N21) -> 0 | P21: =VLOOKUP(B21,'Balancete Ano'!A$5:E$656,4,0) -> 0 | Q21: =VLOOKUP(B21,'Balancete Ano'!A$5:E$656,5,0) -> 0 | R21: =-(P21-Q21) -> 0 | S21: =R21-O21 -> 0 | T21: =IF(AND(F21="I",D21="SD"),M21,IF(AND(F21="I",D21="SC"),N21,IF(AND(F21="I",D21="SL"),O21,0))) -> 0 | U21: =IF(AND(F21="F",D21="SD"),P21,IF(AND(F21="F",D21="SC"),Q21,IF(AND(F21="F",D21="SL"),R21,0))) -> 0 | V21: =IF(AND(F21="V",D21="SL"),S21,0) -> 0 | W21: =SUM(T21:V21)*X21 -> 0 | X21: =IF(E21="-",-1,1) -> 1
B22: 7868 | C22: =VLOOKUP(B22,'Balancete Ano'!A$5:E$656,3,0) -> Outros rendimentos e ganhos | D22: SL | E22: + | F22: F | G22: =W22 -> 0 | I22: =G22+H22 -> 0 | M22: =VLOOKUP(B22,'Balancete ano anterior'!A$5:E$656,4,0) -> 0 | N22: =VLOOKUP(B22,'Balancete ano anterior'!A$5:E$656,5,0) -> 0 | O22: =-(M22-N22) -> 0 | P22: =VLOOKUP(B22,'Balancete Ano'!A$5:E$656,4,0) -> 0 | Q22: =VLOOKUP(B22,'Balancete Ano'!A$5:E$656,5,0) -> 0 | R22: =-(P22-Q22) -> 0 | S22: =R22-O22 -> 0 | T22: =IF(AND(F22="I",D22="SD"),M22,IF(AND(F22="I",D22="SC"),N22,IF(AND(F22="I",D22="SL"),O22,0))) -> 0 | U22: =IF(AND(F22="F",D22="SD"),P22,IF(AND(F22="F",D22="SC"),Q22,IF(AND(F22="F",D22="SL"),R22,0))) -> 0 | V22: =IF(AND(F22="V",D22="SL"),S22,0) -> 0 | W22: =SUM(T22:V22)*X22 -> 0 | X22: =IF(E22="-",-1,1) -> 1
I23: =G23+H23 -> 0 | M23: =VLOOKUP(B23,'Balancete ano anterior'!A$5:E$656,4,0) -> #N/A | N23: =VLOOKUP(B23,'Balancete ano anterior'!A$5:E$656,5,0) -> #N/A | O23: =-(M23-N23) -> #N/A | P23: =VLOOKUP(B23,'Balancete Ano'!A$5:E$656,4,0) -> #N/A | Q23: =VLOOKUP(B23,'Balancete Ano'!A$5:E$656,5,0) -> #N/A | R23: =-(P23-Q23) -> #N/A | S23: =R23-O23 -> #N/A | T23: =IF(AND(F23="I",D23="SD"),M23,IF(AND(F23="I",D23="SC"),N23,IF(AND(F23="I",D23="SL"),O23,0))) -> 0 | U23: =IF(AND(F23="F",D23="SD"),P23,IF(AND(F23="F",D23="SC"),Q23,IF(AND(F23="F",D23="SL"),R23,0))) -> 0 | V23: =IF(AND(F23="V",D23="SL"),S23,0) -> 0 | W23: =SUM(T23:V23)*X23 -> 0 | X23: =IF(E23="-",-1,1) -> 1
I24: =G24+H24 -> 0 | M24: =VLOOKUP(B24,'Balancete ano anterior'!A$5:E$656,4,0) -> #N/A | N24: =VLOOKUP(B24,'Balancete ano anterior'!A$5:E$656,5,0) -> #N/A | O24: =-(M24-N24) -> #N/A | P24: =VLOOKUP(B24,'Balancete Ano'!A$5:E$656,4,0) -> #N/A | Q24: =VLOOKUP(B24,'Balancete Ano'!A$5:E$656,5,0) -> #N/A | R24: =-(P24-Q24) -> #N/A | S24: =R24-O24 -> #N/A | T24: =IF(AND(F24="I",D24="SD"),M24,IF(AND(F24="I",D24="SC"),N24,IF(AND(F24="I",D24="SL"),O24,0))) -> 0 | U24: =IF(AND(F24="F",D24="SD"),P24,IF(AND(F24="F",D24="SC"),Q24,IF(AND(F24="F",D24="SL"),R24,0))) -> 0 | V24: =IF(AND(F24="V",D24="SL"),S24,0) -> 0 | W24: =SUM(T24:V24)*X24 -> 0 | X24: =IF(E24="-",-1,1) -> 1
H25: Soma | I25: =SUM(I15:I24) -> 0 | M25: =VLOOKUP(B25,'Balancete ano anterior'!A$5:E$656,4,0) -> #N/A | N25: =VLOOKUP(B25,'Balancete ano anterior'!A$5:E$656,5,0) -> #N/A | O25: =-(M25-N25) -> #N/A | P25: =VLOOKUP(B25,'Balancete Ano'!A$5:E$656,4,0) -> #N/A | Q25: =VLOOKUP(B25,'Balancete Ano'!A$5:E$656,5,0) -> #N/A | R25: =-(P25-Q25) -> #N/A | S25: =R25-O25 -> #N/A | T25: =IF(AND(F25="I",D25="SD"),M25,IF(AND(F25="I",D25="SC"),N25,IF(AND(F25="I",D25="SL"),O25,0))) -> 0 | U25: =IF(AND(F25="F",D25="SD"),P25,IF(AND(F25="F",D25="SC"),Q25,IF(AND(F25="F",D25="SL"),R25,0))) -> 0 | V25: =IF(AND(F25="V",D25="SL"),S25,0) -> 0 | W25: =SUM(T25:V25)*X25 -> 0 | X25: =IF(E25="-",-1,1) -> 1
M26: =VLOOKUP(B26,'Balancete ano anterior'!A$5:E$656,4,0) -> #N/A | N26: =VLOOKUP(B26,'Balancete ano anterior'!A$5:E$656,5,0) -> #N/A | O26: =-(M26-N26) -> #N/A | P26: =VLOOKUP(B26,'Balancete Ano'!A$5:E$656,4,0) -> #N/A | Q26: =VLOOKUP(B26,'Balancete Ano'!A$5:E$656,5,0) -> #N/A | R26: =-(P26-Q26) -> #N/A | S26: =R26-O26 -> #N/A | T26: =IF(AND(F26="I",D26="SD"),M26,IF(AND(F26="I",D26="SC"),N26,IF(AND(F26="I",D26="SL"),O26,0))) -> 0 | U26: =IF(AND(F26="F",D26="SD"),P26,IF(AND(F26="F",D26="SC"),Q26,IF(AND(F26="F",D26="SL"),R26,0))) -> 0 | V26: =IF(AND(F26="V",D26="SL"),S26,0) -> 0 | W26: =SUM(T26:V26)*X26 -> 0 | X26: =IF(E26="-",-1,1) -> 1
B27: Activos fixos tangíveis | M27: =VLOOKUP(B27,'Balancete ano anterior'!A$5:E$656,4,0) -> #N/A | N27: =VLOOKUP(B27,'Balancete ano anterior'!A$5:E$656,5,0) -> #N/A | O27: =-(M27-N27) -> #N/A | P27: =VLOOKUP(B27,'Balancete Ano'!A$5:E$656,4,0) -> #N/A | Q27: =VLOOKUP(B27,'Balancete Ano'!A$5:E$656,5,0) -> #N/A | R27: =-(P27-Q27) -> #N/A | S27: =R27-O27 -> #N/A | T27: =IF(AND(F27="I",D27="SD"),M27,IF(AND(F27="I",D27="SC"),N27,IF(AND(F27="I",D27="SL"),O27,0))) -> 0 | U27: =IF(AND(F27="F",D27="SD"),P27,IF(AND(F27="F",D27="SC"),Q27,IF(AND(F27="F",D27="SL"),R27,0))) -> 0 | V27: =IF(AND(F27="V",D27="SL"),S27,0) -> 0 | W27: =SUM(T27:V27)*X27 -> 0 | X27: =IF(E27="-",-1,1) -> 1
M28: =VLOOKUP(B28,'Balancete ano anterior'!A$5:E$656,4,0) -> #N/A | N28: =VLOOKUP(B28,'Balancete ano anterior'!A$5:E$656,5,0) -> #N/A | O28: =-(M28-N28) -> #N/A | P28: =VLOOKUP(B28,'Balancete Ano'!A$5:E$656,4,0) -> #N/A | Q28: =VLOOKUP(B28,'Balancete Ano'!A$5:E$656,5,0) -> #N/A | R28: =-(P28-Q28) -> #N/A | S28: =R28-O28 -> #N/A | T28: =IF(AND(F28="I",D28="SD"),M28,IF(AND(F28="I",D28="SC"),N28,IF(AND(F28="I",D28="SL"),O28,0))) -> 0 | U28: =IF(AND(F28="F",D28="SD"),P28,IF(AND(F28="F",D28="SC"),Q28,IF(AND(F28="F",D28="SL"),R28,0))) -> 0 | V28: =IF(AND(F28="V",D28="SL"),S28,0) -> 0 | W28: =SUM(T28:V28)*X28 -> 0 | X28: =IF(E28="-",-1,1) -> 1
B29: Conta | C29: Descrição | D29: Mov/Sld | E29: Sinal | F29: I/F/V | G29: Valor | H29: Ajuste | I29: Valor ajustado | M29: =VLOOKUP(B29,'Balancete ano anterior'!A$5:E$656,4,0) -> #N/A | N29: =VLOOKUP(B29,'Balancete ano anterior'!A$5:E$656,5,0) -> #N/A | O29: =-(M29-N29) -> #N/A | P29: =VLOOKUP(B29,'Balancete Ano'!A$5:E$656,4,0) -> #N/A | Q29: =VLOOKUP(B29,'Balancete Ano'!A$5:E$656,5,0) -> #N/A | R29: =-(P29-Q29) -> #N/A | S29: =R29-O29 -> #N/A | T29: =IF(AND(F29="I",D29="SD"),M29,IF(AND(F29="I",D29="SC"),N29,IF(AND(F29="I",D29="SL"),O29,0))) -> 0 | U29: =IF(AND(F29="F",D29="SD"),P29,IF(AND(F29="F",D29="SC"),Q29,IF(AND(F29="F",D29="SL"),R29,0))) -> 0 | V29: =IF(AND(F29="V",D29="SL"),S29,0) -> 0 | W29: =SUM(T29:V29)*X29 -> 0 | X29: =IF(E29="-",-1,1) -> 1
M30: =VLOOKUP(B30,'Balancete ano anterior'!A$5:E$656,4,0) -> #N/A | N30: =VLOOKUP(B30,'Balancete ano anterior'!A$5:E$656,5,0) -> #N/A | O30: =-(M30-N30) -> #N/A | P30: =VLOOKUP(B30,'Balancete Ano'!A$5:E$656,4,0) -> #N/A | Q30: =VLOOKUP(B30,'Balancete Ano'!A$5:E$656,5,0) -> #N/A | R30: =-(P30-Q30) -> #N/A | S30: =R30-O30 -> #N/A | T30: =IF(AND(F30="I",D30="SD"),M30,IF(AND(F30="I",D30="SC"),N30,IF(AND(F30="I",D30="SL"),O30,0))) -> 0 | U30: =IF(AND(F30="F",D30="SD"),P30,IF(AND(F30="F",D30="SC"),Q30,IF(AND(F30="F",D30="SL"),R30,0))) -> 0 | V30: =IF(AND(F30="V",D30="SL"),S30,0) -> 0 | W30: =SUM(T30:V30)*X30 -> 0 | X30: =IF(E30="-",-1,1) -> 1
B31: 68713 | C31: =VLOOKUP(B31,'Balancete Ano'!A$5:E$656,3,0) -> Alienações em activos fixos tangíveis | D31: SL | E31: + | F31: F | G31: =W31 -> 0 | I31: =G31+H31 -> 0 | M31: =VLOOKUP(B31,'Balancete ano anterior'!A$5:E$656,4,0) -> 0 | N31: =VLOOKUP(B31,'Balancete ano anterior'!A$5:E$656,5,0) -> 0 | O31: =-(M31-N31) -> 0 | P31: =VLOOKUP(B31,'Balancete Ano'!A$5:E$656,4,0) -> 0 | Q31: =VLOOKUP(B31,'Balancete Ano'!A$5:E$656,5,0) -> 0 | R31: =-(P31-Q31) -> 0 | S31: =R31-O31 -> 0 | T31: =IF(AND(F31="I",D31="SD"),M31,IF(AND(F31="I",D31="SC"),N31,IF(AND(F31="I",D31="SL"),O31,0))) -> 0 | U31: =IF(AND(F31="F",D31="SD"),P31,IF(AND(F31="F",D31="SC"),Q31,IF(AND(F31="F",D31="SL"),R31,0))) -> 0 | V31: =IF(AND(F31="V",D31="SL"),S31,0) -> 0 | W31: =SUM(T31:V31)*X31 -> 0 | X31: =IF(E31="-",-1,1) -> 1
B32: 78713 | C32: =VLOOKUP(B32,'Balancete Ano'!A$5:E$656,3,0) -> Alienações em activos fixos tangíveis | D32: SL | E32: + | F32: F | G32: =W32 -> 0 | I32: =G32+H32 -> 0 | M32: =VLOOKUP(B32,'Balancete ano anterior'!A$5:E$656,4,0) -> 0 | N32: =VLOOKUP(B32,'Balancete ano anterior'!A$5:E$656,5,0) -> 0 | O32: =-(M32-N32) -> 0 | P32: =VLOOKUP(B32,'Balancete Ano'!A$5:E$656,4,0) -> 0 | Q32: =VLOOKUP(B32,'Balancete Ano'!A$5:E$656,5,0) -> 0 | R32: =-(P32-Q32) -> 0 | S32: =R32-O32 -> 0 | T32: =IF(AND(F32="I",D32="SD"),M32,IF(AND(F32="I",D32="SC"),N32,IF(AND(F32="I",D32="SL"),O32,0))) -> 0 | U32: =IF(AND(F32="F",D32="SD"),P32,IF(AND(F32="F",D32="SC"),Q32,IF(AND(F32="F",D32="SL"),R32,0))) -> 0 | V32: =IF(AND(F32="V",D32="SL"),S32,0) -> 0 | W32: =SUM(T32:V32)*X32 -> 0 | X32: =IF(E32="-",-1,1) -> 1
B33: 43 | C33: =VLOOKUP(B33,EXTRA!$B$10:$D$49,2,0) -> Alienação e abates de Activos fixos tangíveis – Valor de Aquisição | E33: + | G33: =VLOOKUP(B33,EXTRA!$B$10:$D$49,3,0)*X33 -> 0 | I33: =G33+H33 -> 0 | M33: =VLOOKUP(B33,'Balancete ano anterior'!A$5:E$656,4,0) -> #N/A | N33: =VLOOKUP(B33,'Balancete ano anterior'!A$5:E$656,5,0) -> #N/A | O33: =-(M33-N33) -> #N/A | P33: =VLOOKUP(B33,'Balancete Ano'!A$5:E$656,4,0) -> #N/A | Q33: =VLOOKUP(B33,'Balancete Ano'!A$5:E$656,5,0) -> #N/A | R33: =-(P33-Q33) -> #N/A | S33: =R33-O33 -> #N/A | T33: =IF(AND(F33="I",D33="SD"),M33,IF(AND(F33="I",D33="SC"),N33,IF(AND(F33="I",D33="SL"),O33,0))) -> 0 | U33: =IF(AND(F33="F",D33="SD"),P33,IF(AND(F33="F",D33="SC"),Q33,IF(AND(F33="F",D33="SL"),R33,0))) -> 0 | V33: =IF(AND(F33="V",D33="SL"),S33,0) -> 0 | W33: =SUM(T33:V33)*X33 -> 0 | X33: =IF(E33="-",-1,1) -> 1
B34: 438 | C34: =VLOOKUP(B34,EXTRA!$B$10:$D$49,2,0) -> Alienação e abates de Activos fixos tangíveis – Depreciações | E34: - | G34: =VLOOKUP(B34,EXTRA!$B$10:$D$49,3,0)*X34 -> 0 | I34: =G34+H34 -> 0 | M34: =VLOOKUP(B34,'Balancete ano anterior'!A$5:E$656,4,0) -> #N/A | N34: =VLOOKUP(B34,'Balancete ano anterior'!A$5:E$656,5,0) -> #N/A | O34: =-(M34-N34) -> #N/A | P34: =VLOOKUP(B34,'Balancete Ano'!A$5:E$656,4,0) -> #N/A | Q34: =VLOOKUP(B34,'Balancete Ano'!A$5:E$656,5,0) -> #N/A | R34: =-(P34-Q34) -> #N/A | S34: =R34-O34 -> #N/A | T34: =IF(AND(F34="I",D34="SD"),M34,IF(AND(F34="I",D34="SC"),N34,IF(AND(F34="I",D34="SL"),O34,0))) -> 0 | U34: =IF(AND(F34="F",D34="SD"),P34,IF(AND(F34="F",D34="SC"),Q34,IF(AND(F34="F",D34="SL"),R34,0))) -> 0 | V34: =IF(AND(F34="V",D34="SL"),S34,0) -> 0 | W34: =SUM(T34:V34)*X34 -> 0 | X34: =IF(E34="-",-1,1) -> -1
B35: 439 | C35: =VLOOKUP(B35,EXTRA!$B$10:$D$49,2,0) -> Alienação e abates de Activos fixos tangíveis – Imparidades acumuladas | E35: - | G35: =VLOOKUP(B35,EXTRA!$B$10:$D$49,3,0)*X35 -> 0 | I35: =G35+H35 -> 0 | M35: =VLOOKUP(B35,'Balancete ano anterior'!A$5:E$656,4,0) -> #N/A | N35: =VLOOKUP(B35,'Balancete ano anterior'!A$5:E$656,5,0) -> #N/A | O35: =-(M35-N35) -> #N/A | P35: =VLOOKUP(B35,'Balancete Ano'!A$5:E$656,4,0) -> #N/A | Q35: =VLOOKUP(B35,'Balancete Ano'!A$5:E$656,5,0) -> #N/A | R35: =-(P35-Q35) -> #N/A | S35: =R35-O35 -> #N/A | T35: =IF(AND(F35="I",D35="SD"),M35,IF(AND(F35="I",D35="SC"),N35,IF(AND(F35="I",D35="SL"),O35,0))) -> 0 | U35: =IF(AND(F35="F",D35="SD"),P35,IF(AND(F35="F",D35="SC"),Q35,IF(AND(F35="F",D35="SL"),R35,0))) -> 0 | V35: =IF(AND(F35="V",D35="SL"),S35,0) -> 0 | W35: =SUM(T35:V35)*X35 -> 0 | X35: =IF(E35="-",-1,1) -> -1
B36: 7872 | C36: =VLOOKUP(B36,'Balancete Ano'!A$5:E$656,3,0) -> Sinistros | D36: SL | E36: + | F36: F | G36: =W36 -> 0 | I36: =G36+H36 -> 0 | M36: =VLOOKUP(B36,'Balancete ano anterior'!A$5:E$656,4,0) -> 0 | N36: =VLOOKUP(B36,'Balancete ano anterior'!A$5:E$656,5,0) -> 0 | O36: =-(M36-N36) -> 0 | P36: =VLOOKUP(B36,'Balancete Ano'!A$5:E$656,4,0) -> 0 | Q36: =VLOOKUP(B36,'Balancete Ano'!A$5:E$656,5,0) -> 0 | R36: =-(P36-Q36) -> 0 | S36: =R36-O36 -> 0 | T36: =IF(AND(F36="I",D36="SD"),M36,IF(AND(F36="I",D36="SC"),N36,IF(AND(F36="I",D36="SL"),O36,0))) -> 0 | U36: =IF(AND(F36="F",D36="SD"),P36,IF(AND(F36="F",D36="SC"),Q36,IF(AND(F36="F",D36="SL"),R36,0))) -> 0 | V36: =IF(AND(F36="V",D36="SL"),S36,0) -> 0 | W36: =SUM(T36:V36)*X36 -> 0 | X36: =IF(E36="-",-1,1) -> 1
B37: 6873 | C37: =VLOOKUP(B37,'Balancete Ano'!A$5:E$656,3,0) -> Abates | D37: SL | E37: + | F37: F | G37: =W37 -> 0 | I37: =G37+H37 -> 0 | M37: =VLOOKUP(B37,'Balancete ano anterior'!A$5:E$656,4,0) -> 0 | N37: =VLOOKUP(B37,'Balancete ano anterior'!A$5:E$656,5,0) -> 0 | O37: =-(M37-N37) -> 0 | P37: =VLOOKUP(B37,'Balancete Ano'!A$5:E$656,4,0) -> 0 | Q37: =VLOOKUP(B37,'Balancete Ano'!A$5:E$656,5,0) -> 0 | R37: =-(P37-Q37) -> 0 | S37: =R37-O37 -> 0 | T37: =IF(AND(F37="I",D37="SD"),M37,IF(AND(F37="I",D37="SC"),N37,IF(AND(F37="I",D37="SL"),O37,0))) -> 0 | U37: =IF(AND(F37="F",D37="SD"),P37,IF(AND(F37="F",D37="SC"),Q37,IF(AND(F37="F",D37="SL"),R37,0))) -> 0 | V37: =IF(AND(F37="V",D37="SL"),S37,0) -> 0 | W37: =SUM(T37:V37)*X37 -> 0 | X37: =IF(E37="-",-1,1) -> 1
I38: =G38+H38 -> 0 | M38: =VLOOKUP(B38,'Balancete ano anterior'!A$5:E$656,4,0) -> #N/A | N38: =VLOOKUP(B38,'Balancete ano anterior'!A$5:E$656,5,0) -> #N/A | O38: =-(M38-N38) -> #N/A | P38: =VLOOKUP(B38,'Balancete Ano'!A$5:E$656,4,0) -> #N/A | Q38: =VLOOKUP(B38,'Balancete Ano'!A$5:E$656,5,0) -> #N/A | R38: =-(P38-Q38) -> #N/A | S38: =R38-O38 -> #N/A | T38: =IF(AND(F38="I",D38="SD"),M38,IF(AND(F38="I",D38="SC"),N38,IF(AND(F38="I",D38="SL"),O38,0))) -> 0 | U38: =IF(AND(F38="F",D38="SD"),P38,IF(AND(F38="F",D38="SC"),Q38,IF(AND(F38="F",D38="SL"),R38,0))) -> 0 | V38: =IF(AND(F38="V",D38="SL"),S38,0) -> 0 | W38: =SUM(T38:V38)*X38 -> 0 | X38: =IF(E38="-",-1,1) -> 1
I39: =G39+H39 -> 0 | M39: =VLOOKUP(B39,'Balancete ano anterior'!A$5:E$656,4,0) -> #N/A | N39: =VLOOKUP(B39,'Balancete ano anterior'!A$5:E$656,5,0) -> #N/A | O39: =-(M39-N39) -> #N/A | P39: =VLOOKUP(B39,'Balancete Ano'!A$5:E$656,4,0) -> #N/A | Q39: =VLOOKUP(B39,'Balancete Ano'!A$5:E$656,5,0) -> #N/A | R39: =-(P39-Q39) -> #N/A | S39: =R39-O39 -> #N/A | T39: =IF(AND(F39="I",D39="SD"),M39,IF(AND(F39="I",D39="SC"),N39,IF(AND(F39="I",D39="SL"),O39,0))) -> 0 | U39: =IF(AND(F39="F",D39="SD"),P39,IF(AND(F39="F",D39="SC"),Q39,IF(AND(F39="F",D39="SL"),R39,0))) -> 0 | V39: =IF(AND(F39="V",D39="SL"),S39,0) -> 0 | W39: =SUM(T39:V39)*X39 -> 0 | X39: =IF(E39="-",-1,1) -> 1
